 Dungeon Crawl Stone Soup version 0.30-a0-42-g806c11bf1d (webtiles) character file.

Game seed: 13058098216411597925

11174976 spiderkeys the Archmage (level 27, 291/291 HPs)
             Began as an Octopode Earth Elementalist on Aug 25, 2022.
             Was the Champion of Makhleb.
             Escaped with the Orb
             ... and 15 runes on Aug 30, 2022!
             The game lasted 07:20:34 (150669 turns).

spiderkeys the Archmage (OpEE)                    Turns: 150669, Time: 07:20:35

Health: 291/291    AC: 55    Str: 19    XL:     27
Magic:  81/81      EV: 31    Int: 44    God:    Makhleb [******]
Gold:   20481      SH: 25    Dex: 15    Spells: 9/80 levels left

rFire   + + +      SeeInvis +    P - +3 Elemental Staff {rElec rF++ rC++ AC+5}
rCold   + + +      Faith    .    V - +2 shield of Resistance {rF++ rC++ Will++}
rNeg    + + .      Spirit   .    K - +1 hat of Trumpets {rPois rN+ MP+9 Dex+4} rPois โˆž Reflect +
                                 Z - amulet of reflection
rElec   +          Harm     .    H - ring "Nunutida" {Will++ rCorr Slay+3}
rCorr   +          Rampage  .    v - ring "Zoacsa" {+Blink rF++ rC+ SInv Stlth-}
Will    +++++                    E - ring of Yredelemnul's Reproof {rElec Will- MP+9 EV+4 Str+8}
Stlth   +.........               d - ring "Ifefi" {rElec MP+9 Int+6 Dex-2}
HPRegen 1.38/turn                x - ring of Doczecle {Fly rPois Will- Int+6}
MPRegen 0.47/turn                f - ring of the Tortoise {AC+8}
                                 G - ring "Xihulees" {Wiz rF- Will+ Slay+5}
                                 i - ring "Unuilugo" {rElec AC+4 Int+3 Dex+4}

@: statue-form (expiring), flying, studying 6 skills, very slow
A: slow and powerful, torment resistance 1, boosted hp, almost no armour,
amphibious, 8 rings, camouflage 1, (gelatinous body 1), (nimble swimmer 1),
tentacles, tentacle spike 1, clumsy 2, regeneration 1, screaming 1, strong 1
0: Orb of Zot
}: 15/15 runes: barnacled, slimy, silver, golden, iron, obsidian, icy, bone,
abyssal, demonic, glowing, magical, fiery, dark, gossamer
a: End Transformation, Renounce Religion, Evoke Blink, Minor Destruction, Lesser
Servant of Makhleb, Major Destruction, Greater Servant of Makhleb


You escaped.
You worshipped Makhleb.
Makhleb was exalted by your worship.
You were a living statue of rough stone.
You visited 18 branches of the dungeon, and saw 88 of its levels.
You visited Pandemonium 2 times, and saw 20 of its levels.
You visited the Abyss 3 times.
You visited 1 bazaar.
You completed 2 ziggurats, and saw 54 of their levels.
You also visited: Bailey, Gauntlet, Volcano and Wizlab.

You collected 25951 gold pieces.
You spent 5470 gold pieces at shops.


Innate Abilities, Weirdness & Mutations

You are a living statue of rough stone.
Your actions are slow, but your melee attacks are powerful.
You are resistant to unholy torment.
Your maximum health is greatly increased.
You are immune to poison.
You cannot wear most types of armour.
You are amphibious.
You can wear up to eight rings at the same time.
Your skin changes colour to match your surroundings (Stealth+).
((Your rubbery body absorbs attacks. (AC +1, EV +1)))
((You are camouflaged when in or above water. (Stealth+)))
You have tentacles for arms and can constrict up to eight enemies at once.
One of your tentacles bears a spike.
You are very clumsy. (Dex -4)
Your natural rate of healing is unusually fast.
You occasionally shout uncontrollably at your foes.
Your muscles are strong. (Str +4, Int/Dex -1)


   Skills:
 O Level 27 Fighting
 * Level 26.6 Staves
 O Level 27 Throwing
 O Level 27 Dodging
 - Level 5.0 Stealth
 O Level 27 Shields
 O Level 27 Spellcasting
 - Level 22.0 Conjurations
 - Level 22.0 Necromancy
 - Level 10.0 Translocations
 - Level 14.0 Transmutations
 - Level 24.0 Fire Magic
 O Level 27 Air Magic
 - Level 25.0 Earth Magic
 - Level 8.0 Poison Magic
 - Level 20.0 Invocations
 - Level 25.3 Evocations


You had 9 spell levels left.
You knew the following spells:

 Your Spells              Type           Power      Damage    Failure   Level
b - Borgnjor's Vile Clut  Necr/Erth      79%        N/A       0%          5
c - Chain Lightning       Conj/Air       80%        3d106     1%          9
d - Dispel Undead         Necr           100%       3d31      0%          4
f - Statue Form           Tmut/Erth      99%        N/A       0%          6
i - Ignition              Fire           79%        3d21      1%          8
l - Lee's Rapid Deconstr  Erth           80%        3d37*     0%          5
n - Necromutation         Tmut/Necr      60%        N/A       1%          8
p - Passage of Golubria   Tloc           99%        N/A       1%          4
r - Shatter               Erth           80%        3d58*     1%          9
s - Iron Shot             Conj/Erth      79%        9d14      0%          6
B - Blink                 Tloc           100%       N/A       0%          2
I - Irradiate             Conj/Tmut      60%        3d31      0%          5

Your spell library contained the following spells:

 Spells                   Type           Power      Damage    Failure   Level
 Apportation              Tloc           100%       N/A       0%          1
 Beastly Appendage        Tmut           100%       N/A       0%          1
 Foxfire                  Conj/Fire      100%       2x1d9     0%          1
 Magic Dart               Conj           100%       1d8       0%          1
 Necrotise                Necr           100%       1d9       0%          1
 Sandblast                Erth           100%       2d20      0%          1
 Shock                    Conj/Air       100%       1d9       0%          1
 Sting                    Tmut/Pois      100%       1d8       0%          1
 Passwall                 Tmut/Erth      100%       N/A       0%          2
 Poisonous Vapours        Pois/Air       100%       N/A       0%          2
 Scorch                   Fire           100%       2d10      0%          2
 Searing Ray              Conj           100%       2d8       0%          2
 Static Discharge         Conj/Air       100%       3-10/arc  0%          2
 Sublimation of Blood     Necr           100%       N/A       0%          2
 Wereblood                Tmut           100%       N/A       0%          2
 Conjure Flame            Conj/Fire      100%       6-21      0%          3
 Dazzling Flash           Conj/Hex       100%       N/A       0%          3
 Gell's Gravitas          Tloc           99%        N/A       0%          3
 Ignite Poison            Fire/Tmut/Pois 100%       N/A       0%          3
 Inner Flame              Hex/Fire       100%       N/A       0%          3
 Lesser Beckoning         Tloc           99%        N/A       0%          3
 Mephitic Cloud           Conj/Pois/Air  100%       N/A       0%          3
 Spider Form              Tmut/Pois      100%       N/A       0%          3
 Stone Arrow              Conj/Erth      100%       3d13      0%          3
 Swiftness                Air            100%       N/A       0%          3
 Teleport Other           Tloc           99%        N/A       0%          3
 Vampiric Draining        Necr           100%       2d13      0%          3
 Airstrike                Air            82%        2d(12-28) 0%          4
 Animate Dead             Necr           100%       N/A       0%          4
 Corpse Rot               Necr/Pois/Air  100%       N/A       0%          4
 Flame Wave               Conj/Fire      100%       2d21      0%          4
 Iskenderun's Mystic Bla  Conj/Tloc      100%       2d19      0%          4
 Leda's Liquefaction      Hex/Erth       65%        N/A       0%          4
 Petrify                  Tmut/Erth      100%       N/A       0%          4
 Sticky Flame             Conj/Fire      100%       2d11      0%          4
 Summon Lightning Spire   Summ/Air       100%       N/A       0%          4
 Agony                    Necr           100%       N/A       0%          5
 Blade Hands              Tmut           55%        N/A       0%          5
 Fireball                 Conj/Fire      78%        3d29      0%          5
 Freezing Cloud           Conj/Ice/Air   83%        6-21      0%          5
 Iskenderun's Battlesphe  Conj           100%       2d15      0%          5
 Lightning Bolt           Conj/Air       80%        1d107     0%          5
 Conjure Ball Lightning   Conj/Air       80%        3x3d30    0%          6
 Death Channel            Necr           64%        N/A       0%          6
 Starburst                Conj/Fire      78%        6d20      0%          6
 Orb of Destruction       Conj           64%        9d15      0%          7
 Maxwell's Capacitive Co  Air            82%        โˆž       0%          8
 Freeze                   Ice            100%       1d11      1%          1
 Slow                     Hex            100%       N/A       1%          1
 Summon Small Mammal      Summ           100%       N/A       1%          1
 Call Imp                 Summ           56%        N/A       1%          2
 Ensorcelled Hibernation  Hex/Ice        100%       N/A       1%          2
 Call Canine Familiar     Summ           56%        N/A       1%          3
 Confusing Touch          Hex            56%        N/A       1%          3
 Frozen Ramparts          Ice            100%       1d16      1%          3
 Ozocubu's Armour         Ice            73%        N/A       1%          3
 Portal Projectile        Hex/Tloc       100%       N/A       1%          3
 Summon Guardian Golem    Hex/Summ       56%        N/A       1%          3
 Tukima's Dance           Hex            56%        N/A       1%          3
 Anguish                  Hex/Necr       51%        N/A       1%          4
 Cause Fear               Hex            28%        N/A       1%          4
 Fulminant Prism          Conj/Hex       51%        3d23      1%          4
 Hailstorm                Conj/Ice       100%       3d20      1%          4
 Ice Form                 Ice/Tmut       100%       N/A       1%          4
 Olgreb's Toxic Radiance  Pois           92%        N/A       1%          4
 Summon Ice Beast         Ice/Summ       73%        N/A       1%          4
 Alistair's Intoxication  Tmut/Pois      68%        N/A       1%          5
 Manifold Assault         Tloc           99%        N/A       1%          5
 Silence                  Hex/Air        66%        N/A       1%          5
 Summon Forest            Summ/Tloc      40%        N/A       1%          5
 Yara's Violent Unravell  Hex/Tmut       44%        3d17      1%          5
 Dispersal                Tloc           49%        N/A       1%          6
 Eringya's Noxious Bog    Tmut/Pois      51%        N/A       1%          6
 Simulacrum               Ice/Necr       62%        N/A       1%          6
 Dragon Form              Tmut           55%        N/A       1%          7
 Haunt                    Necr/Summ      51%        N/A       1%          7
 Spellforged Servitor     Conj/Summ      51%        N/A       1%          7
 Storm Form               Tmut/Air       75%        N/A       1%          7
 Borgnjor's Revivificati  Necr           64%        N/A       1%          8
 Infestation              Necr           64%        N/A       1%          8
 Lehudib's Crystal Spear  Conj/Erth      79%        10d18     1%          8
 Death's Door             Necr           64%        N/A       1%          9
 Fire Storm               Conj/Fire      78%        8d20      1%          9
 Metabolic Englaciation   Hex/Ice        36%        N/A       2%          5
 Summon Mana Viper        Hex/Summ       56%        N/A       2%          5
 Malign Gateway           Summ/Tloc      40%        N/A       11%         7
 Disjunction              Tloc           49%        N/A       11%         8
 Summon Cactus Giant      Summ           28%        N/A       14%         6
 Enfeeble                 Hex            28%        N/A       58%         7
 Monstrous Menagerie      Summ           28%        N/A       58%         7
 Ozocubu's Refrigeration  Ice            36%        4d15      58%         7
 Summon Hydra             Summ           28%        N/A       58%         7
 Discord                  Hex            28%        N/A       99%         8
 Summon Horrible Things   Summ           28%        N/A       99%         8
 Dragon's Call            Summ           28%        N/A       100%        9
 Polar Vortex             Ice            36%        N/A       100%        9
 Animate Armour           Summ/Erth      Unusable   N/A       N/A         4

Inventory:

Hand Weapons
 L - a +9 spectral demon trident
   (You took it off a merfolk impaler on level 3 of the Shoals)
 P - the +3 Elemental Staff (weapon) {rElec rF++ rC++ AC+5}
   (You found it on level 12 of a ziggurat)

   If the wielder is skilled in Evocations, they can discharge powerful blasts
   of elemental energy when striking with it.
   It enhances your fire, ice, earth and air magic.
   AC:        It affects your AC (+5).
   rF:        It greatly protects you from fire.
   rC:        It greatly protects you from cold.
   rElec:     It insulates you from electricity.
Missiles
 U - 38 silver javelins
Armour
 K - the +1 hat of Trumpets (worn) {rPois rN+ MP+9 Dex+4}
   (You acquired it on level 4 of the Dungeon)

   Dex:       It affects your dexterity (+4).
   rPois:     It protects you from poison.
   rN:        It protects you from negative energy.
   MP:        It affects your magic capacity (+9).
 Q - the -2 hat of the Alchemist {rElec rPois rF+ rC+ rN+ Will+ rMut rCorr}
   (You acquired it on level 16 of a ziggurat)

   rF:        It protects you from fire.
   rC:        It protects you from cold.
   rElec:     It insulates you from electricity.
   rPois:     It protects you from poison.
   rN:        It protects you from negative energy.
   rCorr:     It protects you from acid and corrosion.
   rMut:      It protects you from mutation.
   Will:      It increases your willpower.
 V - the +2 shield of Resistance (worn) {rF++ rC++ Will++}
   (You took it off a minotaur in a Gauntlet)

   rF:        It greatly protects you from fire.
   rC:        It greatly protects you from cold.
   Will:      It greatly increases your willpower.
Jewellery
 d - the ring "Ifefi" (on tentacle) {rElec MP+9 Int+6 Dex-2}
   (You found it on level 20 of a ziggurat)

   [ring of magical power]

   Int:       It affects your intelligence (+6).
   Dex:       It affects your dexterity (-2).
   rElec:     It insulates you from electricity.
   MP:        It affects your magic capacity (+9).
 f - the ring of the Tortoise (on tentacle) {AC+8}
   (You took it off a deep elf sorcerer on level 3 of the Elven Halls)

   [ring of protection]

   AC:        It affects your AC (+8).
 i - the ring "Unuilugo" (on tentacle) {rElec AC+4 Int+3 Dex+4}
   (You found it on level 7 of Tartarus)

   [ring of protection]

   AC:        It affects your AC (+4).
   Int:       It affects your intelligence (+3).
   Dex:       It affects your dexterity (+4).
   rElec:     It insulates you from electricity.
 v - the ring "Zoacsa" (right tentacle) {+Blink rF++ rC+ SInv Stlth-}
   (You bought it in a shop on level 2 of the Orcish Mines)

   [ring of see invisible]

   rF:        It greatly protects you from fire.
   rC:        It protects you from cold.
   SInv:      It lets you see invisible.
   +Blink:    It lets you blink.
   Stlth:     It makes you less stealthy.
 x - the ring of Doczecle (on tentacle) {Fly rPois Will- Int+6}
   (You found it on level 5 of the Pits of Slime)

   [ring of flight]

   Int:       It affects your intelligence (+6).
   rPois:     It protects you from poison.
   Fly:       It grants you flight.
   Will:      It decreases your willpower.
 E - the ring of Yredelemnul's Reproof (on tentacle) {rElec Will- MP+9 EV+4 Str+8}
   (You found it on level 8 of a ziggurat)

   [ring of evasion]

   EV:        It affects your evasion (+4).
   Str:       It affects your strength (+8).
   rElec:     It insulates you from electricity.
   MP:        It affects your magic capacity (+9).
   Will:      It decreases your willpower.
 F - an amulet of magic regeneration
   (You found it on level 25 of a ziggurat)
 G - the ring "Xihulees" (on tentacle) {Wiz rF- Will+ Slay+5}
   (You found it on level 4 of a ziggurat)

   [ring of wizardry]

   It improves your spell success rate.
   Slay:      It affects your accuracy & damage with ranged weapons and melee
   (+5).
   rF:        It makes you vulnerable to fire.
   Will:      It increases your willpower.
 H - the ring "Nunutida" (left tentacle) {Will++ rCorr Slay+3}
   (You acquired it on level 1 of the Shoals)

   [ring of resist corrosion]

   Slay:      It affects your accuracy & damage with ranged weapons and melee
   (+3).
   rCorr:     It protects you from acid and corrosion.
   Will:      It greatly increases your willpower.
 O - the ring of Fallacy {rN+ Str+2 Int+2 Dex-2 Slay+5 SInv}
   (You found it on level 26 of a ziggurat)

   [ring of positive energy]

   Str:       It affects your strength (+2).
   Int:       It affects your intelligence (+2).
   Dex:       It affects your dexterity (-2).
   Slay:      It affects your accuracy & damage with ranged weapons and melee
   (+5).
   rN:        It protects you from negative energy.
   SInv:      It lets you see invisible.
 S - the ring of Oter {EV+4 Int+8}
   (You found it on level 18 of a ziggurat)

   [ring of evasion]

   EV:        It affects your evasion (+4).
   Int:       It affects your intelligence (+8).
 W - a ring of the Octopus King {HP+2 MP+9 AC+2 EV+2 SH+2}
   (You found it on level 27 of a ziggurat)

   [ring of magical power]

   AC:        It affects your AC (+2).
   EV:        It affects your evasion (+2).
   HP:        It affects your health (+2).
   MP:        It affects your magic capacity (+9).
   SH:        It affects your SH (+2).
 Z - an amulet of reflection (around mantle)
   (You found it on level 4 of the Vaults)
Wands
 r - a wand of digging (13)
   (You found it on level 3 of the Lair of Beasts)
 t - a wand of acid (41)
   (You found it on level 3 of the Shoals)
Scrolls
 c - 13 scrolls of torment {!r}
 e - 19 scrolls of vulnerability {!r!r}
 g - 39 scrolls of butterflies
 l - 18 scrolls of immolation {!r!r}
 n - 16 scrolls of magic mapping {!r}
 w - 3 scrolls of summoning
 B - 20 scrolls of amnesia
 J - 19 scrolls of fear
 R - 69 scrolls of teleportation {@r4}
 T - 19 scrolls of poison {!r}
 X - 24 scrolls of blinking {!r}
Potions
 a - 4 potions of magic
 b - 13 potions of haste {@q3}
 h - 14 potions of lignification {!q}
 j - 10 potions of brilliance
 k - 13 potions of might
 m - 55 potions of mutation {!q}
 o - 16 potions of attraction {!q}
 p - 10 potions of berserk rage {!q}
 u - 46 potions of curing {@q1}
 z - 23 potions of ambrosia
 C - 6 potions of cancellation
 D - 18 potions of heal wounds {@q2}
 M - 6 potions of invisibility
Miscellaneous
 q - 2 +2 figurines of a ziggurat
 s - a phial of floods
   (You found it on level 2 of the Shoals)
 y - the horn of Geryon
   (You took it off Geryon in the Vestibule of Hell)
 A - a tin of tremorstones (2/2)
   (You found it on level 3 of the Shoals)
 I - a phantom mirror
   (You found it on level 3 of the Elven Halls)
 N - a condenser vane
   (You found it on level 4 of the Shoals)
 Y - a box of beasts
   (You found it in a Gauntlet)

Dungeon Overview and Level Annotations

Branches:
Dungeon (15/15)            Temple (1/1) D:4            Lair (5/5) D:11
 Shoals (4/4) Lair:2       Spider (4/4) Lair:2        Slime (5/5) Lair:5
    Orc (2/2) D:12            Elf (3/3) Orc:2        Vaults (5/5) D:14
  Crypt (3/3) Vaults:2       Tomb (3/3) Crypt:3      Depths (4/4) D:15
   Hell (visited)             Dis (7/7) Hell            Geh (7/7) Hell
    Coc (7/7) Hell            Tar (7/7) Hell            Zot (5/5) Depths:4
 Bailey (visited)         Volcano (visited)          WizLab (visited)
Gauntlet (visited)

Altars:
Ashenzari
Cheibriados
Dithmenos
Elyvilon
Fedhas
Gozag
Hepliaklqana
Kikubaaqudgha
Makhleb
Nemelex Xobeh
Okawaru
Qazlal
Ru
Sif Muna
Trog
Uskayaw
Vehumet
Wu Jian
Xom
Yredelemnul
Zin
The Shining One
Lugonu

Shops:
D:5 [   D:6 ?   D:8 :   D:15 :   Orc:1 *   Orc:2 [(=*[   Elf:1 *   Elf:2 (
Elf:3 [   Shoals:1 (   Vaults:2 =

Portals:
Hell: Depths:1 Depths:3 Depths:4
Abyss: Depths:2 Depths:3 Depths:4
Pandemonium: Depths:2

Annotations:
D:8 3 runed translucent doors, exclusion: oklob plant, SirDiesAlot's ghost, novice DEEE
Geh:5 12 runed translucent doors

...##.##......##.#####.....#.###.
####...#.##...##.#>#####...#.##..
.....#...##...##.....#####.......
####...#.#######.......########..
##.##.# ###......#..# #.. #.#..#
######.......#####. #.#..#
##...####....##..... #.#..#
#....>#.####'##.###. ##.####
#.#8.......#..#.###.
####...#######.###...............
..รท..#.................#####.....
####...###########.###...........
...##.## #.# ####........ ...####
#.######...##... ####
#......#...##... ######.#...##...
#########.#...##...


There were no monsters in sight!


Message History

A door shatters!
Ka-crash! ๐Ÿ˜Ž MP[-9]
You lost 9 mp, and now have 72/81 mp. ๐Ÿ˜Ž MP[+1]
Casting: Shatter (mildly dangerous; 1% risk of failure)
Confirm with . or Enter, or press ? or * to list all spells.
You feel a surge of power!
The dungeon rumbles!
You kill the Hell Sentinel!
Makhleb accepts your kill.
Ka-crash! ๐Ÿ˜Ž MP[-9]
You lost 9 mp, and now have 64/81 mp. ๐Ÿ˜Ž MP[+1] ๐Ÿ˜Ž MP[+1]
You see here a +0 war axe. ๐Ÿ˜Ž MP[+1]
There is a stone staircase leading up here.
You fly upwards.
There is a stone staircase leading down here. ๐Ÿ˜Ž MP[+1]
There is a stone staircase leading up here. ๐Ÿ˜Ž MP[+12]
You regained 12 mp, and now have 80/81 mp.
You fly upwards.
There is a stone staircase leading down here. ๐Ÿ˜Ž MP[+1]
Your mp is fully restored (81).
Your transformation is almost over.
An Orb Guardian comes into view.
The Orb Guardian barely misses you. You block the Orb Guardian's attack.
The Orb Guardian completely misses you.
The Orb Guardian attacks as you move away!
You block the Orb Guardian's attack.
The Orb Guardian attacks as you move away!
The Orb Guardian hits you but does no damage.
You feel yourself come back to life.
Casting: Shatter (mildly dangerous; 1% risk of failure)
Confirm with . or Enter, or press ? or * to list all spells.
Aiming: Iron Shot (safe; 0% risk of failure)
Press: ? - help, Shift-Dir - straight line, f - Orb Guardian
Aim: an Orb Guardian (76% to hit)
You feel a surge of power!
The iron shot hits the Orb Guardian!!!
The Orb Guardian hits you but does no damage.
You block the Orb Guardian's attack. ๐Ÿ˜Ž MP[-6]
You lost 6 mp, and now have 75/81 mp.
Casting: Iron Shot (safe; 0% risk of failure)
Confirm with . or Enter, or press ? or * to list all spells.
Aiming: Iron Shot (safe; 0% risk of failure)
Press: ? - help, Shift-Dir - straight line, f/p - Orb Guardian
Aim: an Orb Guardian (heavily wounded, 76% to hit)
You feel a surge of power!
The iron shot hits the Orb Guardian!!!!
You kill the Orb Guardian!
Makhleb accepts your kill. ๐Ÿ˜Ž MP[-5]
You lost 5 mp, and now have 70/81 mp.
There is an open door, spattered with blood here. ๐Ÿ˜Ž MP[+1] ๐Ÿ˜Ž MP[+1]
An Orb Guardian comes into view.
Items here: ))) [[.
There is a stone staircase leading up, spattered with blood here. ๐Ÿ˜Ž MP[+1]
You fly upwards.
There is a stone staircase leading down here. ๐Ÿ˜Ž MP[+1]
An Orb Guardian comes into view.
There is a stone staircase leading up here. ๐Ÿ˜Ž MP[+3]
You regained 3 mp, and now have 77/81 mp.
You fly upwards.
There is a stone staircase leading down here. ๐Ÿ˜Ž MP[+1]
There is a stone staircase leading down here.
A soul eater comes into view.
There is a stone staircase leading up here. ๐Ÿ˜Ž MP[+3]
Your mp is fully restored (81).
Casting: Iron Shot (safe; 0% risk of failure)
Confirm with . or Enter, or press ? or * to list all spells.
You feel a surge of power!
You turn into a living statue of rough stone. ๐Ÿ˜Ž HP[+67] MP[-6]
You now have 291 max hp (+67).
Your hp is fully restored (291).
You lost 6 mp, and now have 75/81 mp.
You fly upwards.
There is a stone staircase leading down here. ๐Ÿ˜Ž MP[+2]
You regained 2 mp, and now have 77/81 mp.
There is a stone staircase leading up here. ๐Ÿ˜Ž MP[+4]
Your mp is fully restored (81).
You fly upwards.
There is a stone staircase leading down here.
Your transformation is almost over.
There is a staircase leading out of the dungeon here.
You have escaped!

Skill      XL: |  1  2  3  4  5  6  7  8  9 10 11 12 13 14 15 16 17 18 19 20 21 22 23 24 25 26 27 |
---------------+----------------------------------------------------------------------------------+-----
Stealth        | 3 4 5 |  5.0
Conjurations   | 1 2 3 4 6 7 8 11 14 22 | 22.0
Spellcasting   | 3 4 6 7 8 10 12 14 17 18 27 | 27.0
Earth Magic    | 4 5 6 8 9 10 12 13 14 15 16 17 21 25 | 25.0
Invocations    | 4 7 8 11 12 13 14 15 20 | 20.0
Transmutations | 5 8 10 11 12 14 | 14.0
Fighting       | 3 6 7 8 10 13 14 27 | 27.0
Dodging        | 4 5 8 10 27 | 27.0
Shields        | 1 5 8 10 27 | 27.0
Poison Magic   | 3 4 8 |  8.0
Fire Magic     | 9 14 18 20 21 22 24 | 24.0
Necromancy     | 6 9 12 15 16 22 | 22.0
Evocations     | 4 25 | 25.3
Translocations | 10 | 10.0
Throwing       | 27 | 27.0
Air Magic      | 27 | 27.0
Staves         | 26 | 26.6

Action                   |  1- 3 |  4- 6 |  7- 9 | 10-12 | 13-15 | 16-18 | 19-21 | 22-24 | 25-27 || total
-------------------------+-------+-------+-------+-------+-------+-------+-------+-------+-------++-------
Melee: Unarmed           |     7 |       |       |       |       |       |       |       |       ||     7
       Constrict         |     3 |     7 |     3 |     7 |    60 |   143 |    85 |    82 |   556 ||   946
       Dagger            |     6 |       |       |       |       |       |       |       |       ||     6
       Hand axe          |     2 |     5 |       |       |   299 |   848 |   617 |   558 |  1087 ||  3416
       Tentacles         |     1 |     6 |     4 |     7 |   107 |   283 |   236 |   226 |  1782 ||  2652
       Flail             |       |    16 |     9 |       |       |       |       |       |       ||    25
       Punch             |       |     1 |       |       |     7 |    13 |    11 |    20 |   132 ||   184
       Rapier            |       |       |       |    42 |    77 |       |       |       |       ||   119
       Staff             |       |       |       |       |       |       |       |       |  3172 ||  3172
       Kick              |       |       |       |       |       |       |       |       |   863 ||   863
Throw: Dart              |       |       |     3 |     2 |       |       |       |       |       ||     5
       Stone             |       |       |     1 |       |       |       |       |       |       ||     1
       Throwing net      |       |       |       |     2 |       |       |       |       |       ||     2
       Boomerang         |       |       |       |       |     1 |       |       |       |       ||     1
 Cast: Sandblast         |    51 |    76 |    52 |    37 |       |     2 |       |       |       ||   218
       Stone Arrow       |       |     2 |    95 |   195 |   116 |   240 |   224 |    10 |       ||   882
       Lee's Rapid Decon |       |       |       |    80 |    51 |   150 |    66 |    75 |   107 ||   529
       Leda's Liquefacti |       |       |       |     3 |       |       |       |       |       ||     3
       Statue Form       |       |       |       |     7 |    64 |   151 |   124 |   108 |   509 ||   963
       Olgreb's Toxic Ra |       |       |       |       |    24 |    62 |    49 |       |       ||   135
       Borgnjor's Vile C |       |       |       |       |       |    37 |    19 |    10 |     6 ||    72
       Yara's Violent Un |       |       |       |       |       |     4 |     7 |    19 |     8 ||    38
       Ignition          |       |       |       |       |       |       |   126 |    99 |   523 ||   748
       Sublimation of Bl |       |       |       |       |       |       |    12 |       |       ||    12
       Iron Shot         |       |       |       |       |       |       |       |    91 |  1015 ||  1106
       Dispel Undead     |       |       |       |       |       |       |       |    32 |    99 ||   131
       Necromutation     |       |       |       |       |       |       |       |       |    85 ||    85
       Chain Lightning   |       |       |       |       |       |       |       |       |   190 ||   190
       Shatter           |       |       |       |       |       |       |       |       |   177 ||   177
       Irradiate         |       |       |       |       |       |       |       |       |   113 ||   113
Invok: Lesser Servant of |       |       |       |     3 |     1 |       |       |       |       ||     4
       Major Destruction |       |       |       |     1 |     1 |    12 |    10 |       |    23 ||    47
       Greater Servant o |       |       |       |       |       |     4 |     1 |     2 |     9 ||    16
       Minor Destruction |       |       |       |       |       |     5 |       |       |       ||     5
 Abil: End Transformatio |       |       |       |       |       |     2 |     1 |     1 |     5 ||     9
Evoke: Wand              |       |       |     4 |    11 |       |     9 |     2 |     1 |    13 ||    40
       Box of beasts     |       |       |       |       |     1 |     1 |       |     1 |       ||     3
       Phial of floods   |       |       |       |       |       |       |     1 |       |     1 ||     2
       Phantom mirror    |       |       |       |       |       |       |       |     1 |     1 ||     2
       Condenser vane    |       |       |       |       |       |       |       |     1 |       ||     1
       Tin of tremorston |       |       |       |       |       |       |       |       |     5 ||     5
       Horn of Geryon    |       |       |       |       |       |       |       |       |     1 ||     1
       Figurine of a zig |       |       |       |       |       |       |       |       |     1 ||     1
  Use: Scroll            |     1 |     7 |     3 |     7 |     7 |    12 |    18 |     6 |    44 ||   105
       Potion            |     1 |     1 |       |     9 |     2 |     4 |     2 |     1 |    48 ||    68
 Stab: Sleeping          |     1 |       |     2 |     2 |     5 |     3 |     6 |     4 |     6 ||    29
       Distracted        |       |       |       |       |     1 |       |       |     1 |    18 ||    20
       Invisible         |       |       |       |       |       |     2 |       |       |       ||     2
Armor: Skin              |       |     6 |       |    30 |   556 |   977 |   543 |   593 |  4373 ||  7078
Dodge: Dodged            |    23 |    44 |    31 |   135 |   640 |  2012 |  1141 |   558 |  6102 || 10686
Block: Kite shield       |       |       |       |    26 |   712 |  1891 |  1021 |   950 |  7752 || 12352
       Reflection        |       |       |       |       |       |       |       |    48 |   246 ||   294

Levels and vault maps discovered:
D:1:      dpeg_arrival_long_road, layout_basic,
          dreamdust_ecumenical_altar_grove, hangedman_decor_push,
          minmay_misc_feat_alley, hangedman_feature_mirror,
          minmay_misc_feat_tower, chequers_jeans
D:2:      layout_loops_ring
D:3:      layout_rooms, minmay_fountain_box, chequers_serial_rivers_room_b,
          uniq_ijyb
D:4:      layout_cave_pools, makhleb_heckhound_becter,
          minmay_temple_entry_antechambers
D:5:      layout_basic, serial_shops, shop, gup_sewer_entry_spiral,
          minivault_25, minmay_bent
D:6:      layout_loops_corners, dancing_weapons_uskayaw,
          nicolae_ru_path_of_blood, amcnicky_altar_gilded, serial_shops,
          nicolae_square_shop
D:7:      layout_basic, grunt_temple_overflow_cloverleaf
D:8:      layout_rooms, tgw_fedhas, nicolae_yredelemnul_ghost_church,
          serial_shops, shop, grunt_ministairs_8
D:9:      layout_roguey [special_room_bee], nemelex_xobeh_ov_fountains_minmay,
          nicolae_vehumet_radiance, lemuel_zombie_altar_kikubaaqudgha
D:10:     minmay_general_purpose_star, layout_cave_pools, enter_bailey_4,
          water_maze_lemuel
D:11:     layout_loops_ring, grunt_lair_entry_orc_guard_hut, uniq_amaemon,
          uniq_grum
D:12:     layout_loops_ring, david_orc_1_choice, gauntlet_entry_generic
D:13:     minmay_mutant_horseshoe, layout_rooms, led_xom_imps
D:14:     layout_small_grid, hangedman_vaults_entry_quadrant_bands, uniq_louise,
          uniq_kirke
D:15:     gammafunk_enter_depths_forms, layout_rooms, serial_shops,
          shop_fountains, patterned_corridor, ebering_ghost_reflecting_pool
Temple:   corrupted_temple
Lair:1:   gammafunk_indiana_jones, layout_regular_city
Lair:2:   layout_chaotic_city, minmay_shoals_entry_lonely_mermaid,
          dummy_spider_entry, kennysheep_rathole, uniq_harold
Lair:3:   layout_roguey [special_room_mythical_zoo], serial_bayou_crossing,
          grunt_megastairs_4, uniq_gastronok
Lair:4:   layout_roguey, minmay_lair_drake_nest
Lair:5:   hangedman_lair_tendril_chambers, layout_regular_city, wormcave,
          dpeg_slime_entry_enclosed, basic_altar,
          nicolae_quartered_pool_impasse, grunt_megastairs_5
Shoals:1: layout_shoals, serial_shops, nicolae_shop_hallway_stairs,
          ebering_ghost_xom, uniq_frances
Shoals:2: layout_shoals, nicolae_shoals_loop_pool
Shoals:3: layout_shoals, nicolae_shoals_nymph_descending_staircase
Shoals:4: shoals_end_hangedman, layout_shoals
Spider:1: layout_spider_delve
Spider:2: nicolae_spider_hilbert_zone_2 [nicolae_spider_hilbert_4_sides_1_open,
          nicolae_spider_hilbert_4_sides_1_open,
          nicolae_spider_hilbert_4_sides_1_open,
          nicolae_spider_hilbert_4_sides_1_open,
          nicolae_spider_hilbert_6_sides_1_open,
          nicolae_spider_hilbert_6_sides_1_open,
          nicolae_spider_hilbert_3_sides_1_open,
          nicolae_spider_hilbert_3_sides_1_open,
          nicolae_spider_hilbert_3_sides_1_open,
          nicolae_spider_hilbert_3_sides_1_open,
          nicolae_spider_hilbert_6_sides_1_open,
          nicolae_spider_hilbert_6_sides_1_open,
          nicolae_spider_hilbert_6_sides_1_open,
          nicolae_spider_hilbert_6_sides_1_open],
          nicolae_spider_not_touching_you, uniq_mlioglotl
Spider:3: layout_cave_pods
Spider:4: floodkiller_spider_rune_tomb, nicolae_spider_cling_ruins, drop_trap
Slime:1:  layout_caves
Slime:2:  layout_caves
Slime:3:  layout_caves, dissolution_awaits
Slime:4:  layout_caves, cheibrodos_slime_lost_civilization_7
Slime:5
Orc:1:    layout_diamond_mine, basic_altar, enter_volcano_1, special_room
          [special_room_kobold], nicolae_shop_overcharged_wands, uniq_urug
Orc:2:    grunt_orc_gardens, layout_diamond_mine, grunt_orc_garden,
          grunt_orc_garden, grunt_orc_garden, grunt_orc_garden, serial_shops,
          nicolae_diamond_shop, mines3_lemuel, uniq_saint_roka
Elf:1:    nicolae_elf_arrival_aired_out, layout_loops_corners, serial_shops,
          shop, minmay_elf_annihilation, lemuel_flame_loot_1
Elf:2:    nicolae_elf_blades_crystal_corner, layout_loops_corners, serial_shops,
          nicolae_shop_advertising_works [nicolae_subvault_shop_adworks],
          serial_aquarium, aquarium_bridge_square [aquarium_subvault_balcony,
          aquarium_subvault_bridge, aquarium_subvault_wall,
          aquarium_subvault_bridge], aquarium_window_corner, aquarium_window_1,
          aquarium_window_2, aquarium_view_2b, aquarium_view_2f
Elf:3:    elf_hall_gauntlet_wide, layout_gridlike, serial_shops,
          nicolae_diamond_shop, onia_ninara_cookie, uniq_nikola
Vaults:1: v_pattern_5, grunt_vaults_bifocal, vaults_dpeg_emergency_exit,
          nicolae_vaults_c_with_doors, v_misc_5,
          nicolae_vaults_little_squares_4, v_misc_13,
          nicolae_vaults_bisected_slash, ontoclasm_vaults_fault, v_rooms_4,
          nicolae_vaults_border_crossing, v_misc_1, layout_vaults_ring
Vaults:2: minmay_crypt_entry_simple_box, vaults_room_corners,
          ontoclasm_vaults_claustrophobia, nicolae_vaults_three_branches,
          vaults_room_pools, layout_vaults_omnigrid, serial_shops,
          shop_fountains, uniq_mara
Vaults:3: hangedman_vaults_nails, v_misc_26, ontoclasm_vaults_spin, st_cells,
          vaults_dpeg_hooks, vaults_room_boxed,
          nicolae_vaults_diagonal_hallway_6, v_alt_pattern_1, v_misc_9,
          hangedman_vaults_slice, nicolae_vaults_diagonal_hallway_6,
          ontoclasm_vaults_twist, layout_vaults_big_room
Vaults:4: lightli_enter_wizlab_magi_temple, nicolae_vaults_little_squares_6,
          ontoclasm_vaults_pinch, st_hourglassy, vaults_standard_mumra_lines,
          v_misc_25, grunt_vaults_funnel, hangedman_vaults_maws,
          layout_vaults_omnicross, serial_shops, bzr_entry_water, uniq_zenata
Vaults:5
Crypt:1:  layout_misc_corridors, uniq_sojobo, uniq_josephina
Crypt:2:  cheibrodos_crypt_eye_of_stone, layout_gridlike,
          minmay_strange_pillars, nicolae_crypt_crumbling_hall, uniq_khufu
Crypt:3:  david_glass_crypt, layout_gridlike, nicolae_tomb_entry_grand_gallery,
          uniq_margery, uniq_vv, uniq_mennas
Tomb:1
Tomb:2
Tomb:3
Depths:1: layout_basic, enter_ziggurat_a, glass_columns_b, lightli_too_deep,
          grunt_decor_fettered, grunt_ministairs_5, kennysheep_dice,
          uniq_bai_suzhen, uniq_aizul
Depths:2: minmay_skeletal_surprise, layout_long_grid, hell_entry, pan_entry,
          old_standard_altar, abyss_entry
Depths:3: evilmike_pillar_path, layout_basic, minmay_misc_feat_rugged,
          minmay_room_of_horrors, hell_entry, serial_sigils_hangedman_gnaw,
          hex_tiny, grunt_dithmenos_smoke_and_mirrors, firewood_loft,
          infiniplex_staircase_zigzag_5, uniq_xtahua
Depths:4: hangedman_pleasuredromes, hell_entry, abyss_entry, serial_shops,
          uniq_enchantress
Hell
Dis:1:    layout_jigsaw
Dis:2:    layout_gridville
Dis:3:    layout_gridville
Dis:4:    layout_gridville
Dis:5:    layout_overlapping_boxes
Dis:6:    layout_subdivisions
Dis:7:    dis_hangedman
Geh:1:    layout_gehenna_lava_caves
Geh:2:    layout_gehenna_lava_caves
Geh:3:    layout_gehenna_pools_basic, nicolae_geh_rippling_lava
Geh:4:    layout_gehenna_pools_basic
Geh:5:    layout_gehenna_pools_basic, nicolae_geh_backdraft
Geh:6:    layout_gehenna_pools_box
Geh:7:    geh_hangedman
Coc:1:    layout_ice_bergs
Coc:2:    layout_cocytus_delve
Coc:3:    layout_ice_bergs
Coc:4:    layout_cocytus_delve
Coc:5:    layout_cocytus_water_paths
Coc:6:    layout_cocytus_delve
Coc:7:    coc_hangedman
Tar:1:    nicolae_tar_intersect_combbox, layout_cathedral_of_symmetry,
          nicolae_tar_cuneiform_bird
Tar:2:    layout_grid_maze, nicolae_tar_windowcombs
Tar:3:    layout_grid_maze, nicolae_tar_cuneiform_bread,
          nicolae_tar_cuneiform_two
Tar:4:    layout_grid_maze, nicolae_tar_spectre_spectrum
Tar:5:    layout_grid_maze, nicolae_tar_cuneiform_not
Tar:6:    layout_catacombs
Tar:7:    tar_old
Zot:1:    lemuel_draconian_sentries_small, layout_misc_corridors,
          grunt_megastairs_1, uniq_grunn
Zot:2:    kennysheep_blocky_hall, layout_gridlike
Zot:3:    layout_misc_corridors, gammafunk_ghost_grave
Zot:4:    lemuel_firehouse, layout_onion, st_stairs_8, amethyst_zot_foddershock
Zot:5:    layout_twisted_circle

Notes
Turn   | Place    | Note
-------+----------+-------------------------------------------
     0 | D:1      | spiderkeys the Octopode Earth Elementalist began the quest
                  | for the Orb.
     0 | D:1      | Reached XP level 1. HP: 11/11 MP: 3/3
     0 | D:1      | magus.rc [v1.11.3]
    23 | D:1      | HP: 2/11 [kobold/+0 dagger (1)]
   634 | D:1      | Reached skill level 3 in Stealth
   634 | D:1      | Reached XP level 2. HP: 17/17 MP: 3/5
   850 | D:1      | You pick up a book of the Sky and begin reading...
   850 | D:1      | You add the spells Summon Lightning Spire, Storm Form and
                  | Maxwell's Capacitive Coupling to your library.
  1074 | D:1      | Reached skill level 1 in Conjurations
  1074 | D:1      | Reached XP level 3. HP: 14/21 MP: 0/6
  1174 | D:1      | Found a faded altar of an unknown god.
  2189 | D:2      | Reached XP level 4. HP: 27/27 MP: 4/7
  2903 | D:3      | HP: 6/27 [orc wizard/+0 dagger (2)]
  2904 | D:3      | HP: 2/27 [orc wizard/+0 dagger (4)]
  2906 | D:3      | Reached skill level 4 in Stealth
  3391 | D:3      | Reached skill level 2 in Conjurations
  3391 | D:3      | Reached XP level 5. HP: 31/31 MP: 5/9
  3850 | D:3      | Reached skill level 3 in Spellcasting
  3850 | D:3      | Reached skill level 4 in Earth Magic
  3994 | D:3      | Noticed Ijyb
  3999 | D:3      | HP: 5/31 [Ijyb/puff of flame (5)]
  4002 | D:3      | HP: 2/31 [Ijyb/+0 dagger (3)]
  4003 | D:3      | Killed Ijyb
  4456 | D:4      | Reached XP level 6. HP: 36/36 MP: 7/10
  4511 | D:4      | Reached skill level 5 in Stealth
  4767 | D:4      | Found a staircase to the Ecumenical Temple.
  4776 | Temple   | Entered the Ecumenical Temple
  4804 | Temple   | magus.rc [v1.11.3]
  4916 | D:4      | Found a burning altar of Makhleb.
  5018 | D:4      | Became a worshipper of Makhleb the Destroyer
  5099 | D:4      | Identified a scroll of acquirement
  5100 | D:4      | Acquired the +1 hat of Trumpets {rPois rN+ MP+9 Dex+4}
  5192 | D:5      | Entered Level 5 of the Dungeon
  5196 | D:5      | Reached skill level 3 in Conjurations
  5239 | D:5      | Learned a level 3 spell: Stone Arrow
  5327 | D:5      | Reached XP level 7. HP: 27/41 MP: 10/12
  5615 | D:5      | Reached skill level 4 in Spellcasting
  5667 | D:5      | Reached skill level 5 in Earth Magic
  5686 | D:5      | Noticed a hornet
  5701 | D:5      | Reached skill level 4 in Conjurations
  5807 | D:5      | Killed a hornet
  5808 | D:5      | Reached XP level 8. HP: 29/46 MP: 5/15
  6373 | D:5      | Reached skill level 5 in Spellcasting
  6762 | D:5      | Found Lososmar's Armour Boutique.
  6767 | D:5      | Reached skill level 5 in Conjurations
  6767 | D:5      | Reached skill level 6 in Earth Magic
  7093 | D:6      | Found an iron altar of Okawaru.
  7461 | D:6      | Noticed a +0 dagger
  7462 | D:6      | Noticed a +0 hand axe
  7465 | D:6      | Found a hide-covered altar of Uskayaw.
  7708 | D:6      | Reached * piety under Makhleb
  7943 | D:6      | Found Sic Jaa's Magic Scroll Boutique.
  7981 | D:6      | Reached skill level 6 in Spellcasting
  7981 | D:6      | Reached skill level 6 in Conjurations
  7981 | D:6      | Reached XP level 9. HP: 51/51 MP: 18/18
  8050 | D:6      | Reached skill level 7 in Earth Magic
  8312 | D:6      | Found a sacrificial altar of Ru.
  8828 | D:7      | Found a stormy altar of Qazlal.
  8845 | D:7      | Found a hazy altar of Hepliaklqana.
  8885 | D:7      | Found a bloodstained altar of Trog.
  8888 | D:7      | Found a shimmering altar of Xom.
  9482 | D:8      | Noticed a two-headed ogre
  9492 | D:8      | Killed a two-headed ogre
  9493 | D:8      | Reached skill level 7 in Spellcasting
  9493 | D:8      | Reached skill level 7 in Conjurations
  9493 | D:8      | Reached skill level 8 in Earth Magic
  9573 | D:8      | Found Gunueheg's Book Shop.
  9607 | D:8      | Reached ** piety under Makhleb
  9727 | D:8      | Reached XP level 10. HP: 56/56 MP: 21/21
  9733 | D:8      | Reached skill level 8 in Conjurations
  9836 | D:8      | Identified the +6 rapier "Toroimmocsoa" {freeze, +Blink
                  | rElec}
  9844 | D:8      | HP: 14/57 [kobold/the +6 rapier "Toroimmocsoa" {freeze,
                  | +Blink rElec} (2)]
 10070 | D:8      | Bought a book of the Earth for 432 gold pieces
 10070 | D:8      | You pick up a book of the Earth and begin reading...
 10070 | D:8      | You add the spells Leda's Liquefaction, Lee's Rapid
                  | Deconstruction and Statue Form to your library.
 10116 | D:8      | Reached skill level 1 in Invocations
 10719 | D:8      | Found a runed translucent gate.
 10719 | D:8      | Found a runed translucent gate.
 10719 | D:8      | Found a runed translucent gate.
 10719 | D:8      | Noticed SirDiesAlot's ghost (novice DEEE)
 10721 | D:8      | Found a basalt altar of Yredelemnul.
 10871 | D:8      | Reached skill level 2 in Transmutations
 11086 | D:8      | Reached skill level 2 in Invocations
 11237 | D:8      | Reached *** piety under Makhleb
 11335 | D:8      | Found a blossoming altar of Fedhas.
 11351 | D:8      | Noticed an oklob plant
 11568 | D:9      | Found a radiant altar of Vehumet.
 11587 | D:9      | Reached skill level 3 in Transmutations
 11725 | D:9      | Noticed a two-headed ogre
 11839 | D:9      | Found a sparkling altar of Nemelex Xobeh.
 11953 | D:9      | Reached skill level 8 in Spellcasting
 11955 | D:9      | Killed a two-headed ogre
 11956 | D:9      | Reached skill level 4 in Transmutations
 11956 | D:9      | Reached skill level 3 in Invocations
 12290 | D:9      | Found an ancient bone altar of Kikubaaqudgha.
 12609 | D:9      | Reached skill level 5 in Transmutations
 12752 | D:9      | Reached skill level 4 in Invocations
 13109 | D:9      | Reached skill level 9 in Earth Magic
 13109 | D:9      | Reached XP level 11. HP: 62/62 MP: 17/23
 13362 | D:9      | Learned a level 5 spell: Lee's Rapid Deconstruction
 13367 | D:9      | Learned a level 4 spell: Leda's Liquefaction
 13368 | D:10     | Entered Level 10 of the Dungeon
 13431 | D:10     | Found a flagged portal.
 13520 | Bailey   | Entered a bailey
 13709 | Bailey   | Reached skill level 6 in Transmutations
 13840 | Bailey   | Reached **** piety under Makhleb
 13853 | Bailey   | Reached skill level 5 in Invocations
 13986 | Bailey   | Noticed an orc knight
 13986 | Bailey   | Noticed an orc knight
 13996 | Bailey   | Killed an orc knight
 14009 | Bailey   | Killed an orc knight
 14010 | Bailey   | Reached skill level 7 in Transmutations
 14448 | D:10     | Noticed a two-headed ogre
 14452 | D:10     | Killed a two-headed ogre
 14728 | D:10     | Reached skill level 6 in Invocations
 14740 | D:10     | Reached skill level 8 in Transmutations
 15089 | D:10     | You add the spells Alistair's Intoxication, Borgnjor's Vile
                  | Clutch and Eringya's Noxious Bog to your library.
 15227 | D:11     | You pick up a book of Party Tricks and begin reading...
 15246 | D:11     | You pick up a book of Vapours and begin reading...
 15246 | D:11     | You add the spells Poisonous Vapours and Corpse Rot to your
                  | library.
 15288 | D:11     | Reached skill level 10 in Earth Magic
 15554 | D:11     | Reached skill level 7 in Invocations
 15635 | D:11     | Found a staircase to the Lair.
 15757 | D:11     | Noticed Grum
 15761 | D:11     | Killed Grum
 15892 | D:11     | Noticed Amaemon
 15897 | D:11     | Reached ***** piety under Makhleb
 15898 | D:11     | Killed Amaemon
 15899 | D:11     | Reached XP level 12. HP: 67/67 MP: 9/24
 16034 | D:11     | Noticed a boulder beetle
 16361 | D:11     | Reached skill level 8 in Invocations
 16364 | D:11     | Killed a boulder beetle
 16365 | D:11     | Reached skill level 11 in Earth Magic
 16963 | D:12     | Noticed a two-headed ogre
 17002 | D:12     | You pick up a book of Frost and begin reading...
 17002 | D:12     | You add the spells Freeze, Frozen Ramparts and Hailstorm to
                  | your library.
 17010 | D:12     | Learned a level 6 spell: Statue Form
 17175 | D:12     | Found a gate leading to a gauntlet.
 17186 | Gauntlet | Entered a Gauntlet
 17186 | Gauntlet | Found a transporter.
 17186 | Gauntlet | Found a transporter.
 17186 | Gauntlet | Found a transporter.
 17256 | Gauntlet | Found a transporter.
 17259 | Gauntlet | Found a transporter.
 17267 | Gauntlet | Found a transporter.
 17270 | Gauntlet | Found a transporter.
 17274 | Gauntlet | Found a runed translucent door.
 17274 | Gauntlet | Found a runed translucent door.
 17278 | Gauntlet | Found a transporter.
 17296 | Gauntlet | Found a transporter.
 17311 | Gauntlet | Noticed a green death
 17314 | Gauntlet | Found a transporter.
 17317 | Gauntlet | Found a transporter.
 17328 | Gauntlet | Noticed a catoblepas
 17330 | Gauntlet | Found a transporter.
 17423 | Gauntlet | HP: 15/67 [slime creature (14)]
 17615 | Gauntlet | Killed a catoblepas
 17636 | Gauntlet | Killed a green death
 17637 | Gauntlet | Reached skill level 9 in Transmutations
 17637 | Gauntlet | Reached skill level 12 in Earth Magic
 17756 | Gauntlet | Identified the +2 pair of boots of the Kettle-Drum {rF+ rC+
                  | Will+ Str+4}
 17776 | Gauntlet | Identified the +2 ring mail of the Dolphin {Rampage rF+
                  | Will+}
 17776 | Gauntlet | Noticed a minotaur
 17776 | Gauntlet | a minotaur comes into view. It is wielding a +2 broad axe
                  | of electrocution, wearing the +2 ring mail of the Dolphin
                  | {Rampage rF+ Will+}, wearing the +2 shield of Resistance
                  | {rF++ rC++ Will++} and quivering silver javelins.
 17782 | Gauntlet | Aim: a minotaur, wielding a +2 broad axe of electrocution,
                  | wearing the +2 ring mail of the Dolphin {Rampage rF+
                  | Will+}, wearing the +2 shield of Resistance {rF++ rC++
                  | Will++}, wearing an amulet of faith and quivering silver
                  | javelins
 17782 | Gauntlet | Aim: a minotaur, wielding a +2 broad axe of electrocution,
                  | wearing the +2 ring mail of the Dolphin {Rampage rF+
                  | Will+}, wearing the +2 shield of Resistance {rF++ rC++
                  | Will++}, wearing an amulet of faith and quivering silver
                  | javelins
 17794 | Gauntlet | Killed a minotaur
 17795 | Gauntlet | Reached skill level 1 in Fighting
 17942 | Gauntlet | You pick up a book of Changes and begin reading...
 17942 | Gauntlet | You add the spells Beastly Appendage, Wereblood and Spider
                  | Form to your library.
 18066 | D:12     | Found a staircase to the Orcish Mines.
 18161 | D:12     | Reached skill level 2 in Fighting
 18161 | D:12     | Reached skill level 3 in Dodging
 18447 | D:12     | Noticed an eight-headed hydra
 18453 | D:12     | Killed an eight-headed hydra
 18614 | D:12     | Killed a two-headed ogre
 18615 | D:12     | Reached skill level 3 in Fighting
 18656 | D:12     | Reached skill level 4 in Dodging
 18790 | Lair:1   | Entered Level 1 of the Lair of Beasts
 18958 | Lair:1   | Reached skill level 10 in Transmutations
 19096 | Lair:1   | Reached skill level 1 in Shields
 19115 | Lair:1   | Reached XP level 13. HP: 72/79 MP: 11/25
 19125 | Lair:1   | Reached skill level 4 in Fighting
 19141 | Lair:1   | Reached skill level 2 in Shields
 19428 | Lair:1   | You add the spells Tukima's Dance, Passage of Golubria and
                  | Yara's Violent Unravelling to your library.
 19438 | Lair:1   | You pick up a book of Winter and begin reading...
 19438 | Lair:1   | You add the spells Ozocubu's Armour, Metabolic Englaciation
                  | and Simulacrum to your library.
 19538 | Lair:1   | Identified the +8 chain mail "Byplodei" {Int+7 SInv}
 19627 | Lair:1   | You pick up a book of the Warp and begin reading...
 19627 | Lair:1   | You add the spells Dispersal and Disjunction to your
                  | library.
 19712 | Lair:1   | Found a runed translucent door.
 19939 | Lair:1   | Found a runed translucent gate.
 19944 | Lair:1   | Reached skill level 5 in Dodging
 20169 | Lair:1   | Identified the +8 whip "Xossua" {drain, Fragile rC+++ Dex-4
                  | Stlth+}
 20171 | Lair:1   | Found a runed translucent gate.
 20171 | Lair:1   | Found a runed translucent gate.
 20171 | Lair:1   | Found a runed translucent gate.
 20171 | Lair:1   | Found a runed translucent gate.
 20173 | Lair:1   | Found a runed translucent gate.
 20507 | Lair:1   | magus.rc [v1.11.3]
 20529 | Lair:2   | You fall into a shaft and drop 1 floor!
 20539 | Lair:3   | Reached skill level 3 in Shields
 20601 | Lair:3   | Reached skill level 5 in Fighting
 20719 | Lair:3   | Reached skill level 4 in Shields
 21280 | Lair:3   | You add the spells Olgreb's Toxic Radiance, Ozocubu's
                  | Refrigeration and Ignition to your library.
 21338 | Lair:3   | Reached skill level 11 in Transmutations
 21370 | Lair:3   | Noticed Gastronok
 21380 | Lair:3   | Reached skill level 6 in Fighting
 21386 | Lair:3   | Killed Gastronok
 21637 | Lair:3   | Identified the +8 hand axe "Ogre's Funeral" {freeze, rF+
                  | Will+ Str+2}
 21772 | Lair:3   | Reached skill level 5 in Shields
 22293 | Lair:2   | Learned a level 4 spell: Olgreb's Toxic Radiance
 22469 | Lair:2   | Noticed Harold
 22480 | Lair:2   | Killed Harold
 22481 | Lair:2   | Reached skill level 1 in Poison Magic
 22754 | Lair:2   | Reached skill level 2 in Poison Magic
 22794 | Lair:2   | Found a staircase to the Shoals.
 22855 | Lair:2   | Found a hole to the Spider Nest.
 23024 | Lair:2   | Reached skill level 3 in Poison Magic
 23534 | Lair:4   | Reached XP level 14. HP: 90/90 MP: 26/26
 23585 | Lair:4   | Reached skill level 7 in Fighting
 23596 | Lair:4   | Reached skill level 4 in Poison Magic
 23599 | Lair:4   | Reached skill level 6 in Shields
 23614 | Lair:4   | Identified a potion of experience
 23615 | Lair:4   | Reached skill level 8 in Shields
 23615 | Lair:4   | Reached XP level 15. HP: 97/97 MP: 27/27
 23624 | Lair:4   | You pick up a book of Callings and begin reading...
 23624 | Lair:4   | You add the spells Summon Small Mammal, Call Canine
                  | Familiar and Summon Guardian Golem to your library.
 23767 | Lair:4   | Reached skill level 9 in Shields
 24307 | Lair:5   | Entered Level 5 of the Lair of Beasts
 24313 | Lair:4   | Reached ****** piety under Makhleb
 24354 | Lair:4   | Reached skill level 5 in Poison Magic
 24913 | Lair:5   | Reached skill level 6 in Poison Magic
 24977 | Lair:5   | Reached skill level 12 in Transmutations
 25051 | Lair:5   | Reached skill level 7 in Poison Magic
 25305 | Lair:4   | Reached skill level 8 in Fighting
 25620 | Lair:4   | Reached skill level 8 in Poison Magic
 25876 | Lair:4   | HP: 22/128 [eight-headed hydra (8)]
 25880 | Lair:4   | Reached skill level 10 in Shields
 25881 | Lair:4   | HP: 27/128 [yak (5)]
 25886 | Lair:4   | HP: 14/128 [yak (9)]
 26362 | Lair:5   | You pick up a book of the Sky and begin reading...
 26400 | Lair:5   | Reached skill level 9 in Invocations
 26712 | Lair:5   | Found a runed translucent door.
 26786 | Lair:5   | Reached skill level 10 in Invocations
 26971 | Lair:5   | Found a broken altar of Ashenzari.
 27001 | Lair:5   | Identified the +0 cloak of Teseufuv {-Cast Will+ rCorr}
 27015 | Lair:5   | Reached skill level 11 in Invocations
 27370 | Lair:5   | Found a staircase to the Slime Pits.
 27574 | Lair:5   | You pick up a book of Death and begin reading...
 27574 | Lair:5   | You add the spells Animate Dead, Haunt and Infestation to
                  | your library.
 27936 | Orc:1    | Entered Level 1 of the Orcish Mines
 27956 | Orc:1    | Found a dark tunnel.
 27966 | Volcano  | Entered a volcano
 28048 | Volcano  | Reached XP level 16. HP: 61/105 MP: 28/28
 28251 | Volcano  | Found the +2 cloak of the Thief {*Fog Slay-2 SInv Stlth+}
 28358 | Volcano  | Identified the +0 helmet of Magic {rN+}
 28593 | Orc:2    | Entered Level 2 of the Orcish Mines
 28610 | Orc:2    | Found Kiodaupi's Armour Emporium.
 28633 | Orc:2    | Identified a +2 robe of the Archmagi
 28944 | Orc:1    | Upgraded the game from 0.30-a0-23-ge60ba3568b to
                  | 0.30-a0-29-g142975f185
 28944 | Orc:1    | magus.rc [v1.11.3]
 28957 | Orc:1    | Noticed Urug
 28962 | Orc:1    | Killed Urug
 29338 | Orc:1    | Found Kelauss's Overcharged Wands.
 30148 | Orc:2    | Reached skill level 6 in Dodging
 30199 | Orc:2    | Found Dejuv's Antique Armour Shop.
 30234 | Orc:2    | Noticed Saint Roka
 30644 | Orc:2    | Reached skill level 12 in Invocations
 30882 | Orc:2    | Found Yczayxe's General Store.
 30917 | Orc:2    | Found a staircase to the Elven Halls.
 30930 | Orc:2    | Found Soenatatya's Jewellery Shop.
 31052 | Orc:2    | magus.rc [v1.11.3]
 31066 | Orc:2    | Found Jepperch's Antique Weapon Emporium.
 31089 | Orc:2    | HP: 27/139 [Saint Roka/+1 great mace of protection (13)]
 31091 | Orc:2    | HP: 12/139 [Saint Roka/divine providence (12)]
 31093 | Orc:2    | Killed Saint Roka
 31094 | Orc:2    | Reached skill level 9 in Fighting
 31105 | Orc:2    | HP: 26/140 [orc warlord/+0 battleaxe (12)]
 31582 | Orc:2    | Learned a level 5 spell: Borgnjor's Vile Clutch
 31820 | Orc:2    | Reached skill level 9 in Spellcasting
 32530 | D:13     | Found a shimmering altar of Xom.
 32634 | D:13     | Reached skill level 7 in Dodging
 32833 | D:13     | Identified the +4 flail of Changing Doom {freeze, rPois
                  | Str+2}
 33542 | D:14     | Noticed Kirke
 33548 | D:14     | Killed Kirke
 33795 | D:14     | Reached skill level 10 in Fighting
 33803 | D:14     | Reached skill level 8 in Dodging
 33864 | D:14     | Reached skill level 10 in Spellcasting
 34158 | D:14     | Found a gate to the Vaults.
 34212 | D:14     | Noticed Louise
 34224 | D:14     | Killed Louise
 34314 | D:14     | a +3 eveningstar of freezing {rare}; a +1 chain mail of
                  | willpower; a +0 tower shield
 34727 | D:15     | Entered Level 15 of the Dungeon
 34802 | D:15     | Reached XP level 17. HP: 115/115 MP: 14/31
 34903 | D:15     | Reached skill level 9 in Dodging
 35216 | D:15     | Found Vifiescho's Book Shoppe.
 35419 | D:15     | Found a runed translucent door.
 35422 | D:15     | Noticed Ryruocesk's ghost (adept DEFE)
 35723 | D:15     | Reached skill level 11 in Spellcasting
 35884 | D:15     | Reached skill level 10 in Dodging
 35929 | D:15     | Found a staircase to the Depths.
 36080 | Shoals:1 | Entered Level 1 of the Shoals
 36240 | Orc:2    | Bought the ring "Zoacsa" {+Blink rF++ rC+ SInv Stlth-} for
                  | 781 gold pieces
 36372 | Spider:1 | Entered Level 1 of the Spider Nest
 36763 | Spider:1 | Reached skill level 1 in Fire Magic
 36794 | Spider:1 | Reached skill level 2 in Fire Magic
 37057 | Spider:1 | Reached skill level 3 in Fire Magic
 37546 | Spider:2 | Reached skill level 4 in Fire Magic
 37557 | Spider:2 | Reached skill level 12 in Spellcasting
 37557 | Spider:2 | Reached skill level 5 in Fire Magic
 38227 | Spider:2 | Identified the +2 falchion "Vuopreri" {vorpal, rC+ rCorr
                  | Dex-4}
 38241 | Spider:2 | Reached skill level 6 in Fire Magic
 38348 | Spider:2 | Noticed Mlioglotl
 38362 | Spider:1 | Killed Mlioglotl
 39110 | Spider:2 | Reached skill level 7 in Fire Magic
 39246 | Spider:2 | You pick up a book of Sloth and begin reading...
 39314 | Spider:2 | Identified the ring of Coronation {Ice Dex+2}
 39982 | Spider:3 | Reached skill level 8 in Fire Magic
 40136 | Spider:3 | You pick up a book of Cantrips and begin reading...
 40852 | Spider:4 | Entered Level 4 of the Spider Nest
 40888 | Spider:3 | Reached skill level 9 in Fire Magic
 41201 | Spider:3 | Reached XP level 18. HP: 120/120 MP: 29/34
 42065 | Spider:4 | Reached skill level 10 in Fire Magic
 42634 | Spider:4 | Reached skill level 11 in Fire Magic
 42842 | Spider:4 | HP: 39/156 [emperor scorpion (3)]
 43419 | Spider:4 | Reached skill level 12 in Fire Magic
 43919 | Spider:4 | Got a gossamer rune of Zot
 43934 | Spider:4 | Identified the +1 pair of gloves of Lightning Storm {Dex+4}
 44003 | Spider:4 | magus.rc [v1.11.3]
 44193 | Shoals:1 | Noticed Frances
 44200 | Shoals:1 | Killed Frances
 44206 | Shoals:1 | You pick up a book of Armaments and begin reading...
 44285 | Shoals:1 | Reached skill level 13 in Fire Magic
 44298 | Shoals:1 | Acquired the ring "Nunutida" {Will++ rCorr Slay+3}
 44362 | Shoals:1 | Found Ciffaos's Antique Weapon Shoppe.
 44530 | Shoals:1 | Learned a level 5 spell: Yara's Violent Unravelling
 44991 | Shoals:1 | Found a runed translucent door.
 44991 | Shoals:1 | Found a shimmering altar of Xom.
 44991 | Shoals:1 | Noticed Steak's ghost (journeyman MiBe)
 45059 | Shoals:1 | You pick up a book of Sloth and begin reading...
 45504 | Shoals:2 | Reached skill level 14 in Fire Magic
 46391 | Shoals:2 | Reached XP level 19. HP: 126/126 MP: 35/35
 46404 | Shoals:2 | Reached skill level 15 in Fire Magic
 48002 | Shoals:3 | HP: 34/163 [alligator snapping turtle (31)]
 48003 | Shoals:3 | HP: 4/126 [alligator snapping turtle (22)]
 48014 | Shoals:2 | HP: 34/163 [merfolk/+0 trident (12)]
 49182 | Shoals:3 | Identified the +4 ring mail of Rotation {rPois}
 49680 | Shoals:3 | Reached skill level 16 in Fire Magic
 49728 | Shoals:3 | You pick up a book of the Moon and begin reading...
 49740 | Shoals:3 | You pick up a book of Party Tricks and begin reading...
 49910 | Shoals:4 | Entered Level 4 of the Shoals
 50226 | Shoals:4 | Identified the ring "Zioqash" {+Blink Str+6}
 50518 | Shoals:3 | Learned a level 8 spell: Ignition
 51508 | Shoals:4 | Reached skill level 17 in Fire Magic
 51522 | Shoals:4 | You add the spells Shock and Flame Wave to your library.
 51522 | Shoals:4 | Got the Compilation of Destructive Transformation
 51910 | Shoals:4 | Got a barnacled rune of Zot
 52841 | Vaults:1 | Entered Level 1 of the Vaults
 52948 | Vaults:1 | Reached skill level 18 in Fire Magic
 53808 | Vaults:1 | Reached XP level 20. HP: 132/132 MP: 33/36
 53911 | Vaults:1 | Reached skill level 19 in Fire Magic
 54986 | Vaults:2 | Noticed Mara
 54998 | Vaults:2 | Noticed spiderkeys's illusion
 55008 | Vaults:2 | Found Jontenn's Jewellery Shoppe.
 55442 | Vaults:2 | Reached skill level 20 in Fire Magic
 55770 | Vaults:2 | Reached skill level 9 in Conjurations
 55924 | Vaults:2 | You pick up a book of Ice and begin reading...
 55924 | Vaults:2 | You add the spells Freezing Cloud and Polar Vortex to your
                  | library.
 56623 | Vaults:2 | Found a staircase to the Crypt.
 56740 | Vaults:2 | Reached skill level 10 in Conjurations
 57488 | Vaults:2 | Noticed spiderkeys's illusion
 57502 | Vaults:2 | Killed Mara
 57503 | Vaults:2 | Reached skill level 13 in Invocations
 57911 | Vaults:2 | Reached skill level 13 in Earth Magic
 58204 | Vaults:2 | Bought a +6 ring of intelligence for 684 gold pieces
 58204 | Vaults:2 | Bought a +6 ring of intelligence for 684 gold pieces
 58251 | Vaults:3 | Reached skill level 11 in Conjurations
 58747 | D:8      | Bought a book of Alchemy for 336 gold pieces
 58747 | D:8      | You pick up a book of Alchemy and begin reading...
 58747 | D:8      | You add the spells Sublimation of Blood and Irradiate to
                  | your library.
 58750 | D:8      | Learned a level 2 spell: Sublimation of Blood
 59387 | Vaults:3 | Reached XP level 21. HP: 137/137 MP: 37/37
 59595 | Vaults:3 | Reached skill level 1 in Necromancy
 59885 | Vaults:3 | Reached skill level 2 in Necromancy
 60062 | Vaults:3 | Reached skill level 12 in Conjurations
 60163 | Vaults:3 | Reached skill level 3 in Necromancy
 60519 | Vaults:4 | Found a flickering gateway to a bazaar.
 60526 | Bazaar   | Entered a bazaar
 60537 | Bazaar   | Found Zialyet's Jewellery Boutique.
 60537 | Bazaar   | Found Xyadaps's Book Shop.
 60556 | Bazaar   | Bought a book of Spatial Translocations for 286 gold pieces
 60556 | Bazaar   | You pick up a book of Spatial Translocations and begin
                  | reading...
 60556 | Bazaar   | You add the spells Blink, Lesser Beckoning and Manifold
                  | Assault to your library.
 60582 | Bazaar   | Found Niuts's Jewellery Boutique.
 60582 | Bazaar   | Found Lefoq's Book Shop.
 60600 | Bazaar   | Bought a manual of Fighting for 560 gold pieces
 60610 | Bazaar   | Bought a +6 ring of intelligence for 468 gold pieces
 60677 | Vaults:4 | Found a magical portal.
 60700 | WizLab   | Entered Lehudib's Moon Base
 60870 | WizLab   | Found a transporter.
 60896 | WizLab   | Reached skill level 4 in Necromancy
 60896 | WizLab   | Reached skill level 14 in Invocations
 60932 | WizLab   | HP: 40/178 [tentacled starspawn (9)]
 61535 | WizLab   | Gained mutation: You are clumsy. (Dex -2) [a cacodemon]
 61637 | WizLab   | Reached skill level 13 in Conjurations
 61711 | WizLab   | Reached skill level 14 in Earth Magic
 61717 | WizLab   | Reached skill level 5 in Necromancy
 61852 | WizLab   | Found a transporter.
 61859 | WizLab   | You pick up a book of Blasting and begin reading...
 61859 | WizLab   | You add the spells Fulminant Prism and Iskenderun's Mystic
                  | Blast to your library.
 62381 | WizLab   | Identified the +0 cloak of the Zealous God {Contam *Corrode
                  | Dex+7}
 62589 | WizLab   | a moon troll comes into view. It is wearing the +4 moon
                  | troll leather armour {Spirit, Regen++ MP+5}.
 62592 | WizLab   | Aim: a moon troll, wearing the +4 moon troll leather armour
                  | {Spirit, Regen++ MP+5} (asleep)
 62592 | WizLab   | Aim: a moon troll, wearing the +4 moon troll leather armour
                  | {Spirit, Regen++ MP+5} (asleep)
 62593 | WizLab   | Aim: a moon troll, wearing the +4 moon troll leather armour
                  | {Spirit, Regen++ MP+5} (moderately wounded, 100% to hit)
 62593 | WizLab   | Aim: a moon troll, wearing the +4 moon troll leather armour
                  | {Spirit, Regen++ MP+5} (moderately wounded, 100% to hit)
 62596 | WizLab   | Aim: a moon troll, wearing the +4 moon troll leather armour
                  | {Spirit, Regen++ MP+5} (lightly wounded, 100% to hit)
 62596 | WizLab   | Aim: a moon troll, wearing the +4 moon troll leather armour
                  | {Spirit, Regen++ MP+5} (lightly wounded, 100% to hit)
 62597 | WizLab   | Aim: a moon troll, wearing the +4 moon troll leather armour
                  | {Spirit, Regen++ MP+5} (moderately wounded, constricted by
                  | zombie hands)
 62597 | WizLab   | Aim: a moon troll, wearing the +4 moon troll leather armour
                  | {Spirit, Regen++ MP+5} (moderately wounded, constricted by
                  | zombie hands)
 62598 | WizLab   | Aim: a moon troll, wearing the +4 moon troll leather armour
                  | {Spirit, Regen++ MP+5} (heavily wounded, constricted by
                  | zombie hands)
 62598 | WizLab   | Aim: a moon troll, wearing the +4 moon troll leather armour
                  | {Spirit, Regen++ MP+5} (heavily wounded, constricted by
                  | zombie hands)
 62600 | WizLab   | Aim: a moon troll, wearing the +4 moon troll leather armour
                  | {Spirit, Regen++ MP+5} (almost dead, 100% to hit)
 62600 | WizLab   | Aim: a moon troll, wearing the +4 moon troll leather armour
                  | {Spirit, Regen++ MP+5} (almost dead, 100% to hit)
 62601 | WizLab   | Aim: a moon troll, wearing the +4 moon troll leather armour
                  | {Spirit, Regen++ MP+5} (almost dead, 95% to hit)
 62601 | WizLab   | Aim: a moon troll, wearing the +4 moon troll leather armour
                  | {Spirit, Regen++ MP+5} (almost dead, 95% to hit)
 62602 | WizLab   | Aim: a moon troll, wearing the +4 moon troll leather armour
                  | {Spirit, Regen++ MP+5} (almost dead, 95% to hit)
 62602 | WizLab   | Aim: a moon troll, wearing the +4 moon troll leather armour
                  | {Spirit, Regen++ MP+5} (almost dead, 95% to hit)
 62603 | WizLab   | Aim: a moon troll, wearing the +4 moon troll leather armour
                  | {Spirit, Regen++ MP+5} (almost dead, 100% to hit)
 62603 | WizLab   | Aim: a moon troll, wearing the +4 moon troll leather armour
                  | {Spirit, Regen++ MP+5} (almost dead, 100% to hit)
 62856 | Vaults:4 | Noticed Zenata
 62865 | Vaults:4 | Killed Zenata
 62975 | Vaults:4 | a +4 executioner's axe {rare}; a +0 leather armour; the
                  | human corpse of Zenata
 63053 | Vaults:4 | Identified the +0 leather armour of the Sky {rC+ Will+
                  | Dex+2}
 63070 | Vaults:4 | Reached skill level 6 in Necromancy
 63368 | Vaults:4 | Reached skill level 14 in Conjurations
 63433 | Vaults:4 | Reached XP level 22. HP: 143/143 MP: 29/38
 63968 | Vaults:5 | Entered Level 5 of the Vaults
 63970 | Vaults:5 | Reached skill level 7 in Necromancy
 63970 | Vaults:5 | Reached skill level 15 in Invocations
 63971 | Vaults:5 | Reached skill level 15 in Earth Magic
 64453 | Elf:1    | Entered Level 1 of the Elven Halls
 64457 | Elf:1    | Reached skill level 8 in Necromancy
 64468 | Elf:1    | Reached skill level 1 in Evocations
 64646 | Elf:1    | Identified the +3 dire flail of Pinkel {freeze, +Blink
                  | rPois rC++ Str-2}
 64650 | Elf:1    | Reached skill level 2 in Evocations
 64867 | Elf:1    | You add the spells Magic Dart and Fireball to your library.
 64867 | Elf:1    | Got the Catalogue of the Impact
 64952 | Elf:1    | Identified the +5 mace of Capital Punishment {vorpal, Drain
                  | rC+ Str+8 Stlth+}
 65232 | Elf:1    | Reached skill level 3 in Evocations
 65284 | Elf:1    | Found Burghei's Assorted Antiques.
 65316 | Elf:1    | Reached skill level 11 in Fighting
 65896 | Elf:2    | Reached skill level 4 in Evocations
 66144 | Elf:2    | Acquired a Necronomicon
 66145 | Elf:2    | You add the spells Borgnjor's Revivification, Necromutation
                  | and Death's Door to your library.
 66211 | Elf:2    | Paralysed by an air elemental for 1 turns
 66274 | Elf:2    | Found Weunn's Antique Weapon Shop.
 66603 | Elf:2    | Found a runed translucent gate.
 66604 | Elf:2    | Found a runed translucent gate.
 66604 | Elf:2    | Found a runed translucent gate.
 66629 | Elf:2    | Paralysed by an air elemental for 1 turns
 66851 | Elf:3    | Entered Level 3 of the Elven Halls
 66853 | Elf:3    | Reached skill level 12 in Fighting
 67009 | Elf:3    | Found Yleboust's Antique Armour Shop.
 67066 | Elf:3    | Identified the +10 quarterstaff "Ewkudwot" {spect, rCorr}
 67101 | Elf:3    | Paralysed by an air elemental for 1 turns
 67123 | Elf:3    | Got the Parchment of the Forceful Comitatus
 67234 | Elf:1    | Learned a level 6 spell: Iron Shot
 68033 | Elf:3    | Noticed Nikola
 68039 | Elf:3    | Killed Nikola
 68314 | Elf:3    | Reached skill level 9 in Necromancy
 68401 | Elf:3    | Identified the ring "Vescha" {rPois rC+}
 68428 | Elf:3    | Reached skill level 13 in Fighting
 68428 | Elf:3    | Reached XP level 23. HP: 157/157 MP: 23/39
 68714 | Elf:3    | a deep elf sorcerer comes into view. It is wielding a +2
                  | battleaxe of electrocution and wearing the ring of the
                  | Tortoise {AC+8}.
 68857 | Elf:3    | Identified the +6 flail of Ytajaol {speed, rN+ Will+ Str+4}
 68863 | Elf:3    | Identified the +8 halberd of Resumed Hostilities {vorpal,
                  | Int+3}
 68974 | Elf:3    | Found the +3 pair of gauntlets of War {Slay+5}
 69104 | Elf:3    | You pick up a book of Geomancy and begin reading...
 69112 | Elf:3    | Identified the +9 short sword of Glory {vorpal, Str+7}
 69114 | Elf:3    | You pick up a book of Spatial Translocations and begin
                  | reading...
 69117 | Elf:3    | You pick up a book of Decay and begin reading...
 69117 | Elf:3    | You add the spells Dispel Undead and Death Channel to your
                  | library.
 69119 | Elf:3    | Identified the +6 chain mail of Negligence {Dex+4}
 69132 | Elf:3    | You pick up a book of Displacement and begin reading...
 69132 | Elf:3    | You add the spells Gell's Gravitas and Teleport Other to
                  | your library.
 69230 | Elf:3    | Identified the +10 sling "Biotrank" {vorpal, rF- rC- Str+9
                  | Int+8}
 69234 | Elf:3    | You pick up a book of Winter and begin reading...
 69237 | Elf:3    | You pick up a book of Necromancy and begin reading...
 69237 | Elf:3    | You add the spells Vampiric Draining and Agony to your
                  | library.
 69279 | Elf:3    | Learned a level 4 spell: Dispel Undead
 69586 | Crypt:1  | Entered Level 1 of the Crypt
 69589 | Crypt:1  | Noticed Sojobo
 69591 | Crypt:1  | Reached skill level 16 in Earth Magic
 69593 | Crypt:1  | Killed Sojobo
 69734 | Crypt:1  | Identified the ring of the Final Decision {Ice Str+3 Int-5
                  | Dex+2}
 69734 | Crypt:1  | Noticed Josephina
 69741 | Crypt:1  | Killed Josephina
 70005 | Crypt:1  | Reached skill level 14 in Fighting
 70010 | Crypt:1  | Reached skill level 10 in Necromancy
 70098 | Crypt:1  | You fall into a shaft and drop 1 floor!
 70132 | Crypt:2  | Noticed a royal mummy
 70138 | Crypt:2  | Reached skill level 21 in Fire Magic
 70141 | Crypt:2  | Killed a royal mummy
 70146 | Crypt:2  | Noticed Khufu
 70267 | Crypt:2  | Killed Khufu
 70562 | Crypt:2  | Reached skill level 11 in Necromancy
 70871 | Crypt:2  | Identified the +1 war axe "Letuos" {antimagic, *Rage Drain
                  | Int+9 Dex+3}
 71262 | Crypt:2  | Reached skill level 12 in Necromancy
 71664 | Crypt:2  | Found an ancient bone altar of Kikubaaqudgha.
 72178 | Crypt:1  | Reached XP level 24. HP: 166/166 MP: 39/39
 72387 | Crypt:1  | Identified the +1 leather armour of the Big Bang {rF+ rN++}
 72575 | Crypt:3  | Entered Level 3 of the Crypt
 72598 | Crypt:3  | Noticed Margery
 72686 | Crypt:3  | Killed Margery
 72693 | Crypt:2  | Reached skill level 22 in Fire Magic
 72911 | Crypt:3  | Noticed Mennas
 72932 | Crypt:3  | Killed Mennas
 72933 | Crypt:3  | Reached skill level 13 in Necromancy
 73302 | Crypt:3  | Found a staircase to the Tomb.
 73366 | Crypt:3  | Noticed a curse toe
 73371 | Crypt:3  | Killed a curse toe
 73757 | Crypt:3  | Reached skill level 14 in Necromancy
 73955 | Crypt:3  | Noticed Vv
 73963 | Crypt:3  | Killed Vv
 74301 | Crypt:3  | Noticed an ancient lich
 74301 | Crypt:3  | Noticed an ancient lich
 74306 | Crypt:3  | Killed an ancient lich
 74308 | Crypt:3  | Killed an ancient lich
 74401 | Crypt:3  | Noticed a dread lich
 74408 | Crypt:3  | Killed a dread lich
 74508 | Crypt:3  | You pick up a book of Geomancy and begin reading...
 74516 | Crypt:3  | Got the Catalogue of Geometric Unholy Deeds
 74517 | Crypt:3  | Identified the +6 falchion of Defence by Offence {vorpal,
                  | MP+9 Dex+6}
 75131 | Vaults:5 | Reached skill level 13 in Spellcasting
 75131 | Vaults:5 | Noticed an ancient lich
 75488 | Vaults:4 | Killed an ancient lich
 75971 | Vaults:4 | Reached skill level 15 in Necromancy
 76197 | Vaults:5 | Reached skill level 14 in Spellcasting
 76280 | Vaults:5 | Noticed a dread lich
 76286 | Vaults:5 | Killed a dread lich
 76319 | Vaults:5 | Identified the +8 battleaxe of the Egg {drain, Int+4 Dex+3
                  | SInv Stlth-}
 76498 | Vaults:5 | Identified the ring of the Yeti {AC+4 Dex+2}
 76626 | Vaults:5 | Identified the +0 pair of boots of Beyond {Harm *Corrode
                  | Regen+ Stlth+}
 76984 | Vaults:5 | Noticed an ancient lich
 76989 | Vaults:5 | Killed an ancient lich
 76990 | Vaults:5 | Reached XP level 25. HP: 171/171 MP: 17/41
 77224 | Vaults:5 | Identified the +6 dire flail "Hiejaidd" {pain, Int+3 Dex+3
                  | SInv Stlth+}
 77224 | Vaults:5 | Identified the ring of Fuvaimn {rPois Slay+2}
 77290 | Vaults:5 | Found the +5 demon whip "Spellbinder" {antimagic, Will+}
 77478 | Vaults:5 | +0 shadow dragon scales {rare}; a shadow dragon corpse
 77480 | Vaults:5 | +0 shadow dragon scales {rare}; a shadow dragon corpse
 77501 | Vaults:5 | Got a silver rune of Zot
 77718 | Vaults:5 | Reached skill level 15 in Spellcasting
 77858 | Vaults:5 | You pick up a book of the Wilderness and begin reading...
 77858 | Vaults:5 | You add the spells Summon Mana Viper and Summon Cactus
                  | Giant to your library.
 78288 | Vaults:5 | Learned a level 8 spell: Necromutation
 78522 | Depths:1 | Entered Level 1 of the Depths
 78647 | Depths:1 | Noticed Aizul
 78649 | Depths:1 | Noticed Bai Suzhen
 78652 | Depths:1 | Killed Aizul
 78656 | Depths:1 | Killed Bai Suzhen
 79495 | Depths:1 | Found a one-way gateway to a ziggurat.
 79696 | Depths:1 | Found a gateway to Hell.
 79701 | Depths:1 | Identified the +0 cloak of Melancholy {rPois}
 79814 | Depths:1 | Reached skill level 16 in Necromancy
 79930 | Depths:2 | Found a shimmering altar of Xom.
 79954 | Depths:2 | Reached skill level 16 in Spellcasting
 80243 | Depths:2 | Found a one-way gate to the infinite horrors of the Abyss.
 80250 | Depths:2 | Found a one-way gate leading to the halls of Pandemonium.
 80323 | Depths:2 | You pick up a book of Vapours and begin reading...
 80493 | Depths:2 | Acquired the Parchment of Conflagrant Terra Firma
 80494 | Depths:2 | You add the spells Scorch, Starburst and Shatter to your
                  | library.
 80697 | Depths:2 | You fall into a shaft and drop 1 floor!
 80699 | Depths:3 | Noticed a caustic shrike
 80703 | Depths:3 | Noticed a caustic shrike
 80707 | Depths:3 | Killed a caustic shrike
 81043 | Depths:3 | Noticed Xtahua
 81050 | Depths:3 | Reached skill level 17 in Spellcasting
 81053 | Depths:3 | Killed Xtahua
 81302 | Depths:3 | Found a shadowy altar of Dithmenos.
 81921 | Depths:3 | Reached skill level 17 in Earth Magic
 82055 | Depths:3 | Killed a caustic shrike
 82294 | Depths:3 | Reached XP level 26. HP: 178/178 MP: 40/44
 82348 | Depths:3 | Identified +0 gold dragon scales
 82495 | Depths:3 | +0 gold dragon scales {rare}; a titan corpse; a golden
                  | dragon corpse
 82508 | Depths:3 | Identified the +0 cloak "Huuwk" {Rampage rPois rF- Will+++}
 82521 | Depths:3 | +0 gold dragon scales {rare}; a titan corpse; a golden
                  | dragon corpse
 83007 | Depths:4 | Entered Level 4 of the Depths
 83021 | Depths:3 | Identified the +4 quarterstaff "Ahodduq" {vorpal, *Rage
                  | rPois Int+6}
 83622 | Depths:4 | Noticed a caustic shrike
 83625 | Depths:4 | Reached skill level 18 in Spellcasting
 83628 | Depths:4 | Killed a caustic shrike
 83632 | Depths:4 | Reached skill level 18 in Earth Magic
 83788 | Depths:4 | Noticed a juggernaut
 83795 | Depths:4 | Killed a juggernaut
 84106 | Depths:4 | Identified the +13 plate armour "Itorr" {rCorr Int+9}
 84107 | Depths:4 | Identified the +6 spear of the Living Dead {vorpal, rPois
                  | rN+ Dex+2 Stlth+}
 84165 | Depths:4 | Found a gate to the Realm of Zot.
 84174 | Depths:4 | Identified the +2 flail of Leennu {freeze, rN+}
 84174 | Depths:4 | Identified the ring "Neschah" {*Slow Dex+5 SInv Stlth+}
 84299 | Depths:4 | Identified the +7 trident of Fotoafu {antimagic, Int+6
                  | Dex+3}
 84591 | Depths:4 | Reached skill level 19 in Earth Magic
 84897 | Depths:4 | Identified the +7 mace "Uschutoru" {vorpal, rF+}
 85256 | Depths:4 | the Enchantress comes into view. She is wielding a +1
                  | rapier of draining, wearing the +3 faerie dragon scales
                  | {rCorr Int+5} and wearing a +1 buckler of poison
                  | resistance.
 85256 | Depths:4 | Noticed the Enchantress
 85260 | Depths:4 | Aim: the Enchantress, wielding a +1 rapier of draining,
                  | wearing the +3 faerie dragon scales {rCorr Int+5} and
                  | wearing a +1 buckler of poison resistance (moderately
                  | wounded, repelling missiles, 12% to hit)
 85260 | Depths:4 | Aim: the Enchantress, wielding a +1 rapier of draining,
                  | wearing the +3 faerie dragon scales {rCorr Int+5} and
                  | wearing a +1 buckler of poison resistance (moderately
                  | wounded, repelling missiles, 12% to hit)
 85260 | Depths:4 | Aim: the Enchantress, wielding a +1 rapier of draining,
                  | wearing the +3 faerie dragon scales {rCorr Int+5} and
                  | wearing a +1 buckler of poison resistance (moderately
                  | wounded, repelling missiles, 12% to hit)
 85260 | Depths:4 | Aim: the Enchantress, wielding a +1 rapier of draining,
                  | wearing the +3 faerie dragon scales {rCorr Int+5} and
                  | wearing a +1 buckler of poison resistance (moderately
                  | wounded, repelling missiles, 12% to hit)
 85261 | Depths:4 | Aim: the Enchantress, wielding a +1 rapier of draining,
                  | wearing the +3 faerie dragon scales {rCorr Int+5} and
                  | wearing a +1 buckler of poison resistance (almost dead,
                  | repelling missiles, 12% to hit)
 85261 | Depths:4 | Aim: the Enchantress, wielding a +1 rapier of draining,
                  | wearing the +3 faerie dragon scales {rCorr Int+5} and
                  | wearing a +1 buckler of poison resistance (almost dead,
                  | repelling missiles, 12% to hit)
 85262 | Depths:4 | Killed the Enchantress
 85281 | Depths:4 | Reached skill level 20 in Earth Magic
 85581 | Depths:4 | Got the Compendium of the Excursion and Frostbite
 85594 | Depths:4 | Learned a level 9 spell: Shatter
 85938 | Slime:1  | Entered Level 1 of the Pits of Slime
 85938 | Slime:1  | You fall into a shaft and drop 1 floor!
 87426 | Slime:3  | Noticed Dissolution
 87430 | Slime:3  | Killed Dissolution
 87431 | Slime:3  | Reached skill level 21 in Earth Magic
 87431 | Slime:3  | Reached XP level 27. HP: 183/183 MP: 32/45
 88702 | Slime:5  | Entered Level 5 of the Pits of Slime
 88769 | Slime:5  | Noticed the Royal Jelly
 88776 | Slime:5  | Killed the Royal Jelly
 88777 | Slime:5  | Reached skill level 22 in Earth Magic
 89077 | Slime:5  | You pick up a book of Storms and begin reading...
 89077 | Slime:5  | You add the spells Airstrike and Lightning Bolt to your
                  | library.
 89079 | Slime:5  | You pick up a book of Lightning and begin reading...
 89105 | Slime:5  | Identified the ring of Doczecle {Fly rPois Will- Int+6}
 89142 | Slime:5  | Identified the +3 robe "Junuqev" {rF+ rC+}
 89164 | Slime:5  | You pick up a book of Alchemy and begin reading...
 89169 | Slime:5  | Got a slimy rune of Zot
 89182 | Slime:5  | Got Tegg's Tractate on Vitiation and Grit
 90178 | Lair:1   | Identified the ring "Sarhodex" {*Corrode rC+ Str+3 SInv}
 90553 | Orc:2    | Bought a scroll of magic mapping for 112 gold pieces
 90583 | Elf:1    | Bought a potion of haste for 420 gold pieces
 90583 | Elf:1    | Bought a scroll of magic mapping for 315 gold pieces
 91444 | D:6      | Bought a scroll of teleportation for 42 gold pieces
 91444 | D:6      | Bought a scroll of magic mapping for 105 gold pieces
 91444 | D:6      | Bought a scroll of butterflies for 56 gold pieces
 91444 | D:6      | Bought a scroll of teleportation for 42 gold pieces
 91444 | D:6      | Bought a scroll of blinking for 105 gold pieces
 91444 | D:6      | Bought a scroll of teleportation for 42 gold pieces
 91452 | D:6      | Learned a level 5 spell: Irradiate
 91770 | Depths:4 | the +6 spear of the Living Dead {vorpal, rPois rN+ Dex+2
                  | Stlth+}; quicksilver dragon scales {rare}
 91778 | Zot:1    | Entered Level 1 of the Realm of Zot
 92164 | Zot:1    | Reached skill level 23 in Earth Magic
 92460 | Zot:1    | Noticed an electric golem
 92471 | Zot:1    | Killed an electric golem
 93477 | Zot:2    | Reached skill level 24 in Earth Magic
 93626 | Zot:2    | Identified the +7 short sword of Integrity {vamp, Str+2
                  | Int+3}
 93658 | Zot:2    | Noticed an orb of fire
 93658 | Zot:2    | Gained mutation: You are dopey. (Int -2) [an orb of fire]
 93665 | Zot:2    | Killed an orb of fire
 93994 | Zot:2    | Reached skill level 15 in Fighting
 94742 | Zot:2    | You pick up a book of the Spheres and begin reading...
 94742 | Zot:2    | You add the spells Iskenderun's Battlesphere, Conjure Ball
                  | Lightning and Orb of Destruction to your library.
 94928 | Zot:3    | Reached skill level 16 in Fighting
 95405 | Zot:3    | Found a runed translucent door.
 95405 | Zot:3    | Noticed Seshin's ghost (legendary MiBe)
 95434 | Zot:3    | Identified the +5 ring mail of the Armoured One {MP+9}
 95717 | Zot:3    | Killed Seshin's ghost
 95718 | Zot:3    | Reached skill level 19 in Spellcasting
 96018 | Zot:4    | quicksilver dragon scales {rare}; a quicksilver dragon
                  | corpse
 96494 | Zot:4    | Noticed a curse toe
 96503 | Zot:4    | Killed a curse toe
 96815 | Zot:4    | Identified +0 gold dragon scales
 96870 | Zot:4    | Noticed an orb of fire
 97184 | Zot:4    | Killed an orb of fire
 97267 | Zot:4    | Reached skill level 17 in Fighting
 97750 | Zot:4    | You pick up a book of Weapons and begin reading...
 97750 | Zot:4    | You add the spells Portal Projectile and Blade Hands to
                  | your library.
 97851 | Zot:4    | Noticed an electric golem
 97854 | Zot:4    | Killed an electric golem
 97978 | Zot:4    | Noticed an electric golem
 97984 | Zot:4    | Killed an electric golem
 98357 | Zot:5    | Entered Level 5 of the Realm of Zot
 99038 | Zot:4    | Lost mutation: You are dopey. (Int -2) [potion of mutation]
 99038 | Zot:4    | Lost mutation: You are clumsy. (Dex -2) [potion of
                  | mutation]
 99038 | Zot:4    | Gained mutation: Your mind is acute. (Int +4, Str/Dex -1)
                  | [potion of mutation]
 99038 | Zot:4    | Gained mutation: Your natural rate of healing is unusually
                  | fast. [potion of mutation]
 99138 | Depths:4 | Voluntarily entered the Abyss.
 99138 | Abyss:1  | Found a corrupted altar of Lugonu.
 99301 | Abyss:2  | Reached skill level 20 in Spellcasting
 99380 | Abyss:3  | Got an abyssal rune of Zot
 99425 | Depths:4 | You pass through the gate.
 99425 | Depths:4 | Escaped the Abyss
 99427 | Depths:4 | Reached skill level 18 in Fighting
 99604 | Hell     | Entered the Vestibule of Hell
 99604 | Hell     | Noticed Geryon
 99617 | Hell     | Killed Geryon
100495 | Hell     | Found a gateway to the freezing wastes of Cocytus.
100593 | Hell     | Found a gateway to the decaying netherworld of Tartarus.
100647 | Hell     | Found a gateway to the ashen valley of Gehenna.
100787 | Hell     | Found a gateway to the Iron City of Dis.
100869 | Pan      | Entered Pandemonium
101020 | Pan      | Reached skill level 11 in Dodging
101021 | Pan      | Noticed Tilluisi the pandemonium lord
101038 | Pan      | Killed Tilluisi the pandemonium lord
101284 | Pan      | a +3 double sword {rare}; a +0 chain mail; a demonspawn
                  | corpse
101409 | Pan      | Got a demonic rune of Zot
101928 | Pan      | Found an exit through the horrors of the Abyss.
102239 | Pan      | Noticed Suoc the pandemonium lord
102246 | Pan      | Killed Suoc the pandemonium lord
102475 | Pan      | Identified the +9 flail of Fate {antimagic, rC+ Dex+3}
103174 | Pan      | Noticed Saiwyuro the pandemonium lord
103177 | Pan      | Reached skill level 19 in Fighting
103179 | Pan      | Killed Saiwyuro the pandemonium lord
103180 | Pan      | Reached skill level 12 in Dodging
103339 | Pan      | Reached skill level 21 in Spellcasting
104436 | Depths:2 | You pass through the gate.
104436 | Depths:2 | Escaped Pandemonium
104758 | Elf:2    | Reached skill level 23 in Fire Magic
104818 | Elf:2    | a +0 triple sword of freezing {rare}; a +0 trident of venom
105107 | Elf:2    | a +0 triple sword of freezing {rare}; a +0 trident of venom
105383 | Shoals:1 | Killed Steak's ghost
105603 | D:15     | Killed Ryruocesk's ghost
105636 | D:15     | You add the spells Conjure Flame and Sticky Flame to your
                  | library.
105762 | Zig:1    | Entered Level 1 of a ziggurat
105816 | Zig:2    | Entered Level 2 of a ziggurat
105856 | Zig:2    | Acquired 1091 gold pieces
105861 | Zig:2    | Identified the +6 plate armour of the Thinker {-Tele rF-
                  | Regen+ SInv}
105865 | Zig:3    | Entered Level 3 of a ziggurat
105927 | Zig:3    | Identified the +2 robe of Teunuh {Regen+}
105930 | Zig:3    | Identified the +0 helmet of Biabohya {rElec rPois Str+5}
105936 | Zig:4    | Entered Level 4 of a ziggurat
105945 | Zig:4    | Noticed a dread lich
105953 | Zig:4    | Killed a dread lich
106025 | Zig:4    | Identified the ring "Xihulees" {Wiz rF- Will+ Slay+5}
106029 | Zig:4    | You pick up a book of Callings and begin reading...
106045 | Zig:5    | Entered Level 5 of a ziggurat
106049 | Zig:5    | Noticed a caustic shrike
106049 | Zig:5    | Noticed a caustic shrike
106052 | Zig:5    | Killed a caustic shrike
106055 | Zig:5    | Killed a caustic shrike
106141 | Zig:5    | You pick up a book of the Spheres and begin reading...
106142 | Zig:5    | Identified the +6 flail "Obluc" {freeze, Fragile Will+
                  | Int+3}
106150 | Zig:5    | You pick up a book of Maledictions and begin reading...
106150 | Zig:5    | You add the spells Anguish and Enfeeble to your library.
106157 | Zig:6    | Entered Level 6 of a ziggurat
106164 | Zig:6    | Reached skill level 13 in Dodging
106187 | Zig:6    | Identified the ring of Xom's Attic {rPois rC+}
106195 | Zig:7    | Entered Level 7 of a ziggurat
106202 | Zig:7    | Noticed Feqop the pandemonium lord
106236 | Zig:7    | HP: 37/200 [Feqop the pandemonium lord (20)]
106241 | Zig:7    | Killed Feqop the pandemonium lord
106404 | Zig:8    | Entered Level 8 of a ziggurat
106412 | Zig:8    | Noticed a juggernaut
106412 | Zig:8    | Noticed a juggernaut
106415 | Zig:8    | Killed a juggernaut
106415 | Zig:8    | Killed a juggernaut
106477 | Zig:8    | You add the spells Ensorcelled Hibernation and Inner Flame
                  | to your library.
106477 | Zig:8    | Got the Grimoire of Bewitchment
106479 | Zig:8    | You pick up a book of Frost and begin reading...
106500 | Zig:9    | Entered Level 9 of a ziggurat
106507 | Zig:9    | Noticed an orb of fire
106515 | Zig:9    | Killed an orb of fire
106661 | Zig:9    | Identified the +0 spear of Lust {venom, Drain Will+ Str+3}
106688 | Zig:10   | Entered Level 10 of a ziggurat
106696 | Zig:10   | Noticed an ancient lich
106704 | Zig:10   | Killed an ancient lich
106705 | Zig:10   | Reached skill level 20 in Fighting
106799 | Zig:10   | Identified the +10 flail of the Tundras {freeze, Dex+4}
106801 | Zig:10   | You pick up a book of Party Tricks and begin reading...
106802 | Zig:10   | Identified the +5 spear of Fiatujedy {flame, rF+ Will+}
106805 | Zig:10   | Reached skill level 22 in Spellcasting
106809 | Zig:10   | Learned a level 2 spell: Blink
106814 | Zig:10   | Learned a level 4 spell: Passage of Golubria
106814 | Zig:10   | Identified the +1 short sword of the Dove {vorpal, Fly rC-
                  | Str+3}
106833 | Zig:11   | Entered Level 11 of a ziggurat
106841 | Zig:11   | Noticed Qozxoha the pandemonium lord
106843 | Zig:11   | Reached skill level 1 in Translocations
106844 | Zig:11   | Killed Qozxoha the pandemonium lord
106849 | Zig:11   | Paralysed by a floating eye for 4 turns
106850 | Zig:11   | Reached skill level 2 in Translocations
106854 | Zig:11   | Reached skill level 3 in Translocations
106889 | Zig:11   | Identified the +5 rapier of Zaystad {venom, rPois Int+2
                  | Dex-4 SInv}
106895 | Zig:11   | Reached skill level 6 in Translocations
106902 | Zig:11   | Identified the +1 scale mail "Kirroyba" {Str+4 Dex-4 Slay+4
                  | SInv}
106925 | Zig:12   | Entered Level 12 of a ziggurat
106936 | Zig:12   | Noticed an electric golem
106936 | Zig:12   | Noticed an electric golem
106937 | Zig:12   | Noticed an electric golem
106937 | Zig:12   | Found the +3 Elemental Staff {rElec rF++ rC++ AC+5}
106939 | Zig:12   | Reached skill level 14 in Dodging
106940 | Zig:12   | Reached skill level 7 in Translocations
106941 | Zig:12   | Killed an electric golem
106942 | Zig:12   | Killed an electric golem
106942 | Zig:12   | Killed an electric golem
107031 | Zig:12   | You pick up a book of Blasting and begin reading...
107035 | Zig:12   | You pick up a book of Dreams and begin reading...
107040 | Zig:12   | +0 storm dragon scales {rare}; a condenser vane; a storm
                  | dragon corpse
107046 | Zig:12   | Identified the +2 short sword "Limap" {drain, rPois rC+ rN+
                  | Int-3}
107047 | Zig:12   | Identified the ring "Ficwikky" {Wiz Dex+3}
107066 | Zig:13   | Entered Level 13 of a ziggurat
107088 | Zig:13   | Reached skill level 8 in Translocations
107243 | Zig:13   | You pick up a book of the Warp and begin reading...
107245 | Zig:13   | Got the Enchiridion on Kinetic Excavation
107251 | Zig:13   | You pick up a book of the Earth and begin reading...
107272 | Zig:13   | Reached skill level 15 in Dodging
107287 | Zig:14   | Entered Level 14 of a ziggurat
107301 | Zig:14   | Reached skill level 9 in Translocations
107301 | Zig:14   | Reached skill level 24 in Fire Magic
107378 | Zig:14   | You pick up a book of Storms and begin reading...
107426 | Zig:15   | Entered Level 15 of a ziggurat
107437 | Zig:15   | Reached skill level 16 in Invocations
107438 | Zig:15   | Reached skill level 10 in Translocations
107609 | Zig:15   | Identified the +8 demon whip of Ydaiqeph {drain, *Rage
                  | Fragile rF+ Will+++}
107619 | Zig:15   | Identified the +4 glaive of Dosuejis {drain, Fly Dex+3}
107623 | Zig:15   | You pick up a book of Geomancy and begin reading...
107636 | Zig:15   | Identified the +6 falchion of Tizem {flame, Fragile rCorr
                  | Dex+3 Stlth+}
107678 | Zig:16   | Entered Level 16 of a ziggurat
107690 | Zig:16   | Reached skill level 17 in Invocations
107882 | Zig:16   | Identified the amulet "Hankotho" {Faith *Slow rElec rC++
                  | rCorr}
107889 | Zig:16   | You pick up a book of Burglary and begin reading...
107892 | Zig:16   | You pick up a book of Chaos and begin reading...
107901 | Zig:16   | Identified the +9 dagger of Fee Simple {protect, rF+ Int+2
                  | SInv}
107937 | Zig:17   | Entered Level 17 of a ziggurat
107949 | Zig:17   | Reached skill level 18 in Invocations
107969 | Zig:17   | Found the +5 lochaber axe {reach-cleave, poleaxe}
108001 | Zig:17   | Identified the +3 plate armour of the Known World {Harm rN+
                  | Regen+ MP+9}
108004 | Zig:17   | You pick up a book of the Moon and begin reading...
108017 | Zig:17   | You pick up a book of Fire and begin reading...
108062 | Zig:18   | Entered Level 18 of a ziggurat
108076 | Zig:18   | Reached skill level 19 in Invocations
108083 | Zig:18   | Reached skill level 20 in Invocations
108084 | Zig:18   | Reached skill level 1 in Throwing
108086 | Zig:18   | Found the +9 staff of Olgreb {rPoisโˆž}
108196 | Zig:18   | You pick up a book of the Spheres and begin reading...
108202 | Zig:18   | Identified the +6 scale mail of Uskiawa {Will++ Dex+6
                  | Slay-2}
108204 | Zig:18   | You pick up a book of Hexes and begin reading...
108206 | Zig:18   | You pick up a book of Cantrips and begin reading...
108207 | Zig:18   | Identified the +4 war axe "Orb Guardian's Bane" {holy,
                  | Str+2}
108209 | Zig:18   | Identified the +4 short sword of Distant Worlds {pain,
                  | *Rage rC+ Str+4}
108260 | Zig:19   | Entered Level 19 of a ziggurat
108275 | Zig:19   | Reached skill level 2 in Throwing
108275 | Zig:19   | Reached skill level 5 in Evocations
108277 | Zig:19   | Reached skill level 3 in Throwing
108277 | Zig:19   | Reached skill level 6 in Evocations
108280 | Zig:19   | Reached skill level 4 in Throwing
108286 | Zig:19   | Reached skill level 7 in Evocations
108390 | Zig:19   | Identified the amulet "Memoavud" {Faith rN+ Str-5 Int+4}
108396 | Zig:19   | Got the Cyclopedia of the Snake and Confrontation
108400 | Zig:19   | Got the Reference Book on Morbid Filth
108405 | Zig:19   | Identified the +8 dagger of the Pit {vorpal, Fly Int+3}
108413 | Zig:19   | Identified the ring "Siutughoi" {rPois Str+5}
108476 | Zig:20   | Entered Level 20 of a ziggurat
108500 | Zig:20   | Reached skill level 5 in Throwing
108503 | Zig:20   | Identified +0 gold dragon scales
108504 | Zig:20   | Reached skill level 6 in Throwing
108504 | Zig:20   | Reached skill level 8 in Evocations
108620 | Zig:20   | Found the +5 sword of Power {vorpal}
108623 | Zig:20   | You pick up a book of Spatial Translocations and begin
                  | reading...
108625 | Zig:20   | You pick up a book of the Spheres and begin reading...
108638 | Zig:20   | Identified the +3 plate armour of the Pits of Slime {rElec
                  | rPois}
108642 | Zig:20   | Identified the ring "Ifefi" {rElec MP+9 Int+6 Dex-2}
108668 | Zig:20   | You add the spells Malign Gateway and Summon Horrible
                  | Things to your library.
108676 | Zig:20   | Identified the +5 ring mail of the Telling Gods {Drain
                  | Will++ MP+9 Dex+3}
108677 | Zig:20   | Identified the +1 leather armour of Skepticism {+Blink
                  | Dex+2 Stlth+}
108729 | Zig:21   | Entered Level 21 of a ziggurat
108753 | Zig:21   | Noticed a curse skull
108753 | Zig:21   | Noticed Rueful's ghost (legendary TrWr)
108753 | Zig:21   | Noticed Micuom's ghost (legendary GnCj)
108753 | Zig:21   | Noticed EricTams's ghost (veteran MiBe)
108754 | Zig:21   | Noticed WeeknightWizard's ghost (veteran DEFE)
108754 | Zig:21   | Noticed Jeklifit's ghost (legendary FoFi)
108754 | Zig:21   | Noticed Xocw's ghost (legendary GrMo)
108754 | Zig:21   | Noticed a curse toe
108756 | Zig:21   | Reached skill level 7 in Throwing
108756 | Zig:21   | Reached skill level 9 in Evocations
108758 | Zig:21   | Killed a curse skull
108759 | Zig:21   | Noticed frimble's ghost (legendary DsEE)
108760 | Zig:21   | Noticed a curse toe
108760 | Zig:21   | Noticed Evehuixoju's ghost (legendary VSFi)
108762 | Zig:21   | Reached skill level 23 in Spellcasting
108763 | Zig:21   | Killed WeeknightWizard's ghost
108780 | Zig:21   | Killed EricTams's ghost
108786 | Zig:21   | Killed a curse toe
108792 | Zig:21   | Killed Jeklifit's ghost
108793 | Zig:21   | Reached skill level 8 in Throwing
108794 | Zig:21   | Killed Evehuixoju's ghost
108795 | Zig:21   | Reached skill level 10 in Evocations
108798 | Zig:21   | Killed Xocw's ghost
108800 | Zig:21   | Killed a curse toe
108807 | Zig:21   | Killed Micuom's ghost
108810 | Zig:21   | Killed frimble's ghost
108821 | Zig:21   | Killed Rueful's ghost
108987 | Zig:21   | Identified the +5 spear of Mips {vorpal, *Noise rCorr
                  | Stlth+}
108988 | Zig:21   | Identified the +3 eveningstar "Baruh" {speed, Int+6}
108989 | Zig:21   | T - the +3 eveningstar "Baruh" {speed, Int+6, rare}
108996 | Zig:21   | Identified the +0 ring mail "Vaatonin" {Drain rCorr Int+7
                  | Slay+3}
108998 | Zig:21   | Reached skill level 10 in Throwing
109004 | Zig:21   | Identified the +6 hand axe "Xek Yrr" {spect, rN+ Int+2}
109007 | Zig:21   | Identified the +5 morningstar "Jinoutte" {elec, rElec rCorr
                  | Int+4}
109017 | Zig:21   | Identified the +6 chain mail "Iluehoaps" {rF+ Int+2}
109059 | Zig:21   | You drop the +3 eveningstar "Baruh" {speed, Int+6, rare}.
109079 | Zig:22   | Entered Level 22 of a ziggurat
109100 | Zig:22   | Reached skill level 11 in Evocations
109103 | Zig:22   | Reached skill level 11 in Throwing
109103 | Zig:22   | Reached skill level 24 in Spellcasting
109144 | Zig:22   | Found the +3 salamander hide armour {Flames rF++ rC--}
109180 | Zig:22   | Got the Tome of Transmogrification and Enchantment
109183 | Zig:22   | Got Janat's Vellum of the Voltaic Pyre
109195 | Zig:22   | Learned a level 9 spell: Chain Lightning
109210 | Zig:22   | Identified the +1 robe of the Northern Lights {Stlth+}
109222 | Zig:22   | Identified the +8 spear of Koineock {antimagic, *Noise
                  | rPois Dex+5}
109289 | Zig:23   | Entered Level 23 of a ziggurat
109301 | Zig:23   | Noticed a juggernaut
109302 | Zig:23   | Noticed a juggernaut
109303 | Zig:23   | Noticed a juggernaut
109303 | Zig:23   | Noticed a juggernaut
109305 | Zig:23   | Killed a juggernaut
109305 | Zig:23   | Killed a juggernaut
109306 | Zig:23   | Reached skill level 3 in Air Magic
109307 | Zig:23   | Killed a juggernaut
109308 | Zig:23   | Reached skill level 4 in Air Magic
109308 | Zig:23   | Noticed a juggernaut
109310 | Zig:23   | Killed a juggernaut
109311 | Zig:23   | Reached skill level 5 in Air Magic
109311 | Zig:23   | Noticed a juggernaut
109312 | Zig:23   | Reached skill level 6 in Air Magic
109312 | Zig:23   | Killed a juggernaut
109314 | Zig:23   | Reached skill level 15 in Conjurations
109320 | Zig:23   | Killed a juggernaut
109321 | Zig:23   | Reached skill level 7 in Air Magic
109537 | Zig:23   | Found the +7 Spriggan's Knife {stab, EV+4 Stlth+}
109560 | Zig:23   | You pick up a book of Scorching and begin reading...
109569 | Zig:23   | You pick up a book of Unlife and begin reading...
109578 | Zig:23   | Identified the +11 war axe of Fesit {vorpal, Stlth+}
109580 | Zig:23   | Identified the +1 glaive "Nute Zuo" {holy, rF- rC+ rN+
                  | SInv}
109611 | Zig:23   | Reached skill level 5 in Staves
109612 | Zig:23   | Reached skill level 9 in Air Magic
109634 | Zig:24   | Entered Level 24 of a ziggurat
109655 | Zig:24   | Paralysed by an air elemental for 1 turns
109657 | Zig:24   | Reached skill level 10 in Air Magic
109662 | Zig:24   | Reached skill level 11 in Air Magic
109667 | Zig:24   | Paralysed by an air elemental for 1 turns
109668 | Zig:24   | a +0 quick blade {rare}; a +0 quick blade {rare}; a +0
                  | leather armour
109745 | Zig:24   | You pick up a book of the Earth and begin reading...
109746 | Zig:24   | Identified the ring "Qyddop" {rPois Will+ rCorr Dex+3
                  | Stlth+}
109749 | Zig:24   | You pick up a book of Maledictions and begin reading...
109754 | Zig:24   | You pick up a book of the Sky and begin reading...
109764 | Zig:24   | Identified the +10 shortbow of Law {flame, Fly Will+ rCorr}
109768 | Zig:24   | You pick up a book of Touch and begin reading...
109839 | Zig:25   | Entered Level 25 of a ziggurat
109859 | Zig:25   | Noticed an ancient lich
109863 | Zig:25   | Killed an ancient lich
109864 | Zig:25   | Reached skill level 16 in Conjurations
109864 | Zig:25   | Reached skill level 12 in Air Magic
109870 | Zig:25   | Reached skill level 13 in Air Magic
109886 | Zig:25   | You are cast into the Abyss!
109886 | Abyss:3  | Cast into level 3 of the Abyss (spatial maelstrom)
110130 | Abyss:3  | Reached skill level 14 in Air Magic
110161 | Zig:25   | You pass through the gate.
110161 | Zig:25   | Escaped the Abyss
110394 | Zig:25   | Identified the +6 great mace of the Fray {freeze, rF+}
110396 | Zig:25   | You pick up a book of Chaos and begin reading...
110398 | Zig:25   | You pick up a book of the Tundra and begin reading...
110413 | Zig:25   | You pick up a book of the Hunter and begin reading...
110572 | Zig:26   | Entered Level 26 of a ziggurat
110594 | Zig:26   | Reached skill level 17 in Conjurations
110599 | Zig:26   | Reached skill level 15 in Air Magic
110648 | Zig:26   | Identified the +5 scale mail of Eternity {Fly rCorr Dex+2}
110654 | Zig:26   | You pick up a book of Vapours and begin reading...
110656 | Zig:26   | You pick up a book of Alchemy and begin reading...
110659 | Zig:26   | You pick up a book of the Moon and begin reading...
110660 | Zig:26   | Identified the +12 battleaxe of Seull {pain, rF++ rN+ Int-3
                  | Stlth+}
110671 | Zig:26   | You pick up a book of the Hunter and begin reading...
110682 | Zig:26   | Identified the amulet of the Cricket {-Cast rN+ Regen+
                  | Dex+2 SInv}
110685 | Zig:26   | Identified the +10 dire flail "Ileqiede" {flame, rN+ Will+
                  | Stlth+}
110694 | Zig:26   | Identified the ring of Kuacustug {rPois Dex+6 Stlth+}
110864 | Zig:27   | Entered Level 27 of a ziggurat
110885 | Zig:27   | Reached skill level 16 in Air Magic
110890 | Zig:27   | Identified +0 gold dragon scales
110891 | Zig:27   | Reached skill level 18 in Conjurations
110891 | Zig:27   | Reached skill level 17 in Air Magic
110891 | Zig:27   | Identified +0 gold dragon scales
110891 | Zig:27   | Identified +0 gold dragon scales
110895 | Zig:27   | Identified +0 gold dragon scales
110898 | Zig:27   | +0 gold dragon scales {rare}; a golden dragon corpse
110900 | Zig:27   | +0 gold dragon scales {rare}; a golden dragon corpse
110906 | Zig:27   | Reached skill level 18 in Air Magic
110960 | Zig:27   | Found the +0 staff of Battle
110969 | Zig:27   | You pick up a book of Frost and begin reading...
110984 | Zig:27   | Identified the +6 morningstar of Cisann {flame, rElec rF+++
                  | rC-}
110989 | Zig:27   | Identified the ring "Winuno" {Will+ rCorr}
110992 | Zig:27   | Identified the +11 mace of Classification {vorpal, rC+
                  | Will+}
111000 | Zig:27   | Reached skill level 19 in Conjurations
111097 | Zig:27   | +0 gold dragon scales {rare}; a golden dragon skeleton
111204 | Pan      | Entered Pandemonium
111380 | Pan      | Noticed Vefoaboh the pandemonium lord
111385 | Pan      | Killed Vefoaboh the pandemonium lord
111506 | Pan      | Identified the +10 shortbow of the Thing {flame, rC+}
112013 | Pan      | Entered the realm of Lom Lobon.
112127 | Pan      | Reached skill level 19 in Air Magic
112403 | Pan      | Acquired the Compilation of the Burning Wind
112404 | Pan      | You add the spells Foxfire and Fire Storm to your library.
112592 | Pan      | Noticed Lom Lobon
112971 | Pan      | Killed Lom Lobon
113055 | Pan      | Got a magical rune of Zot
113523 | Pan      | Reached skill level 25 in Spellcasting
113551 | Pan      | Reached skill level 20 in Air Magic
113563 | Pan      | Found an exit through the horrors of the Abyss.
113637 | Pan      | Noticed Lapah the pandemonium lord
113643 | Pan      | Killed Lapah the pandemonium lord
114023 | Pan      | You pick up a book of Scorching and begin reading...
114215 | Pan      | Noticed Amul the pandemonium lord
114221 | Pan      | Killed Amul the pandemonium lord
114306 | Pan      | Reached skill level 16 in Dodging
114492 | Pan      | Reached skill level 20 in Conjurations
114876 | Pan      | Found an exit through the horrors of the Abyss.
115154 | Pan      | Reached skill level 21 in Air Magic
115439 | Pan      | Noticed Qaeq the pandemonium lord
115448 | Pan      | Killed Qaeq the pandemonium lord
115599 | Pan      | You pick up a book of Dangerous Friends and begin
                  | reading...
115757 | Pan      | Reached skill level 17 in Dodging
116756 | Pan      | You pick up a book of Misfortune and begin reading...
116825 | Pan      | Found a transporter.
116875 | Pan      | Got the Discursus on Hindering Blasts
117007 | Pan      | Found a transporter.
117636 | Pan      | Identified the amulet "Rety" {Spirit rF+}
117644 | Pan      | Identified the +5 great sword of Dusutegg {drain, rPois
                  | rCorr Dex-3}
117649 | Pan      | Identified the ring "Otzisai" {+Blink rElec rPois Will+
                  | Slay-4}
117726 | Pan      | Reached skill level 21 in Conjurations
117785 | Pan      | Got Naetei Hugaff's Compendium of Conflagrant Blasting
117925 | Pan      | Noticed Vumebiq the pandemonium lord
117928 | Pan      | Gained mutation: You occasionally lose the ability to drink
                  | potions when taking damage. [a cacodemon]
117937 | Pan      | Paralysed by you for 2 turns
117942 | Pan      | Killed Vumebiq the pandemonium lord
118686 | Pan      | Identified the +2 pair of gloves of Celuhatz {rElec MP+9}
118745 | Pan      | Reached skill level 22 in Air Magic
118757 | Pan      | Reached skill level 18 in Dodging
118959 | Pan      | Noticed Unum the pandemonium lord
118965 | Pan      | Killed Unum the pandemonium lord
119185 | Pan      | Found an exit through the horrors of the Abyss.
120222 | Pan      | Found an exit through the horrors of the Abyss.
120704 | Pan      | Noticed Celam the pandemonium lord
120718 | Pan      | Killed Celam the pandemonium lord
120719 | Pan      | Reached skill level 22 in Conjurations
120968 | Pan      | Reached skill level 19 in Dodging
121214 | Pan      | Got Yjak Fade's Textbook on Transmutation and Pollution
121721 | Pan      | You pick up a book of the Sky and begin reading...
122370 | Pan      | Reached skill level 12 in Throwing
122388 | Pan      | Noticed Goton the pandemonium lord
122390 | Pan      | Killed Goton the pandemonium lord
122568 | Pan      | Reached skill level 17 in Necromancy
122638 | Pan      | Entered the realm of Cerebov.
122844 | Pan      | Found the +6 sword of Cerebov {flame}
122844 | Pan      | Cerebov, Demon Lord of Fire and Steel comes into view. They
                  | are wielding the +6 sword of Cerebov {flame}.
122844 | Pan      | Noticed Cerebov
122850 | Pan      | Aim: Cerebov, wielding the +6 sword of Cerebov {flame}
                  | (fast, 87% to hit)
122850 | Pan      | Aim: Cerebov, wielding the +6 sword of Cerebov {flame}
                  | (fast, 87% to hit)
122862 | Pan      | Killed Cerebov
122863 | Pan      | Reached skill level 13 in Throwing
122863 | Pan      | Reached skill level 20 in Dodging
123059 | Pan      | Got a fiery rune of Zot
123085 | Pan      | Identified the amulet "Unulan" {Acrobat rC+ Int+2}
123087 | Pan      | Identified the ring "Neitugg" {AC+4 Dex+6}
123110 | Pan      | Identified the +7 plate armour of Impressiveness {rF+ SInv
                  | Stlth+}
123114 | Pan      | Identified the +9 glaive of Instinct {elec, rF+}
123297 | Pan      | Got The Lost Folio of the Archmage
123336 | Pan      | Identified the +7 kite shield of Plasticity {rElec Regen+
                  | rCorr Dex-5}
123337 | Pan      | Identified the +4 quarterstaff of Valuable Assets {drain,
                  | rElec}
123338 | Pan      | Identified the +3 eveningstar of a Billion Planets {vorpal,
                  | Int+4}
123344 | Pan      | Identified the +2 spear of the Pit {flame, rN+ Str-2 Int+3
                  | Dex+2}
123352 | Pan      | Could not pick up the +3 eveningstar of a Billion Planets
                  | {vorpal, Int+4, rare} here; ([A]lways) ignore it?
123352 | Pan      | Could not pick up the +3 eveningstar of a Billion Planets
                  | {vorpal, Int+4, rare} here; ([A]lways) ignore it?
123353 | Pan      | Identified the +5 war axe "Poeguv" {venom, *Slow rPois
                  | Will+}
123505 | Pan      | Reached skill level 23 in Air Magic
123540 | Pan      | Reached skill level 14 in Throwing
123676 | Pan      | Reached skill level 13 in Transmutations
123726 | Pan      | Got the Essays on Evil Deeds and Ozone
124133 | Pan      | a +4 double sword of protection {rare}; a +0 chain mail; a
                  | +0 tower shield of protection
124167 | Pan      | Found an exit through the horrors of the Abyss.
124308 | Pan      | Entered the realm of Gloorx Vloq.
124327 | Pan      | Reached skill level 15 in Throwing
124739 | Pan      | Reached skill level 14 in Transmutations
124990 | Pan      | Reached skill level 24 in Air Magic
124990 | Pan      | Noticed Gloorx Vloq
125006 | Pan      | Noticed a curse skull
125011 | Pan      | Killed Gloorx Vloq
125012 | Pan      | Killed a curse skull
125015 | Pan      | Noticed a curse skull
125016 | Pan      | Killed a curse skull
125092 | Pan      | Got a dark rune of Zot
125231 | Pan      | Entered the realm of Mnoleg.
125435 | Pan      | Paralysed by a floating eye for 2 turns
125598 | Pan      | You pick up a book of Displacement and begin reading...
125937 | Pan      | Found an exit through the horrors of the Abyss.
126050 | Pan      | Paralysed by a floating eye for 3 turns
126589 | Pan      | Noticed Mnoleg
126597 | Pan      | Killed Mnoleg
126901 | Pan      | Identified the +2 dagger of Triumph {speed, rElec Int+2}
126948 | Pan      | Got a glowing rune of Zot
127067 | Pan      | You pick up a book of Storms and begin reading...
127103 | Pan      | Reached skill level 21 in Fighting
127229 | Pan      | Noticed Ignacio
127236 | Pan      | Killed Ignacio
127237 | Pan      | Found a huge runed translucent gate.
127238 | Pan      | Found a huge runed translucent gate.
127239 | Pan      | Found a huge runed translucent gate.
127239 | Pan      | Found a huge runed translucent gate.
127239 | Pan      | Found a huge runed translucent gate.
127239 | Pan      | Found a huge runed translucent gate.
127240 | Pan      | Found a huge runed translucent gate.
127241 | Pan      | Noticed Atesapt the pandemonium lord
127250 | Pan      | Killed Atesapt the pandemonium lord
127540 | Pan      | Gained mutation: You sometimes lose the ability to drink
                  | potions when taking damage. [a neqoxec]
127656 | Pan      | Reached skill level 26 in Spellcasting
127772 | Pan      | Gained mutation: Your body sometimes deteriorates upon
                  | taking damage. [a neqoxec]
127788 | Pan      | Noticed Ewew the pandemonium lord
128119 | Pan      | Noticed Neff the pandemonium lord
128126 | Pan      | Killed Neff the pandemonium lord
128551 | Pan      | Found an exit through the horrors of the Abyss.
128835 | Pan      | Reached skill level 22 in Fighting
128835 | Pan      | Reached skill level 6 in Staves
128944 | Pan      | Took an exit into the Abyss.
128944 | Abyss:3  | You pass through the gate.
128944 | Abyss:3  | Escaped into the Abyss
128944 | Abyss:3  | Found a corrupted altar of Lugonu.
128947 | Depths:2 | You pass through the gate.
128947 | Depths:2 | Escaped the Abyss
128949 | Depths:2 | Upgraded the game from 0.30-a0-29-g142975f185 to
                  | 0.30-a0-42-g806c11bf1d
128949 | Depths:2 | magus.rc [v1.11.3]
129012 | Geh:1    | Entered Level 1 of Gehenna
129020 | Hell     | Lost mutation: Your mind is acute. (Int +4, Str/Dex -1)
                  | [potion of mutation]
129020 | Hell     | Lost mutation: Your natural rate of healing is unusually
                  | fast. [potion of mutation]
129020 | Hell     | Gained mutation: You are agile. (Dex +4, Str/Int -1)
                  | [potion of mutation]
129020 | Hell     | Gained mutation: You are dopey. (Int -2) [potion of
                  | mutation]
129021 | Hell     | Lost mutation: You are dopey. (Int -2) [potion of mutation]
129021 | Hell     | Lost mutation: You are agile. (Dex +4, Str/Int -1) [potion
                  | of mutation]
129021 | Hell     | Gained mutation: You are clumsy. (Dex -2) [potion of
                  | mutation]
129021 | Hell     | Gained mutation: You have a pair of small antennae on your
                  | head. [potion of mutation]
129022 | Hell     | Lost mutation: Your body sometimes deteriorates upon taking
                  | damage. [potion of mutation]
129022 | Hell     | Lost mutation: You are clumsy. (Dex -2) [potion of
                  | mutation]
129022 | Hell     | Lost mutation: You have a pair of small antennae on your
                  | head. [potion of mutation]
129022 | Hell     | Gained mutation: One of your tentacles bears a spike.
                  | [potion of mutation]
129022 | Hell     | Gained mutation: You are strong-willed. (Will+) [potion of
                  | mutation]
129023 | Hell     | Lost mutation: You are strong-willed. (Will+) [potion of
                  | mutation]
129023 | Hell     | Lost mutation: You sometimes lose the ability to drink
                  | potions when taking damage. [potion of mutation]
129023 | Hell     | Lost mutation: You occasionally lose the ability to drink
                  | potions when taking damage. [potion of mutation]
129023 | Hell     | Gained mutation: Your muscles are strong. (Str +4, Int/Dex
                  | -1) [potion of mutation]
129023 | Hell     | Gained mutation: Your natural rate of healing is unusually
                  | fast. [potion of mutation]
129230 | Geh:1    | Reached skill level 7 in Staves
129371 | Geh:2    | Reached skill level 8 in Staves
129713 | Geh:4    | Reached skill level 9 in Staves
129787 | Geh:5    | Found a runed translucent gate.
129787 | Geh:5    | Found a runed translucent gate.
129794 | Geh:5    | Found a runed translucent gate.
129795 | Geh:5    | Found a runed translucent gate.
129796 | Geh:5    | Found a runed translucent gate.
129798 | Geh:5    | Found a runed translucent gate.
129798 | Geh:5    | Found a runed translucent gate.
129798 | Geh:5    | Found a runed translucent gate.
129798 | Geh:5    | Found a runed translucent gate.
129800 | Geh:5    | Found a runed translucent gate.
129800 | Geh:5    | Found a runed translucent gate.
129800 | Geh:5    | Found a runed translucent gate.
129809 | Geh:5    | You are sucked into a shaft and drop 1 floor!
129843 | Geh:7    | Entered Level 7 of Gehenna
129921 | Geh:7    | Reached skill level 10 in Staves
130000 | Geh:7    | Reached skill level 11 in Staves
130248 | Geh:7    | Reached skill level 12 in Staves
130458 | Geh:7    | Reached skill level 23 in Fighting
130622 | Geh:7    | Reached skill level 27 in Spellcasting
130791 | Geh:7    | Reached skill level 13 in Staves
131052 | Geh:7    | You pick up a book of Chaos and begin reading...
131148 | Geh:7    | Found the +7 sceptre of Asmodeus
131148 | Geh:7    | Noticed Asmodeus
131148 | Geh:7    | Asmodeus, Prince of Gehenna comes into view. He is wielding
                  | the +7 sceptre of Asmodeus.
131160 | Geh:7    | Killed Asmodeus
131161 | Geh:7    | Reached skill level 14 in Staves
131440 | Geh:7    | Got an obsidian rune of Zot
131561 | Dis:1    | Entered Level 1 of the Iron City of Dis
132076 | Dis:6    | Noticed a caustic shrike
132076 | Dis:6    | Noticed a caustic shrike
132076 | Dis:6    | Noticed a caustic shrike
132078 | Dis:6    | Noticed a caustic shrike
132080 | Dis:6    | Noticed a caustic shrike
132081 | Dis:6    | Killed a caustic shrike
132081 | Dis:6    | Killed a caustic shrike
132082 | Dis:6    | Killed a caustic shrike
132082 | Dis:6    | Killed a caustic shrike
132085 | Dis:6    | Killed a caustic shrike
132233 | Dis:6    | Noticed a caustic shrike
132233 | Dis:6    | Noticed a caustic shrike
132233 | Dis:6    | Noticed a caustic shrike
132235 | Dis:6    | Killed a caustic shrike
132235 | Dis:6    | Killed a caustic shrike
132235 | Dis:6    | Killed a caustic shrike
132253 | Dis:7    | Entered Level 7 of the Iron City of Dis
132404 | Dis:7    | Noticed a caustic shrike
132409 | Dis:7    | Killed a caustic shrike
132486 | Dis:7    | Reached skill level 21 in Dodging
132490 | Dis:7    | Noticed a caustic shrike
132499 | Dis:7    | Killed a caustic shrike
132673 | Dis:7    | Noticed a caustic shrike
132677 | Dis:7    | Killed a caustic shrike
132686 | Dis:7    | Noticed a juggernaut
132697 | Dis:7    | Killed a juggernaut
132699 | Dis:7    | Reached skill level 24 in Fighting
132931 | Dis:7    | Noticed a caustic shrike
132939 | Dis:7    | Killed a caustic shrike
132946 | Dis:7    | Reached skill level 18 in Necromancy
133920 | Dis:7    | Noticed a juggernaut
133927 | Dis:7    | Killed a juggernaut
134065 | Dis:7    | Got the Precepts of the Oath
134067 | Dis:7    | You pick up a book of Rime and begin reading...
134082 | Dis:7    | You pick up a book of Rime and begin reading...
134305 | Dis:7    | Reached skill level 22 in Dodging
134307 | Dis:7    | Noticed a juggernaut
134315 | Dis:7    | Killed a juggernaut
134456 | Dis:7    | Found the +4 staff of Dispater
134456 | Dis:7    | Dispater, Lord of the Iron City comes into view. They are
                  | wielding the +4 staff of Dispater.
134456 | Dis:7    | Noticed Dispater
134459 | Dis:7    | Aim: Dispater, wielding the +4 staff of Dispater (98% to
                  | hit)
134459 | Dis:7    | Aim: Dispater, wielding the +4 staff of Dispater (98% to
                  | hit)
134465 | Dis:7    | Killed Dispater
134567 | Dis:7    | Got an iron rune of Zot
134772 | Tar:1    | Entered Level 1 of Tartarus
135437 | Tar:4    | Reached skill level 25 in Air Magic
135437 | Tar:4    | Reached skill level 25 in Earth Magic
135812 | Tar:7    | Entered Level 7 of Tartarus
135820 | Tar:7    | Reached skill level 19 in Necromancy
136607 | Tar:7    | Reached skill level 23 in Dodging
136621 | Tar:7    | Reached skill level 25 in Fighting
136653 | Tar:7    | Noticed the Serpent of Hell
136659 | Tar:7    | Killed the Serpent of Hell
136936 | Tar:7    | Identified the ring "Duusaj Reko" {Fly rElec rC+}
137280 | Tar:7    | Noticed an ancient lich
137280 | Tar:7    | Noticed a dread lich
137280 | Tar:7    | Noticed a dread lich
137283 | Tar:7    | Killed an ancient lich
137284 | Tar:7    | Killed a dread lich
137284 | Tar:7    | Killed a dread lich
137291 | Tar:7    | Identified the +2 arbalest of Exoneration {penet, rPois
                  | Int+4}
137384 | Tar:7    | Reached skill level 20 in Necromancy
137459 | Tar:7    | Got the Disquisition on the Gritty Stinger
137471 | Tar:7    | Identified the ring "Unuilugo" {rElec AC+4 Int+3 Dex+4}
137487 | Tar:7    | You pick up a book of Burglary and begin reading...
137606 | Tar:7    | Noticed Ereshkigal
137625 | Tar:7    | Killed Ereshkigal
137864 | Tar:7    | Got a bone rune of Zot
137980 | Coc:1    | Entered Level 1 of Cocytus
138509 | Coc:4    | Paralysed by a wendigo for 1 turns
138514 | Coc:4    | Reached skill level 26 in Air Magic
138734 | Coc:5    | Reached skill level 21 in Necromancy
139085 | Coc:7    | Entered Level 7 of Cocytus
139095 | Coc:7    | Paralysed by a wendigo for 1 turns
139319 | Coc:7    | Paralysed by a wendigo for 1 turns
139380 | Coc:7    | Reached skill level 24 in Dodging
139396 | Coc:7    | Paralysed by a wendigo for 1 turns
139468 | Coc:7    | Reached skill level 22 in Necromancy
139485 | Coc:7    | Noticed Antaeus
139494 | Coc:7    | Reached skill level 26 in Fighting
139510 | Coc:7    | Killed Antaeus
139748 | Coc:7    | You pick up a book of the Warp and begin reading...
139755 | Coc:7    | Got an icy rune of Zot
139767 | Coc:7    | You pick up a book of Decay and begin reading...
140048 | Coc:7    | Paralysed by a wendigo for 1 turns
140066 | Coc:7    | Noticed an ancient lich
140072 | Coc:7    | Killed an ancient lich
140237 | Coc:7    | You pick up a book of Maledictions and begin reading...
140241 | Coc:7    | Got the Discursus on Malediction
140248 | Coc:7    | You pick up a book of the Wilderness and begin reading...
140258 | Coc:7    | You pick up a book of the Earth and begin reading...
140543 | Zig:1    | Entered Level 1 of a ziggurat
140567 | Zig:2    | Entered Level 2 of a ziggurat
140605 | Zig:3    | Entered Level 3 of a ziggurat
140614 | Zig:3    | Gained mutation: You are clumsy. (Dex -2) [a shining eye]
140646 | Zig:4    | Entered Level 4 of a ziggurat
140656 | Zig:4    | Reached skill level 27 in Air Magic
140684 | Zig:4    | Reached skill level 16 in Throwing
140688 | Zig:5    | Entered Level 5 of a ziggurat
140748 | Zig:5    | Identified the +4 shortbow "Fopn" {freeze, rC+ SInv}
140761 | Zig:5    | Identified the +8 great sword "Tafron" {holy, rF- rCorr
                  | Stlth+}
140766 | Zig:6    | Entered Level 6 of a ziggurat
140774 | Zig:6    | Reached skill level 27 in Fighting
140774 | Zig:6    | Reached skill level 25 in Dodging
140799 | Zig:6    | Identified the ring "Yprugroc" {Str+5 Int+6}
140820 | Zig:7    | Entered Level 7 of a ziggurat
140825 | Zig:7    | Noticed a curse skull
140825 | Zig:7    | Noticed a curse skull
140827 | Zig:7    | Killed a curse skull
140827 | Zig:7    | Killed a curse skull
140867 | Zig:7    | Identified the +8 whip of Courage {vorpal, Str+4}
140870 | Zig:7    | Identified the +1 cloak of Rotation {Harm Int+4 Stlth+}
140872 | Zig:7    | Identified the +6 chain mail "Zitugga" {Str+3 Int+4}
140887 | Zig:8    | Entered Level 8 of a ziggurat
140938 | Zig:8    | Identified the +6 chain mail "Xibo" {Rampage rElec Regen+
                  | Str+4 Int-3}
140943 | Zig:8    | Identified the +2 pair of boots "Rutot" {+Inv rElec rPois
                  | Int-4}
140944 | Zig:8    | Identified the ring of Yredelemnul's Reproof {rElec Will-
                  | MP+9 EV+4 Str+8}
140954 | Zig:9    | Entered Level 9 of a ziggurat
141012 | Zig:9    | Identified the ring "Qyten" {rElec rF+ rCorr Dex+4}
141024 | Zig:9    | Got the Reference Book on Terra Firma and Accompaniment
141030 | Zig:10   | Entered Level 10 of a ziggurat
141039 | Zig:10   | Reached skill level 26 in Dodging
141064 | Zig:10   | Got the Commentary on Interference
141066 | Zig:10   | Identified the +6 dagger of Slime {flame, Str+6}
141070 | Zig:10   | You pick up a book of Dangerous Friends and begin
                  | reading...
141077 | Zig:10   | Identified the +2 robe of Sandy Liberty {rN+ Slay+3}
141082 | Zig:11   | Entered Level 11 of a ziggurat
141085 | Zig:11   | Noticed a royal mummy
141086 | Zig:11   | Noticed a royal mummy
141086 | Zig:11   | Noticed a royal mummy
141087 | Zig:11   | Noticed a royal mummy
141089 | Zig:11   | Killed a royal mummy
141090 | Zig:11   | Killed a royal mummy
141090 | Zig:11   | Killed a royal mummy
141090 | Zig:11   | Noticed a royal mummy
141091 | Zig:11   | Reached skill level 12 in Evocations
141093 | Zig:11   | Killed a royal mummy
141099 | Zig:11   | Killed a royal mummy
141100 | Zig:11   | Reached skill level 17 in Throwing
141353 | Zig:11   | Got Sif Muna's Papyrus of Burning Accompaniment
141361 | Zig:11   | Got the Spellbook of Fire and Iniquitous Secrets
141363 | Zig:11   | Got Qemeq's Parchment of Destructive Variation
141368 | Zig:11   | Identified the +3 shortbow of Fatigue {flame, Dex+8}
141378 | Zig:12   | Entered Level 12 of a ziggurat
141387 | Zig:12   | Found the +5 robe of Misfortune {Harm *Corrode *Slow EV+5}
141389 | Zig:12   | Reached skill level 13 in Evocations
141439 | Zig:12   | Identified the ring "Juny" {rF+ Int+4}
141454 | Zig:13   | Entered Level 13 of a ziggurat
141459 | Zig:13   | Noticed Okhaetuqa the pandemonium lord
141463 | Zig:13   | Reached skill level 11 in Shields
141463 | Zig:13   | Killed Okhaetuqa the pandemonium lord
141464 | Zig:13   | Reached skill level 14 in Evocations
141687 | Zig:13   | You pick up a book of Party Tricks and begin reading...
141691 | Zig:13   | You pick up a book of Changes and begin reading...
141705 | Zig:14   | Entered Level 14 of a ziggurat
141714 | Zig:14   | Paralysed by an air elemental for 1 turns
141722 | Zig:14   | Reached skill level 18 in Throwing
141722 | Zig:14   | Reached skill level 27 in Dodging
141722 | Zig:14   | Reached skill level 15 in Evocations
141792 | Zig:14   | Got the Vellum of the Volcanoes and Filth
141795 | Zig:14   | Got the Directory of Non-Euclidean Glamour
141796 | Zig:14   | Identified the +4 whip "Wuiqidit" {drain, Str+4}
141799 | Zig:14   | Identified the -1 pair of boots of Filigreed Awe {Regen+
                  | Int+6 Slay-6}
141801 | Zig:14   | Identified the +7 mace "Jiykats" {vorpal, *Rage rElec Str+4
                  | Int+5}
141806 | Zig:14   | Identified the amulet "Mipaatumn" {rPois rF+ Regen+ SInv}
141810 | Zig:14   | Got the Secrets of Left-Handed Secrets and the Tesseract
141818 | Zig:15   | Entered Level 15 of a ziggurat
141827 | Zig:15   | Noticed an ancient lich
141827 | Zig:15   | Noticed a curse skull
141827 | Zig:15   | Noticed an ancient lich
141827 | Zig:15   | Noticed an ancient lich
141828 | Zig:15   | Noticed a curse skull
141828 | Zig:15   | Noticed a curse skull
141830 | Zig:15   | Reached skill level 12 in Shields
141830 | Zig:15   | Killed an ancient lich
141830 | Zig:15   | Killed an ancient lich
141830 | Zig:15   | Noticed a curse skull
141831 | Zig:15   | Reached skill level 19 in Throwing
141831 | Zig:15   | Killed a curse skull
141831 | Zig:15   | Killed a curse skull
141831 | Zig:15   | Killed an ancient lich
141831 | Zig:15   | Killed a curse skull
141832 | Zig:15   | Reached skill level 13 in Shields
141835 | Zig:15   | Killed a curse skull
141899 | Zig:15   | Got the Secrets of Weather and Jinxing
141901 | Zig:15   | Reached skill level 20 in Throwing
141902 | Zig:15   | Identified the ring of Burevy Jeak {+Blink rF- rN+ Will-
                  | Stlth+}
141906 | Zig:15   | Identified the +11 short sword of Doxop {flame, rPois rCorr
                  | Str+6 Int-4}
141908 | Zig:15   | Got Wiotop's Folio of the Jolly Seers
141914 | Zig:15   | Identified the +1 pair of gloves of Zyinanis {-Tele Rampage
                  | rCorr Int+6}
141920 | Zig:15   | Identified the +4 arbalest of Girph {elec, +Blink Str+4}
141929 | Zig:15   | Identified the +1 pair of boots "Baud" {rPois Str+3}
141947 | Zig:16   | Entered Level 16 of a ziggurat
141958 | Zig:16   | Reached skill level 14 in Shields
142026 | Zig:16   | Identified the +3 plate armour "Joafel" {rPois Int+4 Slay+3
                  | Stlth+}
142028 | Zig:16   | Acquired 1263 gold pieces
142042 | Zig:16   | Acquired the -2 hat of the Alchemist {rElec rPois rF+ rC+
                  | rN+ Will+ rMut rCorr}
142042 | Zig:16   | Found the -2 hat of the Alchemist {rElec rPois rF+ rC+ rN+
                  | Will+ rMut rCorr}
142055 | Zig:16   | Acquired a manual of Evocations
142056 | Zig:16   | Acquired 994 gold pieces
142061 | Zig:16   | Identified the +7 glaive of Perfectionism {vorpal, Fragile
                  | Str+2 Int+7}
142066 | Zig:17   | Entered Level 17 of a ziggurat
142069 | Zig:17   | Noticed an electric golem
142071 | Zig:17   | Noticed an electric golem
142071 | Zig:17   | Noticed an electric golem
142071 | Zig:17   | Noticed an electric golem
142073 | Zig:17   | Noticed an electric golem
142075 | Zig:17   | Reached skill level 15 in Shields
142075 | Zig:17   | Noticed an electric golem
142077 | Zig:17   | Killed an electric golem
142078 | Zig:17   | Reached skill level 16 in Shields
142078 | Zig:17   | Killed an electric golem
142078 | Zig:17   | Killed an electric golem
142079 | Zig:17   | Killed an electric golem
142079 | Zig:17   | Killed an electric golem
142085 | Zig:17   | Killed an electric golem
142175 | Zig:17   | Identified the +5 scale mail "Nipir" {+Inv Stlth+}
142176 | Zig:17   | Identified +1 pearl dragon scales
142181 | Zig:17   | You pick up a book of Blasting and begin reading...
142192 | Zig:17   | Identified the +6 plate armour of the Turtledove {rC++}
142232 | Zig:18   | Entered Level 18 of a ziggurat
142246 | Zig:18   | Reached skill level 18 in Shields
142249 | Zig:18   | Found the +8 arc blade {discharge, rElec}
142270 | Zig:18   | You pick up a book of the Wilderness and begin reading...
142271 | Zig:18   | Identified the +3 falchion "Saogodom" {holy, +Blink Int+2
                  | SInv}
142272 | Zig:18   | Identified the +9 short sword "Kaczyom" {vorpal, *Slow
                  | Dex+5 Stlth+}
142275 | Zig:18   | You pick up a book of the Warp and begin reading...
142278 | Zig:18   | Identified the ring of Oter {EV+4 Int+8}
142285 | Zig:18   | Identified the +10 war axe "Fiesiumu" {drain, rPois rN+
                  | Will+ Str+2}
142288 | Zig:18   | Identified the ring of Ulinoh {rN+ AC+4}
142292 | Zig:18   | Identified the +4 quarterstaff "Totzaor" {vorpal, Str+3
                  | Int+4 Dex+2}
142294 | Zig:18   | Identified the ring of Hobaresi {Wiz Int+3}
142295 | Zig:18   | Identified the +0 robe of Pyxef {rN++ Str+7 Int-4}
142297 | Zig:18   | You pick up a book of Blasting and begin reading...
142351 | Zig:19   | Entered Level 19 of a ziggurat
142356 | Zig:19   | Noticed an ancient lich
142356 | Zig:19   | Noticed an ancient lich
142357 | Zig:19   | Noticed an ancient lich
142358 | Zig:19   | Noticed an ancient lich
142358 | Zig:19   | Noticed an ancient lich
142360 | Zig:19   | Noticed a dread lich
142361 | Zig:19   | Killed an ancient lich
142361 | Zig:19   | Killed an ancient lich
142361 | Zig:19   | Killed an ancient lich
142361 | Zig:19   | Killed a dread lich
142361 | Zig:19   | Killed an ancient lich
142361 | Zig:19   | Killed an ancient lich
142361 | Zig:19   | Noticed a dread lich
142362 | Zig:19   | Reached skill level 19 in Shields
142362 | Zig:19   | Noticed an ancient lich
142362 | Zig:19   | Noticed an ancient lich
142365 | Zig:19   | Killed an ancient lich
142365 | Zig:19   | Killed a dread lich
142366 | Zig:19   | Reached skill level 20 in Shields
142366 | Zig:19   | Killed an ancient lich
142403 | Zig:19   | Identified the +6 rapier of the Usurping Gods {vorpal,
                  | rPois rC+ Will+}
142404 | Zig:19   | Identified the amulet "Solyit" {Faith rElec rN+++ Will-
                  | Int-5}
142407 | Zig:19   | You pick up a book of Necromancy and begin reading...
142411 | Zig:19   | Reached skill level 21 in Shields
142420 | Zig:19   | Identified the +2 spear "Awnipt" {vorpal, *Rage rElec rPois
                  | Int+4}
142429 | Zig:19   | You pick up a book of Death and begin reading...
142467 | Zig:20   | Entered Level 20 of a ziggurat
142480 | Zig:20   | Noticed a dread lich
142480 | Zig:20   | Noticed an ancient lich
142480 | Zig:20   | Noticed a dread lich
142481 | Zig:20   | Noticed an ancient lich
142481 | Zig:20   | Noticed a dread lich
142481 | Zig:20   | Noticed an ancient lich
142482 | Zig:20   | Noticed an ancient lich
142482 | Zig:20   | Killed a dread lich
142483 | Zig:20   | Reached skill level 22 in Shields
142483 | Zig:20   | Killed a dread lich
142483 | Zig:20   | Identified +0 gold dragon scales
142483 | Zig:20   | Killed an ancient lich
142483 | Zig:20   | Identified +0 gold dragon scales
142483 | Zig:20   | Killed an ancient lich
142484 | Zig:20   | Identified +0 gold dragon scales
142485 | Zig:20   | Killed an ancient lich
142485 | Zig:20   | Killed an ancient lich
142486 | Zig:20   | Reached skill level 23 in Shields
142486 | Zig:20   | Killed a dread lich
142487 | Zig:20   | Found the +4 robe of Folly {Brilliance Will-โˆž Int+8}
142548 | Zig:20   | Identified the +6 hand axe "Pishriom" {vorpal, rF+}
142552 | Zig:20   | Identified the +2 short sword of Incongruity {vorpal, *Slow
                  | Str+6}
142558 | Zig:20   | +0 gold dragon scales {rare}; a golden dragon corpse
142566 | Zig:20   | You pick up a book of the Dragon and begin reading...
142567 | Zig:20   | Identified the amulet "Kugg" {+Blink Fly Regen+}
142569 | Zig:20   | You pick up a book of Necromancy and begin reading...
142572 | Zig:20   | Identified the +5 rapier of Makhleb, Burning {vorpal, Drain
                  | rC+ Str+3 Dex+4}
142591 | Zig:20   | +0 gold dragon scales {rare}; a golden dragon corpse
142613 | Zig:21   | Entered Level 21 of a ziggurat
142628 | Zig:21   | Reached skill level 24 in Shields
142773 | Zig:21   | You pick up a book of Chaos and begin reading...
142799 | Zig:21   | Identified the amulet "Anathupn" {Spirit Rampage MP+9
                  | Stlth+}
142812 | Zig:21   | Identified the +3 rapier of the Mind {vorpal, Str+4 Int+7
                  | Dex-5}
142817 | Zig:21   | Identified the ring of the Komtur {rN+ Int+6}
142850 | Zig:22   | Entered Level 22 of a ziggurat
142865 | Zig:22   | Reached skill level 25 in Shields
142952 | Zig:22   | Identified the +4 chain mail "Lobof" {Str+5}
142957 | Zig:22   | Identified the +6 great mace of Youthful Indiscretion
                  | {vorpal, +Blink rPois rN+ rCorr}
142961 | Zig:22   | Got the Lessons on Unclean Bedrock
142964 | Zig:22   | You pick up a book of Storms and begin reading...
142967 | Zig:22   | Identified the ring of Titeus {*Corrode +Blink rC++ rN+
                  | Int+4}
142975 | Zig:22   | Identified the ring of the Ghostly God {Drain rPois rC+ rN+
                  | SInv}
142977 | Zig:22   | Reached skill level 26 in Shields
142979 | Zig:22   | Identified the +1 ice dragon scales of Cocytus {rF- rC++
                  | rN+ Dex+4}
143016 | Zig:23   | Entered Level 23 of a ziggurat
143031 | Zig:23   | Reached skill level 27 in Shields
143034 | Zig:23   | Identified +0 gold dragon scales
143049 | Zig:23   | Reached skill level 16 in Evocations
143137 | Zig:23   | Identified the ring "Waxzogis" {rC+ Int+6}
143145 | Zig:23   | Identified the +3 battleaxe "Catem" {vorpal, rF+ Will-
                  | Int+3 SInv}
143153 | Zig:23   | Identified the +6 lajatang of Kismet {speed, rPois rN++
                  | Int-3 SInv}
143157 | Zig:23   | Identified the +3 whip of the Lair of Beasts {protect,
                  | rPois rC- Dex+6}
143202 | Zig:24   | Entered Level 24 of a ziggurat
143208 | Zig:24   | Noticed an ancient lich
143210 | Zig:24   | Noticed an ancient lich
143210 | Zig:24   | Noticed an ancient lich
143212 | Zig:24   | Noticed an ancient lich
143212 | Zig:24   | Noticed a curse skull
143212 | Zig:24   | Noticed a dread lich
143213 | Zig:24   | Killed an ancient lich
143213 | Zig:24   | Killed an ancient lich
143213 | Zig:24   | Noticed a curse skull
143213 | Zig:24   | Noticed a curse skull
143214 | Zig:24   | Reached skill level 21 in Throwing
143214 | Zig:24   | Reached skill level 17 in Evocations
143214 | Zig:24   | Noticed a dread lich
143215 | Zig:24   | Killed an ancient lich
143215 | Zig:24   | Killed a curse skull
143216 | Zig:24   | Killed an ancient lich
143216 | Zig:24   | Killed a curse skull
143216 | Zig:24   | Killed a curse skull
143216 | Zig:24   | Killed a dread lich
143216 | Zig:24   | Killed a dread lich
143217 | Zig:24   | Reached skill level 18 in Evocations
143220 | Zig:24   | Reached skill level 22 in Throwing
143409 | Zig:24   | Identified the amulet "Woanen" {RegenMP Harm rPois Str-2
                  | Dex-2}
143415 | Zig:24   | Got the Directory of Pestilent Pyromania
143416 | Zig:24   | Identified the +4 long sword of the Verdant God {vorpal,
                  | rN+ rCorr Int+5}
143418 | Zig:24   | You pick up a book of Lightning and begin reading...
143423 | Zig:24   | Identified the +10 executioner's axe "Lesuihemn" {spect,
                  | Dex+4 SInv}
143424 | Zig:24   | Could not pick up the +10 executioner's axe "Lesuihemn"
                  | {spect, Dex+4 SInv, rare} here; ([A]lways) ignore it?
143425 | Zig:24   | You pick up a book of Spectacle and begin reading...
143429 | Zig:24   | You pick up a book of the Sky and begin reading...
143433 | Zig:24   | Identified the ring of the Sun {rN+ Will+++ Str-2 Int-4
                  | Stlth+}
143434 | Zig:24   | Identified the +9 flail of the Vine {vamp, rPois rC- Int-2
                  | SInv}
143436 | Zig:24   | Got the Secrets of Rotation
143441 | Zig:24   | Identified the +3 falchion of Diuse {elec, rElec rPois}
143452 | Zig:24   | You pick up a book of Minor Magic and begin reading...
143454 | Zig:24   | You pick up a book of Minor Magic and begin reading...
143491 | Zig:25   | Entered Level 25 of a ziggurat
143496 | Zig:25   | Noticed Owkos the pandemonium lord
143496 | Zig:25   | Noticed Bomaan the pandemonium lord
143498 | Zig:25   | Noticed Egiw the pandemonium lord
143501 | Zig:25   | Noticed Gouv the pandemonium lord
143501 | Zig:25   | Noticed Yhot the pandemonium lord
143501 | Zig:25   | Noticed Uqaj the pandemonium lord
143501 | Zig:25   | Noticed Dydycruj the pandemonium lord
143502 | Zig:25   | Killed Yhot the pandemonium lord
143502 | Zig:25   | Noticed Vorcho Dija the pandemonium lord
143502 | Zig:25   | Noticed Hocefat the pandemonium lord
143503 | Zig:25   | Killed Owkos the pandemonium lord
143503 | Zig:25   | Killed Egiw the pandemonium lord
143504 | Zig:25   | Reached skill level 19 in Evocations
143504 | Zig:25   | Killed Uqaj the pandemonium lord
143505 | Zig:25   | Noticed Efete the pandemonium lord
143505 | Zig:25   | Noticed Jysah the pandemonium lord
143505 | Zig:25   | Noticed Fedghohad the pandemonium lord
143505 | Zig:25   | Noticed Caoq the pandemonium lord
143505 | Zig:25   | Killed Gouv the pandemonium lord
143505 | Zig:25   | Killed Dydycruj the pandemonium lord
143506 | Zig:25   | Killed Jysah the pandemonium lord
143506 | Zig:25   | Killed Fedghohad the pandemonium lord
143507 | Zig:25   | Killed Caoq the pandemonium lord
143507 | Zig:25   | Killed Bomaan the pandemonium lord
143508 | Zig:25   | Reached skill level 23 in Throwing
143508 | Zig:25   | Killed Hocefat the pandemonium lord
143508 | Zig:25   | Killed Efete the pandemonium lord
143508 | Zig:25   | Killed Vorcho Dija the pandemonium lord
143508 | Zig:25   | Noticed Fifatt the pandemonium lord
143508 | Zig:25   | Noticed Ezeggira the pandemonium lord
143509 | Zig:25   | Reached skill level 20 in Evocations
143509 | Zig:25   | Noticed Cacsilil the pandemonium lord
143509 | Zig:25   | Noticed Wuto the pandemonium lord
143509 | Zig:25   | Noticed Wuonihasu the pandemonium lord
143509 | Zig:25   | Noticed Hetzieck the pandemonium lord
143512 | Zig:25   | Killed Fifatt the pandemonium lord
143513 | Zig:25   | Killed Hetzieck the pandemonium lord
143513 | Zig:25   | Killed Cacsilil the pandemonium lord
143513 | Zig:25   | Noticed Eruikh the pandemonium lord
143514 | Zig:25   | Killed Wuonihasu the pandemonium lord
143515 | Zig:25   | Reached skill level 21 in Evocations
143515 | Zig:25   | Killed Wuto the pandemonium lord
143516 | Zig:25   | Noticed Licwaat the pandemonium lord
143517 | Zig:25   | Noticed Noj Guam the pandemonium lord
143518 | Zig:25   | Noticed Gebetip the pandemonium lord
143518 | Zig:25   | Killed Ezeggira the pandemonium lord
143518 | Zig:25   | Noticed Baseol the pandemonium lord
143519 | Zig:25   | Killed Noj Guam the pandemonium lord
143520 | Zig:25   | Killed Gebetip the pandemonium lord
143521 | Zig:25   | Killed Eruikh the pandemonium lord
143521 | Zig:25   | Killed Licwaat the pandemonium lord
143521 | Zig:25   | Gained mutation: You are very clumsy. (Dex -4) [mutagenic
                  | glow]
143522 | Zig:25   | Reached skill level 24 in Throwing
143525 | Zig:25   | Killed Baseol the pandemonium lord
143529 | Zig:25   | Gained mutation: You occasionally shout uncontrollably at
                  | your foes. [mutagenic glow]
143652 | Zig:25   | Identified the +4 arbalest of Drought {flame, rC+ rCorr
                  | Str-2}
143660 | Zig:25   | Identified the ring of Piarcheong {rC+ MP+9 EV+4 Str+4}
143667 | Zig:25   | Identified the +2 scale mail "Rezon" {Fly rN+}
143673 | Zig:25   | You pick up a book of Burglary and begin reading...
143674 | Zig:25   | Identified the ring of Nihexao {Fly rF- rN+ Str+4 SInv}
143730 | Zig:26   | Entered Level 26 of a ziggurat
143748 | Zig:26   | Reached skill level 22 in Evocations
143750 | Zig:26   | Reached skill level 25 in Throwing
143751 | Zig:26   | Noticed an ancient lich
143754 | Zig:26   | Killed an ancient lich
143755 | Zig:26   | Reached skill level 23 in Evocations
143758 | Zig:26   | Found the +5 glaive of the Guard {elec, spectral, AC+5}
143759 | Zig:26   | Found the +8 whip "Snakebite" {venom, curare, rPois}
143858 | Zig:26   | Identified the +0 pair of gloves of Tueji {rPois Str-5
                  | Int+7}
143878 | Zig:26   | You pick up a book of Air and begin reading...
143881 | Zig:26   | Identified the ring of Fallacy {rN+ Str+2 Int+2 Dex-2
                  | Slay+5 SInv}
143890 | Zig:26   | Got the Directory of Elliptic Hexing
143894 | Zig:26   | You pick up a book of Unlife and begin reading...
143897 | Zig:26   | You pick up a book of Chaos and begin reading...
143898 | Zig:26   | Identified the ring of Contentment {Will+ Str+2 Slay+2}
143946 | Zig:27   | Entered Level 27 of a ziggurat
143951 | Zig:27   | Noticed a curse skull
143954 | Zig:27   | Noticed a dread lich
143959 | Zig:27   | Noticed a curse skull
143960 | Zig:27   | Noticed an ancient lich
143960 | Zig:27   | Noticed a curse skull
143962 | Zig:27   | Killed a dread lich
143962 | Zig:27   | Killed a curse skull
143962 | Zig:27   | Killed an ancient lich
143962 | Zig:27   | Noticed a dread lich
143963 | Zig:27   | Reached skill level 26 in Throwing
143963 | Zig:27   | Noticed an ancient lich
143964 | Zig:27   | Noticed a dread lich
143964 | Zig:27   | Noticed a dread lich
143964 | Zig:27   | Noticed an ancient lich
143964 | Zig:27   | Noticed a dread lich
143966 | Zig:27   | Killed a curse skull
143966 | Zig:27   | Killed an ancient lich
143966 | Zig:27   | Noticed a curse skull
143967 | Zig:27   | Killed a dread lich
143967 | Zig:27   | Killed a dread lich
143967 | Zig:27   | Killed a curse skull
143967 | Zig:27   | Killed a dread lich
143967 | Zig:27   | Killed a curse skull
143967 | Zig:27   | Noticed a curse skull
143968 | Zig:27   | Killed an ancient lich
143968 | Zig:27   | Killed a curse skull
143969 | Zig:27   | Reached skill level 24 in Evocations
143969 | Zig:27   | Noticed an ancient lich
143970 | Zig:27   | Noticed an ancient lich
143972 | Zig:27   | Killed an ancient lich
143973 | Zig:27   | Reached skill level 27 in Throwing
143973 | Zig:27   | Killed a dread lich
143975 | Zig:27   | Killed an ancient lich
143979 | Zig:27   | Found the ring of the Octopus King
144090 | Zig:27   | Got the Parchment of the Sinister Oath
144096 | Zig:27   | You pick up a book of Scorching and begin reading...
144106 | Zig:27   | Identified a ring of the Octopus King {HP+2 MP+9 AC+2 EV+2
                  | SH+2}
144120 | Zig:27   | Reached skill level 25 in Evocations
144122 | Zig:27   | Identified the +1 plate armour "Iwyfu" {rC+ Regen+ Str-5}
144129 | Zig:27   | You pick up a book of Dreams and begin reading...
144136 | Zig:27   | Identified the amulet "Miqenuk" {Regen+ Int+2}
144141 | Zig:27   | Identified the +9 glaive of Afinavewi {vorpal, rC+ Dex+5}
144594 | Tomb:1   | Entered Level 1 of the Tomb of the Ancients
144812 | Tomb:1   | Noticed a royal mummy
144813 | Tomb:1   | Reached skill level 15 in Staves
144819 | Tomb:1   | Killed a royal mummy
144984 | Tomb:1   | You pick up a book of Callings and begin reading...
145037 | Tomb:1   | Identified the +0 robe of the Morning {Fly rCorr Str+4}
145253 | Tomb:1   | Reached skill level 16 in Staves
145258 | Tomb:1   | Noticed a royal mummy
145262 | Tomb:1   | Killed a royal mummy
145572 | Tomb:1   | Reached skill level 17 in Staves
145612 | Tomb:1   | Noticed a royal mummy
145616 | Tomb:1   | Killed a royal mummy
145616 | Tomb:1   | Noticed a royal mummy
145627 | Tomb:1   | Noticed a royal mummy
145629 | Tomb:1   | Killed a royal mummy
145630 | Tomb:1   | Killed a royal mummy
145728 | Tomb:1   | Reached skill level 18 in Staves
145774 | Tomb:1   | Noticed a royal mummy
145781 | Tomb:1   | Killed a royal mummy
145850 | Tomb:1   | Noticed a royal mummy
145857 | Tomb:1   | Killed a royal mummy
145961 | Tomb:1   | Noticed a royal mummy
145962 | Tomb:1   | Noticed a royal mummy
145966 | Tomb:1   | Killed a royal mummy
145968 | Tomb:1   | Noticed a royal mummy
145970 | Tomb:1   | Killed a royal mummy
145973 | Tomb:1   | Killed a royal mummy
145974 | Tomb:1   | Reached skill level 19 in Staves
145974 | Tomb:1   | Noticed a royal mummy
145983 | Tomb:1   | Killed a royal mummy
146276 | Tomb:1   | Noticed a royal mummy
146282 | Tomb:1   | Killed a royal mummy
146367 | Tomb:1   | Noticed a royal mummy
146377 | Tomb:1   | Killed a royal mummy
146578 | Tomb:2   | Reached skill level 20 in Staves
146741 | Tomb:2   | Noticed a royal mummy
146743 | Tomb:2   | Noticed a royal mummy
146744 | Tomb:2   | Killed a royal mummy
146753 | Tomb:2   | Noticed a royal mummy
146756 | Tomb:2   | Killed a royal mummy
146761 | Tomb:2   | Killed a royal mummy
146813 | Tomb:2   | Noticed a royal mummy
146823 | Tomb:2   | Killed a royal mummy
147106 | Tomb:2   | Reached skill level 21 in Staves
147474 | Tomb:3   | Entered Level 3 of the Tomb of the Ancients
147488 | Tomb:3   | Noticed a royal mummy
147488 | Tomb:3   | Noticed a royal mummy
147488 | Tomb:3   | Noticed a royal mummy
147489 | Tomb:3   | Reached skill level 22 in Staves
147489 | Tomb:3   | Noticed a royal mummy
147489 | Tomb:3   | Noticed a royal mummy
147490 | Tomb:3   | Killed a royal mummy
147490 | Tomb:3   | Noticed a royal mummy
147491 | Tomb:3   | Killed a royal mummy
147491 | Tomb:3   | Killed a royal mummy
147491 | Tomb:3   | Killed a royal mummy
147492 | Tomb:3   | Killed a royal mummy
147493 | Tomb:3   | Noticed a royal mummy
147495 | Tomb:3   | Killed a royal mummy
147496 | Tomb:3   | Noticed a royal mummy
147498 | Tomb:3   | Reached skill level 23 in Staves
147500 | Tomb:3   | Killed a royal mummy
147500 | Tomb:3   | Killed a royal mummy
147500 | Tomb:3   | Noticed a royal mummy
147507 | Tomb:3   | Killed a royal mummy
147935 | Tomb:3   | Got the Quarto of the Lungs and Stones
147941 | Tomb:3   | Identified the ring of Daig {Ice rPois Dex+4 SInv}
147943 | Tomb:3   | You pick up a book of Lightning and begin reading...
147945 | Tomb:3   | Identified the +8 trident of Dissolution {vorpal, Str+5
                  | Int+5 Dex-2}
147967 | Tomb:3   | You pick up a book of Dreams and begin reading...
147968 | Tomb:3   | Identified the +9 triple crossbow of the Dowdy God {penet,
                  | *Slow Fly rElec Will+++}
147989 | Tomb:3   | Identified the +6 eveningstar of Hacking and Slashing
                  | {spect, rF++}
148023 | Tomb:3   | Got a golden rune of Zot
148660 | Depths:4 | the +6 spear of the Living Dead {vorpal, rPois rN+ Dex+2
                  | Stlth+}; quicksilver dragon scales {rare}
148812 | Zot:5    | Reached skill level 24 in Staves
148834 | Zot:5    | Noticed an ancient lich
148838 | Zot:5    | Killed an ancient lich
148978 | Zot:5    | +0 storm dragon scales {rare}; a storm dragon corpse
148986 | Zot:5    | Noticed a dread lich
148987 | Zot:5    | Killed a dread lich
149068 | Zot:5    | Noticed an ancient lich
149073 | Zot:5    | Noticed an ancient lich
149074 | Zot:5    | Killed an ancient lich
149075 | Zot:5    | Killed an ancient lich
149085 | Zot:5    | Identified +0 gold dragon scales
149102 | Zot:5    | Noticed an orb of fire
149107 | Zot:5    | Killed an orb of fire
149165 | Zot:5    | Noticed an electric golem
149174 | Zot:5    | Noticed a dread lich
149179 | Zot:5    | Killed an electric golem
149179 | Zot:5    | Killed a dread lich
149180 | Zot:5    | Reached skill level 25 in Staves
149188 | Zot:5    | Noticed an ancient lich
149192 | Zot:5    | Killed an ancient lich
149201 | Zot:5    | Noticed a juggernaut
149201 | Zot:5    | a Killer Klown changed into a juggernaut
149329 | Zot:5    | Killed a juggernaut
149372 | Zot:5    | +0 gold dragon scales {rare}; a golden dragon skeleton
149373 | Zot:5    | +0 storm dragon scales {rare}; a storm dragon skeleton
149448 | Zot:5    | Noticed an orb of fire
149454 | Zot:5    | Killed an orb of fire
149530 | Zot:5    | Noticed an ancient lich
149535 | Zot:5    | Killed an ancient lich
149635 | Zot:5    | You pick up a book of the Sky and begin reading...
149734 | Zot:5    | Noticed an orb of fire
149740 | Zot:5    | Killed an orb of fire
149741 | Zot:5    | Reached skill level 26 in Staves
149883 | Zot:5    | Noticed an electric golem
149893 | Zot:5    | Killed an electric golem
150047 | Zot:5    | Got the Orb of Zot
150053 | Zot:5    | Noticed Hyryud the pandemonium lord
150065 | Zot:5    | Killed Hyryud the pandemonium lord
150669 | D:$      | Escaped with the Orb!

Vanquished Creatures
  Cerebov (Pan)
  Antaeus (Coc:7)
  Asmodeus (Geh:7)
  the Royal Jelly (Slime:5)
  Dissolution (Slime:3)
  Ignacio (Pan)
  Ereshkigal (Tar:7)
  Gloorx Vloq (Pan)
  Mnoleg (Pan)
  the Serpent of Hell (Tar:7)
  Lom Lobon (Pan)
  6 orbs of fire
  Dispater (Dis:7)
  19 dread liches
  Khufu (Crypt:2)
  The ghost of Rueful the Heavyweight Champion, a legendary TrWr of Qazlal (Zig:21)
  Mara (Vaults:2)
  Mennas (Crypt:3)
  The ghost of frimble the Slayer, a legendary DsEE of Cheibriados (Zig:21)
  37 ancient liches
  The ghost of Jeklifit the Conqueror, a legendary FoFi of the Shining One (Zig:21)
  The ghost of Seshin the Minotaur Barricade, a legendary MiBe of Trog (Zot:3)
  13 juggernauts
  The ghost of Micuom the Luminary of Lethal Lore, a legendary GnCj of Vehumet (Zig:21)
  32 royal mummies
  The ghost of Xocw the Executioner, a legendary GrMo of the Shining One (Zig:21)
  Josephina (Crypt:1)
  11 Killer Klowns
  Sojobo (Crypt:1)
  The ghost of Evehuixoju the Rapturous, a legendary VSFi of Uskayaw (Zig:21)
  Margery (Crypt:3)
  Vv (Crypt:3)
  8 shard shrikes
  The ghost of WeeknightWizard the Sorcerer, a veteran DEFE of Vehumet (Zig:21)
  Bai Suzhen (Depths:1)
  4 curse toes
  Geryon (Hell)
  Xtahua (Depths:3)
  Saint Roka (Orc:2)
  17 caustic shrikes
  The ghost of EricTams the Hoplite, a veteran MiBe of Trog (Zig:21)
  Nikola (Elf:3)
  46 golden dragons
  the Enchantress (Depths:4)
  12 profane servitors
  38 pandemonium lords
  31 bone dragons
  14 electric golems
  21 hellephants
  20 Tzitzimimeh
  30 Brimstone Fiends
  10 doom hounds
  9 iron giants
  Zenata (Vaults:4)
  18 Hell Sentinels
  36 tentacled monstrosities
  29 Orb Guardians
  12 tainted leviathans
  21 deep elf blademasters
  41 Ice Fiends
  37 titans
  25 liches
  A quicksilver dragon (shapeshifter) (Zig:25)
  2 walking frostbound tomes
  45 searing wretches
  A moon troll (WizLab)
  38 deep elf master archers
  48 acid blobs
  14 death cobs
  8 quicksilver dragons
  4 krakens
  45 Executioners
  19 sphinxes
  2 thorn hunters
  Gastronok (Lair:3)
  27 tentacled starspawn
  Kirke (D:14)
  81 ancient champions
  17 shadow dragons
  32 revenants
  15 tengu reavers
  6 draconian monks
  33 azure jellies
  15 rockslimes
  6 demonspawn warmongers
  11 draconian knights
  16 storm dragons
  9 nagarajas
  A fire giant (shapeshifter) (Zig:25)
  2 azure jellies (shapeshifter)
  3 fenstrider witches
  The ghost of Ryruocesk the Eclecticist, an adept DEFE of Vehumet (D:15)
  35 fire giants
  11 draconian scorchers
  A frost giant (shapeshifter) (Zig:25)
  Louise (D:14)
  6 iron dragons
  13 quicksilver elementals
  18 narguns
  6 emperor scorpions
  9 orc warlords
  A juggernaut zombie (Depths:4)
  10 deep elf sorcerers
  22 frost giants
  12 shard shrike simulacra
  A spectral juggernaut (Tar:7)
  11 draconian shifters
  20 quicksilver oozes
  A spectral caustic shrike (Tar:1)
  4 deep elf elementalists (Elf:3)
  70 balrugs
  9 draconian annihilators
  8 ghouls
  2 angels
  17 curse skulls
  31 cacodemons
  2 broodmothers
  20 vault wardens
  6 draconian stormcallers
  22 ghost moths
  44 very ugly things
  Aizul (Depths:1)
  11 demonspawn blood saints
  24 war gargoyles
  35 reapers
  34 stone giants
  24 ironbound preservers
  An ophan (Zig:2)
  4 spriggan defenders (Depths:4)
  7 demonspawn corrupters
  12 bennus
  An apis (Zig:2)
  2 caustic shrike skeletons
  37 vampire knights
  14 green draconians
  The ghost of Steak the Severer, a journeyman MiBe of Trog (Shoals:1)
  20 lorocyprocas
  8 ironbound thunderhulks
  20 elemental wellsprings
  17 demonspawn black suns
  11 black draconians
  26 deep elf demonologists
  9 white draconians
  18 putrid mouths
  12 bunyips
  29 wendigos
  5 dire elephants
  10 eleionomae
  31 deep elf annihilators
  13 yellow draconians
  2 dire elephants (shapeshifter) (Zig:25)
  21 red draconians
  22 spark wasps
  15 purple draconians
  11 entropy weavers
  A minotaur (Gauntlet)
  35 eidola
  20 deep elf death magi
  16 merfolk impalers
  47 blizzard demons
  A crystal guardian (Vaults:2)
  24 merfolk javelineers
  17 ettins
  24 mummy priests
  11 jiangshi
  11 iron golems
  2 quicksilver dragon zombies
  14 fire dragons
  23 deep elf high priests
  2 spectral quicksilver dragons
  16 shambling mangroves
  31 great orbs of eyes
  61 green deaths
  A spectral spriggan (Tar:5)
  11 rakshasas
  16 ice dragons
  9 hell beasts
  7 boulder beetles
  2 spriggan zombies
  Harold (Lair:2)
  25 salamander tyrants
  28 yaktaur captains
  16 caustic shrike simulacra
  2 ogre magi
  33 vault guards
  A jorogumo (shapeshifter) (Zig:11)
  5 merfolk avatars
  11 spriggan air magi
  5 alligator snapping turtles
  2 peacekeepers
  12 ghost crabs
  9 two-headed ogres
  A fenstrider witch zombie (Crypt:2)
  9 stokers
  8 juggernaut simulacra
  An anaconda (shapeshifter) (Zig:11)
  19 centaur warriors
  4 death knights
  38 hydras
  2 jorogumos
  2 anacondas (Zig:12)
  2 radroaches (shapeshifter)
  2 catoblepae
  15 merfolk aquamancers
  10 tengu warriors
  9 ironbound frosthearts
  77 dancing weapons
  A satyr (shapeshifter) (Zig:20)
  15 alligators
  4 radroaches
  A spectral stone giant (Tar:3)
  2 deep troll shamans
  11 satyrs
  7 naga warriors
  69 death scarabs
  8 deep troll earth magi
  20 orc high priests
  A spectral naga (Tar:6)
  Urug (Orc:1)
  13 naga sharpshooters
  39 hell hogs
  31 vampire magi
  13 shock serpents
  5 spriggan berserkers
  8 thrashing horrors
  35 deep elf knights
  8 hell knights
  114 sun demons
  2 titan skeletons
  A fire crab (Zig:9)
  2 fire crabs (shapeshifter)
  17 wretched stars
  6 goliath frogs
  A salamander mystic (Zig:12)
  31 shadow wraiths
  8 crystal echidnas
  82 soul eaters
  11 iron trolls
  30 sixfirhies
  2 spatial maelstroms (Zig:25)
  Amaemon (D:11)
  A cherub (Zig:2)
  35 skeletal warriors
  5 steelbarb worms
  13 pharaoh ants
  A sun moth (Spider:2)
  A naga ritualist (Zig:12)
  A bunyip zombie (Crypt:2)
  49 deep trolls
  16 flayed ghosts
  32 death drakes
  24 sea snakes
  2 anaconda zombies
  A sea snake (shapeshifter) (Zig:25)
  A steelbarb worm (shapeshifter) (Zig:25)
  3 quicksilver dragon simulacra
  2 swamp dragons (shapeshifter)
  14 spriggan druids
  2 spark wasp zombies
  26 shadow demons
  13 orb spiders
  32 phantasmal warriors
  2 kraken simulacra (Coc:7)
  4 bog bodies
  42 harpies
  13 spriggan simulacra
  28 swamp dragons
  15 glowing orange brains
  4 obsidian statues
  A tengu zombie (Zig:11)
  A fenstrider witch simulacrum (Coc:1)
  3 orange crystal statues
  33 deep elf archers
  16 ironbound convokers
  An iron giant skeleton (Crypt:3)
  A death drake (shapeshifter) (Depths:4)
  21 lindwurms
  4 spectral wolf spiders (Spider:4)
  61 deep elf zephyrmancers
  15 orc knights
  A glowing shapeshifter (Zig:25)
  9 wizards
  24 wolf spiders
  A mana viper (Zig:18)
  11 necromancers
  3 mana vipers (shapeshifter)
  2 glowing orange brains (shapeshifter)
  9 will-o-the-wisps
  54 deep elf pyromancers
  An iron dragon zombie (Tar:7)
  2 shining eyes (shapeshifter)
  A faun (shapeshifter) (Zig:25)
  18 shining eyes
  An anaconda skeleton (Pan)
  22 cyclopes
  An oklob plant (Orc:2)
  18 orc sorcerers
  A spectral ettin (Tar:1)
  41 ugly things
  A cyclops (shapeshifter) (Zig:11)
  27 manticores
  27 fauns
  3 worldbinders
  32 moths of wrath
  2 manticores (shapeshifter)
  An elephant (shapeshifter) (D:13)
  2 stone giant skeletons
  A centaur zombie (Crypt:1)
  4 iron dragon skeletons
  2 guardian serpents (shapeshifter)
  9 apocalypse crabs
  18 merfolk sirens
  4 naga magi (Zig:12)
  2 water nymphs (shapeshifter)
  3 guardian serpents
  12 ice statues
  19 eyes of devastation
  44 orange demons
  7 titan simulacra
  110 smoke demons
  20 water nymphs
  13 elephants
  15 torpor snails
  11 rust devils
  12 black mambas
  A storm dragon simulacrum (Zig:9)
  19 vault sentinels
  3 gargoyles
  12 molten gargoyles (Geh:7)
  2 naga skeletons (Tar:7)
  25 hellions
  An unseen horror (shapeshifter) (Zig:14)
  52 demonic crawlers
  7 unseen horrors (Depths:3)
  A dire elephant skeleton (Tar:7)
  4 spectral redbacks (Spider:4)
  2 kobold demonologists
  15 cane toads
  12 rime drakes
  29 yaktaurs
  8 anaconda simulacra
  10 freezing wraiths
  8 tengu conjurers
  8 centaur skeletons
  4 komodo dragons
  A spark wasp simulacrum (Zig:9)
  2 rime drakes (shapeshifter)
  A yaktaur (shapeshifter) (Zig:24)
  41 tormentors
  2 iron giant simulacra
  9 ancient zymes
  2 bunyip simulacra (Coc:1)
  2 sea snake zombies (Hell)
  15 efreet
  4 red devils (Pan)
  9 ice devils
  A yellow draconian skeleton (Crypt:3)
  A meliai (Zig:8)
  3 bloated husks
  41 hellwings
  A wind drake (shapeshifter) (Depths:1)
  A sea snake skeleton (Hell)
  2 harpy zombies (Crypt:2)
  A silent spectre (Tar:7)
  A golden dragon simulacrum (Coc:7)
  3 hydra zombies
  A spectral harpy (Tar:5)
  A queen bee (D:9)
  57 merfolk
  A spectral culicivora (Spider:4)
  55 guardian mummies
  51 hornets
  2 tyrant leeches (shapeshifter)
  12 wind drakes
  6 harpy skeletons
  21 tarantellas
  A spectral tarantella (Spider:4)
  9 trolls
  10 tyrant leeches
  A hornet (shapeshifter) (Zig:25)
  2 raiju (shapeshifter)
  2 ice dragon zombies
  2 iron dragon simulacra
  2 jumping spider zombies
  3 stone giant simulacra
  A tarantella (shapeshifter) (Depths:3)
  12 dream sheep
  2 dream sheep (shapeshifter)
  7 blink frogs (Lair:3)
  146 slime creatures
  3 tarantella zombies (Spider:4)
  A blink frog (shapeshifter) (Zig:14)
  An alligator zombie (Crypt:2)
  12 raiju
  A frost giant simulacrum (Zig:9)
  A jumping spider (shapeshifter) (Zig:20)
  17 air elementals
  A hydra skeleton (Tomb:1)
  25 jumping spiders
  22 snapping turtles
  17 flying skulls
  4 centaur simulacra
  12 spriggans
  44 starcursed masses
  13 culicivoras
  2 shadows (D:12)
  61 ynoxinuls
  8 wraiths
  2 vampires
  3 culicivoras (shapeshifter)
  31 water elementals
  A basilisk (shapeshifter) (D:13)
  11 ushabtiu
  4 naga simulacra
  7 basilisks
  A yak (shapeshifter) (Elf:1)
  2 black mamba skeletons
  22 wyverns
  9 dire elephant simulacra
  35 yaks
  2 redbacks (shapeshifter)
  5 steam dragons
  A hog (D:14)
  An alligator skeleton (Hell)
  47 fire elementals
  A hog (shapeshifter) (Zig:21)
  40 redbacks
  Grum (D:11)
  51 chaos spawn
  42 neqoxecs
  14 golden eyes
  A human (shapeshifter) (Zig:14)
  7 fire bats (Lair:2)
  11 vampire mosquitoes
  A merfolk zombie (Crypt:2)
  17 harpy simulacra
  108 large abominations
  2 swamp worms (shapeshifter)
  3 nagas
  15 wargs
  2 acid dragons
  7 floating eyes
  A hydra simulacrum (Coc:3)
  17 water moccasins
  A floating eye (shapeshifter) (Elf:2)
  6 small abominations
  3 hell hounds
  A swamp drake (Zig:16)
  A hornet zombie (D:8)
  2 ice beasts
  60 orc warriors
  A swamp drake (shapeshifter) (Zig:25)
  2 black bears
  A sky beast (D:6)
  6 ettin simulacra
  A black mamba simulacrum (Crypt:1)
  A wolf (shapeshifter) (Zig:25)
  8 wolves
  6 boggarts
  13 ogres
  35 centaurs
  25 kobold brigands
  14 bullfrogs
  3 gnoll sergeants
  15 earth elementals
  3 scorpions
  2 necrophages
  8 wights
  31 killer bees
  4 spriggan skeletons
  4 electric eels (D:10)
  3 howler monkeys
  3 lava snakes
  4 crimson imps (D:13)
  2 jellies
  5 hounds
  17 orc priests
  16 orc wizards
  Ijyb (D:3)
  3 iguanas
  2 boggart skeletons
  18 hell rats
  A killer bee zombie (D:8)
  A lightning spire (Zot:4)
  2 ogre skeletons
  60 mummies
  24 gnolls
  10 river rats
  4 adders (D:5)
  A shadow imp (D:6)
  A white imp (Abyss:2)
  3 ufetubi
  4 worms
  2 dart slugs (D:2)
  88 orcs
  A bat zombie (D:9)
  7 endoplasms
  5 giant cockroaches
  6 goblins
  9 hobgoblins
  7 jackals
  40 kobolds
  3 quokkas
  6 ball pythons
  2 bats (D:2)
  A butterfly zombie (Crypt:1)
  A dart slug zombie (Crypt:3)
  5 frilled lizards
  A goblin zombie (Crypt:2)
  A kobold (shapeshifter) (Depths:4)
  An orc skeleton (Crypt:1)
  3 rats
  A block of ice (Pan)
  10 briar patches (Zig:27)
  3 creeping infernos
  23 fire vortices
  2 lurking horrors (Abyss:3)
  4 plants (Zig:13)
  29 starspawn tentacles
  7 tentacles
6821 creatures vanquished.

Vanquished Creatures (collateral kills)
  A hellephant (Zig:13)
  A lich (Zig:13)
  Mlioglotl (Spider:1)
  An acid blob (Slime:5)
  A pandemonium lord (Zig:7)
  A quicksilver dragon (WizLab)
  Frances (Shoals:1)
  A rockslime (Slime:5)
  A ghost moth (Spider:3)
  A demonspawn corrupter (Zig:13)
  A quicksilver ooze (Slime:5)
  A spark wasp (Spider:4)
  A jorogumo (Spider:4)
  A boulder beetle (D:11)
  4 death scarabs (Spider:4)
  2 sun demons (Pan)
  A glowing orange brain (WizLab)
  A lindwurm (Volcano)
  An orc knight (Bailey)
  2 shining eyes (Slime:5)
  2 moths of wrath (Spider:4)
  3 fauns (Shoals:1)
  A manticore (Shoals:1)
  A merfolk siren (Shoals:1)
  4 smoke demons
  A demonic crawler (Spider:4)
  A redback zombie (Spider:4)
  A spectral redback (Spider:4)
  A spectral jumping spider (Spider:4)
  A spectral tarantella (Spider:4)
  2 steam dragons (Volcano)
  A golden eye (WizLab)
  A centaur (D:11)
  2 kobolds (D:8)
47 creatures vanquished.

Vanquished Creatures (others)
  2 pandemonium lords (Zig:25)
  A golden dragon (Zig:16)
  A tentacled monstrosity (Zig:17)
  An Executioner (Pan)
  2 fire giants
  A demonspawn corrupter (Zig:13)
  A shard shrike simulacrum (Coc:7)
  2 war gargoyles
  An eleionoma (Zig:17)
  A deep elf annihilator (Pan)
  A wendigo (Coc:7)
  A green death (Pan)
  A shambling mangrove (Zig:23)
  A caustic shrike simulacrum (Coc:7)
  A rakshasa (Pan)
  A hydra (Zig:23)
  A ghost crab (Zig:23)
  A centaur warrior (Zig:22)
  An alligator (Zig:17)
  A goliath frog (Zig:23)
  2 spriggan simulacra
  2 swamp dragons
  A kraken simulacrum (Coc:7)
  A deep elf pyromancer (Elf:1)
  A titan simulacrum (Crypt:1)
  An apocalypse crab (Zig:25)
  3 smoke demons (Pan)
  3 hellwings (Pan)
  A merfolk (Shoals:4)
  3 hornets
  An air elemental (Zig:21)
  2 water elementals
  A wraith (Crypt:1)
  2 humans (D:14)
  2 chaos spawn (Pan)
  2 harpy simulacra (Coc:7)
  An ettin simulacrum (Coc:7)
  An ogre (D:14)
  A naga simulacrum (Coc:7)
  A jelly zombie (Crypt:1)
  25 ball lightnings
  A briar patch (Zig:27)
  5 creeping infernos
  6 demonic plants (WizLab)
  5 fire vortices
  20 foxfires
  83 fungi
  178 plants
  32 starspawn tentacles
  41 tentacles
  2 withered plants (Zot:3)
453 creatures vanquished.

Grand Total: 7321 creatures vanquished

Table legend:
 A = Non-vault XP
 B = Vault XP
 C = Vault XP percentage of total XP
 D = Non-vault monster count
 E = Vault monster count
 F = Vault count percentage of total count
                 A         B        C        D         E       F
            +---------+---------+-------+---------+---------+-------
      Total | 3823510 | 1900429 |  33.2 |    4763 |    2025 |  29.8
            +---------+---------+-------+---------+---------+-------
        D:1 |      40 |       0 |   0.0 |      17 |       0 |   0.0
        D:2 |      48 |       0 |   0.0 |      23 |       0 |   0.0
        D:3 |     174 |      36 |  17.1 |      24 |       1 |   4.0
        D:4 |      96 |      43 |  30.9 |      13 |       1 |   7.1
        D:5 |     615 |     525 |  46.1 |      24 |      14 |  36.8
        D:6 |    1115 |       0 |   0.0 |      19 |       0 |   0.0
        D:7 |     782 |       0 |   0.0 |      20 |       0 |   0.0
        D:8 |    2241 |     220 |   8.9 |      46 |       7 |  13.2
        D:9 |    1695 |    1742 |  50.7 |      11 |      25 |  69.4
       D:10 |    1818 |    1258 |  40.9 |      14 |       9 |  39.1
       D:11 |    2435 |    2671 |  52.3 |      14 |      12 |  46.2
       D:12 |    6283 |     649 |   9.4 |      22 |       9 |  29.0
       D:13 |    5266 |    3402 |  39.2 |      18 |       8 |  30.8
       D:14 |   10522 |    8755 |  45.4 |      26 |      22 |  45.8
       D:15 |   12048 |    7342 |  37.9 |      27 |      11 |  28.9
     Lair:1 |    4121 |    4329 |  51.2 |      16 |      10 |  38.5
     Lair:2 |    3452 |    1495 |  30.2 |      16 |      11 |  40.7
     Lair:3 |    4103 |    7938 |  65.9 |      19 |      28 |  59.6
     Lair:4 |    8998 |    3385 |  27.3 |      34 |      13 |  27.7
     Lair:5 |    9872 |   17574 |  64.0 |      22 |      54 |  71.1
   Shoals:1 |   16472 |    3393 |  17.1 |      34 |       3 |   8.1
   Shoals:2 |   23371 |     445 |   1.9 |      47 |       1 |   2.1
   Shoals:3 |   12868 |    2268 |  15.0 |      25 |       5 |  16.7
   Shoals:4 |   13124 |   24476 |  65.1 |      21 |      37 |  63.8
   Spider:1 |   11076 |    2695 |  19.6 |      34 |       2 |   5.6
   Spider:2 |   12084 |    8577 |  41.5 |      29 |      16 |  35.6
   Spider:3 |   13753 |     271 |   1.9 |      28 |       1 |   3.4
   Spider:4 |    8357 |   26686 |  76.2 |      18 |      52 |  74.3
    Slime:1 |   12412 |       0 |   0.0 |      21 |       0 |   0.0
    Slime:2 |   22373 |       0 |   0.0 |      36 |       0 |   0.0
    Slime:3 |   14820 |    7609 |  33.9 |      22 |       1 |   4.3
    Slime:4 |    7823 |    2001 |  20.4 |      13 |       4 |  23.5
    Slime:5 |    3443 |   24483 |  87.7 |       5 |      18 |  78.3
      Orc:1 |    1067 |    3665 |  77.5 |      28 |      25 |  47.2
      Orc:2 |    2288 |   12888 |  84.9 |      21 |      38 |  64.4
      Elf:1 |   20602 |    8978 |  30.4 |      41 |      17 |  29.3
      Elf:2 |   11807 |   28241 |  70.5 |      22 |      36 |  62.1
      Elf:3 |   15479 |   40473 |  72.3 |      32 |      44 |  57.9
   Vaults:1 |   17565 |   30924 |  63.8 |      34 |      48 |  58.5
   Vaults:2 |   42946 |   12885 |  23.1 |      58 |      13 |  18.3
   Vaults:3 |   12170 |   29877 |  71.1 |      20 |      38 |  65.5
   Vaults:4 |   10744 |   34985 |  76.5 |      16 |      33 |  67.3
   Vaults:5 |    9567 |   94887 |  90.8 |      12 |      84 |  87.5
    Crypt:1 |   19587 |   10235 |  34.3 |      33 |       8 |  19.5
    Crypt:2 |   39074 |   38444 |  49.6 |      58 |      36 |  38.3
    Crypt:3 |   13490 |   41458 |  75.4 |      22 |      31 |  58.5
     Tomb:1 |    5266 |   78944 |  93.7 |      18 |      54 |  75.0
     Tomb:2 |    8090 |   31459 |  79.5 |      19 |      44 |  69.8
     Tomb:3 |   10768 |   97424 |  90.0 |      23 |      94 |  80.3
   Depths:1 |   16769 |   13503 |  44.6 |      19 |      14 |  42.4
   Depths:2 |   34505 |       0 |   0.0 |      38 |       0 |   0.0
   Depths:3 |   34638 |   32861 |  48.7 |      39 |      34 |  46.6
   Depths:4 |    6009 |   98544 |  94.3 |      12 |     101 |  89.4
       Hell |   14570 |   40836 |  73.7 |      22 |      47 |  68.1
      Dis:2 |   20102 |       0 |   0.0 |      15 |       0 |   0.0
      Dis:3 |    2094 |       0 |   0.0 |       3 |       0 |   0.0
      Dis:4 |    7387 |       0 |   0.0 |       8 |       0 |   0.0
      Dis:5 |    2652 |       0 |   0.0 |       2 |       0 |   0.0
      Dis:6 |   28532 |       0 |   0.0 |      14 |       0 |   0.0
      Dis:7 |       0 |  147197 | 100.0 |       0 |     100 | 100.0
      Geh:1 |   13897 |       0 |   0.0 |      16 |       0 |   0.0
      Geh:2 |   17284 |       0 |   0.0 |      19 |       0 |   0.0
      Geh:3 |   13409 |       0 |   0.0 |       9 |       0 |   0.0
      Geh:4 |   10868 |       0 |   0.0 |       7 |       0 |   0.0
      Geh:5 |    6504 |       0 |   0.0 |       6 |       0 |   0.0
      Geh:6 |    3903 |       0 |   0.0 |       2 |       0 |   0.0
      Geh:7 |   13522 |   89644 |  86.9 |      12 |      73 |  85.9
      Coc:1 |    9862 |       0 |   0.0 |      13 |       0 |   0.0
      Coc:2 |    9082 |       0 |   0.0 |      12 |       0 |   0.0
      Coc:3 |   17326 |       0 |   0.0 |      24 |       0 |   0.0
      Coc:4 |   23418 |       0 |   0.0 |      27 |       0 |   0.0
      Coc:5 |   21558 |       0 |   0.0 |      22 |       0 |   0.0
      Coc:6 |   18773 |       0 |   0.0 |      18 |       0 |   0.0
      Coc:7 |   40603 |  106609 |  72.4 |      47 |      80 |  63.0
      Tar:1 |    1722 |       0 |   0.0 |       2 |       0 |   0.0
      Tar:2 |     768 |       0 |   0.0 |       2 |       0 |   0.0
      Tar:3 |   20647 |       0 |   0.0 |      17 |       0 |   0.0
      Tar:4 |   13021 |       0 |   0.0 |       8 |       0 |   0.0
      Tar:5 |   36870 |       0 |   0.0 |      25 |       0 |   0.0
      Tar:6 |    8320 |       0 |   0.0 |       6 |       0 |   0.0
      Tar:7 |   36188 |   98324 |  73.1 |      24 |      60 |  71.4
      Zot:1 |   37106 |    7177 |  16.2 |      32 |       6 |  15.8
      Zot:2 |   60199 |    4299 |   6.7 |      48 |       4 |   7.7
      Zot:3 |   24077 |    4745 |  16.5 |      22 |       4 |  15.4
      Zot:4 |   28887 |   22015 |  43.2 |      25 |      32 |  56.1
      Zot:5 |   45442 |  105162 |  69.8 |      38 |      42 |  52.5
    Abyss:1 |    4866 |       0 |   0.0 |       7 |       0 |   0.0
    Abyss:2 |    1800 |       0 |   0.0 |       4 |       0 |   0.0
    Abyss:3 |   28325 |    7068 |  20.0 |      56 |       9 |  13.8
        Pan |  528284 |  297891 |  36.1 |     801 |     283 |  26.1
      Zig:1 |    2840 |       0 |   0.0 |       4 |       0 |   0.0
      Zig:2 |    4316 |       0 |   0.0 |       8 |       0 |   0.0
      Zig:3 |    8070 |       0 |   0.0 |       9 |       0 |   0.0
      Zig:4 |   14647 |       0 |   0.0 |      13 |       0 |   0.0
      Zig:5 |   16127 |       0 |   0.0 |      12 |       0 |   0.0
      Zig:6 |   18091 |       0 |   0.0 |      29 |       0 |   0.0
      Zig:7 |   23014 |    2014 |   8.0 |      24 |       4 |  14.3
      Zig:8 |   27523 |       0 |   0.0 |      38 |       0 |   0.0
      Zig:9 |   30387 |       0 |   0.0 |      30 |       0 |   0.0
     Zig:10 |   38049 |       0 |   0.0 |      35 |       0 |   0.0
     Zig:11 |   49357 |       0 |   0.0 |      62 |       0 |   0.0
     Zig:12 |   47257 |       0 |   0.0 |      54 |       0 |   0.0
     Zig:13 |   58377 |       0 |   0.0 |      57 |       0 |   0.0
     Zig:14 |   53665 |       0 |   0.0 |      70 |       0 |   0.0
     Zig:15 |   76016 |    2307 |   2.9 |      59 |       4 |   6.3
     Zig:16 |   65960 |       0 |   0.0 |      88 |       0 |   0.0
     Zig:17 |   81450 |       0 |   0.0 |      89 |       0 |   0.0
     Zig:18 |   85138 |       0 |   0.0 |     101 |       0 |   0.0
     Zig:19 |  119224 |       0 |   0.0 |      90 |       0 |   0.0
     Zig:20 |  128883 |       0 |   0.0 |     104 |       0 |   0.0
     Zig:21 |  118733 |       0 |   0.0 |     112 |       0 |   0.0
     Zig:22 |  110628 |       0 |   0.0 |     129 |       0 |   0.0
     Zig:23 |  139437 |       0 |   0.0 |     162 |       0 |   0.0
     Zig:24 |  152418 |       0 |   0.0 |     139 |       0 |   0.0
     Zig:25 |  203531 |       0 |   0.0 |     147 |       0 |   0.0
     Zig:26 |  169173 |       0 |   0.0 |     201 |       0 |   0.0
     Zig:27 |  228941 |       0 |   0.0 |     158 |       0 |   0.0
     Bailey |       0 |    2623 | 100.0 |       0 |      29 | 100.0
    Volcano |       0 |    5093 | 100.0 |       0 |      14 | 100.0
     WizLab |       0 |   48448 | 100.0 |       0 |      60 | 100.0
   Gauntlet |     259 |    4034 |  94.0 |       1 |       7 |  87.5
            +---------+---------+-------+---------+---------+-------

Illustrated notes

Table legend:
 A = Kills in this place as a percentage of kills in entire the game.
 B = Kills by you in this place as a percentage of kills by you in the entire game.
 C = Kills by friends in this place as a percentage of kills by friends in the entire game.
 D = Other kills in this place as a percentage of other kills in the entire game.
 E = Experience gained in this place as a percentage of experience gained in the entire game.
 F = Experience gained in this place divided by the number of levels of this place that you have seen.
                   A       B       C       D       E      F
               +-------+-------+-------+-------+-------+----------------------
         Total | 100.0 | 100.0 | 100.0 | 100.0 | 100.0 | 33394.4
       Dungeon |   6.5 |   6.5 |   8.7 |   0.0 |   1.4 | 5230.4
          Lair |   3.3 |   3.3 |   0.0 |   0.0 |   1.1 | 13053.4
        Shoals |   2.5 |   2.5 |  13.0 |   0.0 |   1.7 | 24104.2
   Spider Nest |   2.6 |   2.4 |  32.6 |   2.8 |   1.5 | 20874.8
    Slime Pits |   1.8 |   1.7 |   8.7 |   0.0 |   1.7 | 18992.8
  Orcish Mines |   1.6 |   1.7 |   0.0 |   0.0 |   0.3 | 9954.0
   Elven Halls |   2.8 |   2.9 |   0.0 |   0.0 |   2.2 | 41860.0
        Vaults |   5.2 |   5.3 |   0.0 |   2.8 |   5.2 | 59310.0
         Crypt |   2.8 |   2.8 |   0.0 |   5.6 |   2.8 | 54096.0
          Tomb |   3.7 |   3.8 |   0.0 |   0.0 |   4.0 | 77317.0
        Depths |   3.8 |   3.8 |   0.0 |   2.8 |   4.1 | 59488.0
          Hell |   1.0 |   1.0 |   0.0 |   0.0 |   1.0 | 55406.0
           Dis |   2.1 |   2.1 |   0.0 |   2.8 |   3.6 | 29709.1
       Gehenna |   2.1 |   2.1 |   0.0 |   2.8 |   2.9 | 24147.3
       Cocytus |   3.6 |   3.6 |   0.0 |   5.6 |   4.3 | 35318.7
      Tartarus |   2.1 |   2.1 |   0.0 |   0.0 |   3.8 | 30837.1
           Zot |   3.8 |   3.9 |   0.0 |   0.0 |   6.1 | 70250.2
         Abyss |   1.1 |   1.1 |   0.0 |   0.0 |   0.7 | 8411.8
   Pandemonium |  15.9 |  15.9 |   6.5 |  27.8 |  14.4 | 41308.8
      Ziggurat |  29.9 |  29.9 |  13.0 |  47.2 |  36.1 | 38436.5
        Bailey |   0.4 |   0.4 |   2.2 |   0.0 |   0.0 | 2623.0
       Volcano |   0.2 |   0.1 |   8.7 |   0.0 |   0.1 | 5093.0
        Wizlab |   0.9 |   0.8 |   6.5 |   0.0 |   0.8 | 48448.0
      Gauntlet |   0.1 |   0.1 |   0.0 |   0.0 |   0.1 | 4293.0
               +-------+-------+-------+-------+-------+----------------------

Table legend: (Time is in decaauts)
 A = Elapsed time spent in this place.
 B = Non-inter-level travel time spent in this place.
 C = Inter-level travel time spent in this place.
 D = Time resting spent in this place.
 E = Time spent auto-exploring this place.
 F = Levels seen in this place.
 G = Mean time per level.
                   A        B        C        D        E       F      G
               +--------+--------+--------+--------+--------+-----+--------+
         Total | 178822 | 168499 |  10323 |  30289 |  97401 | 172 | 1039.7 |
       Dungeon |  24961 |  21865 |   3096 |   2421 |  16275 |  15 | 1664.1 |
        Temple |     54 |     42 |     12 |      0 |     20 |   1 |   54.0 |
          Lair |  11579 |  10470 |   1109 |   2230 |   6269 |   5 | 2315.8 |
        Shoals |  11169 |  10755 |    414 |   2882 |   4799 |   4 | 2792.2 |
   Spider Nest |   9592 |   9341 |    251 |   2798 |   4394 |   4 | 2398.0 |
    Slime Pits |   4694 |   4441 |    253 |   1038 |   2743 |   5 |  938.8 |
  Orcish Mines |   4726 |   4227 |    499 |   1560 |   1835 |   2 | 2363.0 |
   Elven Halls |   7046 |   6497 |    549 |    855 |   4081 |   3 | 2348.7 |
        Vaults |  16192 |  14840 |   1352 |   4407 |   7861 |   5 | 3238.4 |
         Crypt |   6244 |   5807 |    437 |    719 |   3861 |   3 | 2081.3 |
          Tomb |   3719 |   3524 |    195 |    756 |   2011 |   3 | 1239.7 |
        Depths |  10661 |   9432 |   1229 |   2571 |   5313 |   4 | 2665.2 |
          Hell |   1230 |   1073 |    157 |      0 |    577 |   1 | 1230.0 |
           Dis |   3996 |   3782 |    214 |    771 |   2002 |   7 |  570.9 |
       Gehenna |   3222 |   3173 |     49 |    402 |   1659 |   7 |  460.3 |
       Cocytus |   3158 |   3085 |     73 |    438 |   1565 |   7 |  451.1 |
      Tartarus |   3860 |   3737 |    123 |    930 |   1961 |   7 |  551.4 |
           Zot |  10157 |   9853 |    304 |   1963 |   6163 |   5 | 2031.4 |
         Abyss |    825 |    825 |      0 |      0 |    203 |   5 |  165.0 |
   Pandemonium |  27013 |  27013 |      0 |   2001 |  15614 |  20 | 1350.7 |
      Ziggurat |  10126 |  10126 |      0 |    668 |   5686 |  54 |  187.5 |
        Bazaar |    112 |    112 |      0 |      0 |      0 |   1 |  112.0 |
        Bailey |    629 |    629 |      0 |     31 |    510 |   1 |  629.0 |
       Volcano |    578 |    578 |      0 |    156 |    185 |   1 |  578.0 |
        Wizlab |   2486 |   2486 |      0 |    406 |   1441 |   1 | 2486.0 |
      Gauntlet |    782 |    782 |      0 |    279 |    366 |   1 |  782.0 |
               +--------+--------+--------+--------+--------+-----+--------+

Top non-repeatable levels by time:
Vaults:2: 4646 daAuts
Depths:4: 4111 daAuts
Vaults:4: 3873 daAuts
Shoals:2: 3439 daAuts
   Dis:7: 3140 daAuts
Vaults:1: 3067 daAuts
   Elf:3: 3009 daAuts
Spider:4: 2877 daAuts
Shoals:4: 2839 daAuts
  Lair:4: 2837 daAuts
Shoals:3: 2775 daAuts
  Lair:5: 2702 daAuts
Depths:3: 2681 daAuts
   Tar:7: 2542 daAuts
Spider:3: 2496 daAuts
